Workbook
Name __FDS_UNIQUE_RANGE_ID_GENERATOR_COUNTER: 27
Name __FDS_USED_FOR_REUSING_RANGE_IDS_RECYCLE: {15,8,14,7,13,6,12,5,11,4,10,3,9,2,1,16}
Name __for1991: [1]Lookups!#REF!
Name __for1992: [1]Lookups!#REF!
Name __for1993: [1]Lookups!#REF!
Name __for1994: [1]Lookups!#REF!
Name __for1995: [1]Lookups!#REF!
Name __QTR1: "4Q, 1999"
Name __Top40: [2]Lookups!$B$3:$C$132
Name _1: #REF!
Name _1_0EBITDA_Sh: [3]NOPAT_VDF!#REF!
Name _10_._0Restructuring_char: '[3]Invested capital_VDF'!#REF!
Name _10_0NOPAT_Sh: [3]NOPAT_VDF!#REF!
Name _10NOPAT_Sh: [3]NOPAT_VDF!#REF!
Name _11_._0SGA_gro: [3]NOPAT_VDF!#REF!
Name _11_0Purch: [4]MERGER!#REF!
Name _11EBITDA_Sh: [3]NOPAT_VDF!#REF!
Name _12_._0SGA_gro: [3]NOPAT_VDF!#REF!
Name _12_0Purch: [4]MERGER!#REF!
Name _12NOPAT_Sh: [3]NOPAT_VDF!#REF!
Name _13_._0Shares_repurchase_liabil: '[3]Invested capital_VDF'!#REF!
Name _13_0Purch: [4]MERGER!#REF!
Name _14_._0Shares_repurchase_liabil: '[3]Invested capital_VDF'!#REF!
Name _14_0Purch: [4]MERGER!#REF!
Name _15_0.CHA: '[5]Chart 2'!#REF!,'[5]Chart 2'!$A$1:$P$10
Name _15_0Purch: [4]MERGER!#REF!
Name _16_0.CHA: '[5]Chart 2'!#REF!,'[5]Chart 2'!$A$1:$P$10
Name _16_0Purch: [4]MERGER!#REF!
Name _17_0_for1: [6]Lookups!#REF!
Name _17_0Purch: [4]MERGER!#REF!
Name _18_0_for1: [7]Lookups!#REF!
Name _18_0Purch: [4]MERGER!#REF!
Name _18Purch: [4]MERGER!#REF!
Name _19_._0Gross_inc_gro: [3]NOPAT_VDF!#REF!
Name _19_0_GT10Mfo: [6]Lookups!#REF!
Name _19_0Purch: [4]MERGER!#REF!
Name _1994: #REF!
Name _1995: #REF!
Name _1996: #REF!
Name _1997: #REF!
Name _1998: #REF!
Name _1999: #REF!
Name _1Q94: #REF!
Name _1Q95: #REF!
Name _2: #REF!
Name _2_0EBITDA_Sh: [3]NOPAT_VDF!#REF!
Name _20_._0Gross_inc_gro: [3]NOPAT_VDF!#REF!
Name _20_0_GT10Mfo: [7]Lookups!#REF!
Name _20_0Purch: [4]MERGER!#REF!
Name _2000ADJ_FV_EBITDA: [8]Summary!#REF!
Name _2000ADJ_FV_SALES: [8]Summary!#REF!
Name _2000CFPS_ADJ: #REF!
Name _2000EBITDA_ADJ: [8]Summary!#REF!
Name _2000SALES_ADJ: [8]Summary!#REF!
Name _2000TAX_RATE: #REF!
Name _2001ADJ_FV_EBITDA: [8]Summary!#REF!
Name _2001ADJ_FV_EBITDA_eu: '[8](e)Summary'!#REF!
Name _2001ADJ_FV_SALES: [8]Summary!#REF!
Name _2001ADJ_FV_SALES_eu: '[8](e)Summary'!#REF!
Name _2001Avg_Market_Cap_eu: '[8](e)Summary'!$N$5

Sheet Financial One Pager
O1: Base case | T1: Bear case
K2: EBITDA margin | P2: 0.21 | R2: =+P2 -> 0.21 | U2: 0.2 | W2: =+U2 -> 0.2
K3: Capex % rev | P3: 0.04 | R3: =+P3 -> 0.04 | U3: 0.05 | W3: =+U3 -> 0.05
I8: SiriusXM | J8: SiriusXM | O8: Recommendation: | Y8: Issuer Public Ratings: | AB8: =TODAY() -> 46283
D9: Shraddha Deshmukh | I9: {Sector-Subsector} | J9: Communication Services | O9: MP, with a positive/deleveraging bias | Y9: Moody’s: Ba3 | Fitch: NR | S&P: BB+
O11: Base Case | T11: Bear Case | AD11: xEBITDA
C12: Financials ($ m) | G12: 2018Y | H12: 2019Y | I12: 2020Y | J12: 2023Y | K12: 2024Y | L12: 2025Y | M12: LTM | O12: 2026E | P12: 2027E | Q12: 2028E | R12: 2027E | T12: 2026E | U12: 2027E | V12: 2028E | W12: =+R12 -> 2027E | Y12: Capitalization ($mm) | Z12: Interest Rate | AA12: Maturity | AC12: =+M12 -> LTM
G13: 43330 | W13: 46617 | Y13: Convertible Senior Notes | Z13: 0.0375 | AA13: 46827 | AC13: 597 | AD13: 0.22x | AK13: Instrument | AL13: Interest rate | AM13: Maturity | AN13: LTM amount ($mm) | AO13: x EBITDA
C14: Operating Summary | Y14: Delayed Draw Incremental Term Loan | Z14: SOFR + applicable margin | AA14: 46639 | AC14: 386 | AD14: 0.14x | AK14: Convertible Senior Notes | AL14: 0.0375 | AM14: 3/15/2028 | AN14: 597 | AO14: 0.22x
C15: SiriusXM | W15: =[129]Workings!X24-[129]Workings!J143 -> 110714.94 | Y15: Senior Secured Revolver | Z15: SOFR + applicable margin | AA15: 47726 | AC15: 70 | AD15: 0.03x | AK15: Delayed Draw Incremental Term Loan | AL15: SOFR + applicable margin | AM15: 46639 | AN15: 386 | AO15: 0.14x
C16: Subscriber revenue | J16: =6342 -> 6342 | K16: =6076 -> 6076 | L16: =5960 -> 5960 | M16: =1483-1470+L16 -> 5973 | O16: ='Base Case Forecast '!K21 -> 5985.9748 | P16: ='Base Case Forecast '!L21 -> 6020.2276 | Q16: ='Base Case Forecast '!M21 -> 6030.2148 | T16: ='Bear Case Forecast'!K20 -> 5896.2865 | U16: ='Bear Case Forecast'!L20 -> 5881.8062 | V16: ='Bear Case Forecast'!M20 -> 5848.3485 | W16: =[129]Workings!X26 -> 22900.013 | Y16: Senior Notes due 2027 | Z16: 0.05 | AA16: 46600 | AC16: 1248 | AD16: 0.46x | AK16: Senior Secured Revolver | AL16: SOFR + applicable margin | AM16: 8/31/2030 | AN16: 70 | AO16: 0.03x
C17: Advertising revenue | J17: =169 -> 169 | K17: =167 -> 167 | L17: =157 -> 157 | M17: =35-39+L17 -> 153 | O17: ='Base Case Forecast '!K22 -> 157 | P17: ='Base Case Forecast '!L22 -> 157 | Q17: ='Base Case Forecast '!M22 -> 157 | T17: ='Bear Case Forecast'!K21 -> 157 | U17: ='Bear Case Forecast'!L21 -> 157 | V17: ='Bear Case Forecast'!M21 -> 157 | W17: =[129]Workings!X28 -> 9018.6037 | Y17: Senior Notes due 2028 | Z17: 0.04 | AA17: 46949 | AC17: 1992 | AD17: 0.74x | AK17: Senior Notes due 2027 | AL17: 0.05 | AM17: 46395 | AN17: 1248 | AO17: 0.46x
C18: Equipment revenue | J18: 193 | K18: 182 | L18: 178 | M18: =41-41+L18 -> 178 | O18: ='Base Case Forecast '!K23 -> 174.08791 | P18: ='Base Case Forecast '!L23 -> 170.2618 | Q18: ='Base Case Forecast '!M23 -> 166.51979 | T18: ='Bear Case Forecast'!K22 -> 174.08791 | U18: ='Bear Case Forecast'!L22 -> 170.2618 | V18: ='Bear Case Forecast'!M22 -> 166.51979 | Y18: Senior Notes due 2029 | Z18: 0.055 | AA18: 47300 | AC18: 1245 | AD18: 0.46x | AK18: Senior Notes due 2028 | AL18: 0.04 | AM18: 7/15/2028 | AN18: 1992 | AO18: 0.74x
C19: Other revenue | J19: 136 | K19: 128 | L19: 122 | M19: =31-31+L19 -> 122 | O19: ='Base Case Forecast '!K24 -> 122 | P19: ='Base Case Forecast '!L24 -> 122 | Q19: ='Base Case Forecast '!M24 -> 122 | T19: ='Bear Case Forecast'!K23 -> 122 | U19: ='Bear Case Forecast'!L23 -> 122 | V19: ='Bear Case Forecast'!M23 -> 122 | Y19: Senior Notes due 2030 | Z19: 0.04125 | AA19: 47665 | AC19: 1492 | AD19: 0.55x | AK19: Senior Notes due 2029 | AL19: 0.055 | AM19: 47125 | AN19: 1245 | AO19: 0.46x
C20: Pandora and Off-platform | Y20: Senior Notes due 2031 | Z20: 0.03875 | AA20: 48092 | AC20: 1490 | AD20: 0.55x | AK20: Senior Notes due 2030 | AL20: 0.04125 | AM20: 47490 | AN20: 1492 | AO20: 0.55x
C21: Subscriber revenue | J21: 524 | K21: 540 | L21: 526 | M21: =129-132+L21 -> 523 | O21: ='Base Case Forecast '!K26 -> 509.59842 | P21: ='Base Case Forecast '!L26 -> 508.95087 | Q21: ='Base Case Forecast '!M26 -> 496.27799 | T21: ='Bear Case Forecast'!K25 -> 509.59862 | U21: ='Bear Case Forecast'!L25 -> 499.72115 | V21: ='Bear Case Forecast'!M25 -> 471.9207 | Y21: Senior Notes due 2032 | Z21: 0.05875 | AA21: 48319 | AC21: 1236 | AD21: 0.46x | AK21: Senior Notes due 2031 | AL21: 0.03875 | AM21: 47857 | AN21: 1490 | AO21: 0.55x
C22: Advertising revenue | J22: 1589 | K22: 1606 | L22: 1615 | M22: =372-355+L22 -> 1632 | O22: ='Base Case Forecast '!K29 -> 1699.9798 | P22: ='Base Case Forecast '!L29 -> 1798.2454 | Q22: ='Base Case Forecast '!M29 -> 1984.6931 | T22: ='Bear Case Forecast'!K28 -> 1163.8113 | U22: ='Bear Case Forecast'!L28 -> 970.43738 | V22: ='Bear Case Forecast'!M28 -> 970.43738 | Y22: Finance leases | Z22: N/A | AA22: Various | AC22: 4 | AD22: 0.00x | AK22: Senior Notes due 2032 | AL22: 0.05875 | AM22: 4/15/2032 | AN22: 1236 | AO22: 0.46x
C23: Total Revenue | G23: =SUM(G16:G19) -> 0 | J23: =SUM(J16:J22) -> 8953 | K23: =SUM(K16:K22) -> 8699 | L23: =SUM(L16:L22) -> 8558 | M23: =SUM(M16:M22) -> 8581 | O23: ='Base Case Forecast '!K31 -> 8648.6409 | P23: ='Base Case Forecast '!L31 -> 8776.6857 | Q23: ='Base Case Forecast '!M31 -> 8956.7057 | T23: ='Bear Case Forecast'!K30 -> 8022.7844 | U23: ='Bear Case Forecast'!L30 -> 7801.2265 | V23: ='Bear Case Forecast'!M30 -> 7736.2264 | W23: =[129]Workings!X35 -> 25947.93 | AK23: Finance leases | AL23: N/A | AM23: Various | AN23: 4 | AO23: 0.00x
C24: Cost of services | J24: 4209 | K24: 4129 | L24: 4118 | M24: =(697+150+106+47+2)-(687+153+112+50+2)+4118 -> 4116 | O24: ='Base Case Forecast '!K34 -> 4112.2953 | P24: ='Base Case Forecast '!L34 -> 4163.4532 | Q24: ='Base Case Forecast '!M34 -> 4248.8505 | T24: ='Bear Case Forecast'!K33 -> 3810.3716 | U24: ='Bear Case Forecast'!L33 -> 3700.7184 | V24: ='Bear Case Forecast'!M33 -> 3669.8838 | AK24: Less: deferred financing costs | AL24: — | AM24: — | AN24: -13 | AO24: —
C25: Gross Profit | G25: ='[129]Annual IS'!C20 -> 30792 | J25: =J23-J24 -> 4744 | K25: =K23-K24 -> 4570 | L25: =L23-L24 -> 4440 | M25: =M23-M24 -> 4465 | O25: ='Base Case Forecast '!K35 -> 4535.3015 | P25: ='Base Case Forecast '!L35 -> 4613.2324 | Q25: ='Base Case Forecast '!M35 -> 4707.8552 | T25: ='Bear Case Forecast'!K34 -> 4200.7608 | U25: ='Bear Case Forecast'!L34 -> 4100.5081 | V25: ='Bear Case Forecast'!M34 -> 4066.3425 | W25: =[129]Workings!X39 -> 23929.521 | AK25: Total Debt | AN25: 9747 | AO25: 3.61x
C26: Subscriber acquisition costs | G26: ='[129]Annual IS'!C27 -> 23617 | J26: 359 | K26: 369 | L26: 414 | M26: =100-100+414 -> 414 | O26: ='Base Case Forecast '!K36 -> 447.97672 | P26: ='Base Case Forecast '!L36 -> 450.85572 | Q26: ='Base Case Forecast '!M36 -> 455.42718 | T26: ='Bear Case Forecast'!K35 -> 431.03762 | U26: ='Bear Case Forecast'!L35 -> 425.18388 | V26: ='Bear Case Forecast'!M35 -> 425.68016 | AK26: Less: Cash and cash equivalents | AN26: -75 | AO26: (0.03x)
C27: Sales and marketing | J27: 931 | K27: 894 | L27: 760 | M27: =187-190+760 -> 757 | O27: ='Base Case Forecast '!K37 -> 831.76779 | P27: ='Base Case Forecast '!L37 -> 835.39281 | Q27: ='Base Case Forecast '!M37 -> 843.86328 | T27: ='Bear Case Forecast'!K36 -> 800.38126 | U27: ='Bear Case Forecast'!L36 -> 787.82532 | V27: ='Bear Case Forecast'!M36 -> 788.74488 | AK27: Net Debt | AN27: 9672 | AO27: 3.58x
C28: Product and technology | J28: 322 | K28: 296 | L28: 263 | M28: =69-73+263 -> 259 | O28: ='Base Case Forecast '!K38 -> 299.59781 | P28: ='Base Case Forecast '!L38 -> 298.77384 | Q28: ='Base Case Forecast '!M38 -> 301.80326 | T28: ='Bear Case Forecast'!K37 -> 288.37258 | U28: ='Bear Case Forecast'!L37 -> 281.76158 | V28: ='Bear Case Forecast'!M37 -> 282.09046
C29: General and administrative | J29: 608 | K29: 497 | L29: 549 | M29: =122-122+549 -> 549 | O29: ='Base Case Forecast '!K39 -> 564.95653 | P29: ='Base Case Forecast '!L39 -> 573.91623 | Q29: ='Base Case Forecast '!M39 -> 579.73546 | T29: ='Bear Case Forecast'!K38 -> 543.39393 | U29: ='Bear Case Forecast'!L38 -> 541.23729 | V29: ='Bear Case Forecast'!M38 -> 541.86903
C30: EBITDA before adjustments | J30: =J25-SUM(J26:J29) -> 2524 | K30: =K25-SUM(K26:K29) -> 2514 | L30: =L25-SUM(L26:L29) -> 2454 | M30: =M25-SUM(M26:M29) -> 2486 | O30: ='Base Case Forecast '!K40 -> 2391.0027 | P30: ='Base Case Forecast '!L40 -> 2454.2938 | Q30: ='Base Case Forecast '!M40 -> 2527.026 | T30: ='Bear Case Forecast'!K39 -> 2137.5754 | U30: ='Bear Case Forecast'!L39 -> 2064.5001 | V30: ='Bear Case Forecast'!M39 -> 2027.958
C31: Adjusted EBITDA reconciliation items | O31: ='Base Case Forecast '!K41 -> 0 | P31: ='Base Case Forecast '!L41 -> 0 | Q31: ='Base Case Forecast '!M41 -> 0 | T31: ='Bear Case Forecast'!K40 -> 0 | U31: ='Bear Case Forecast'!L40 -> 0 | V31: ='Bear Case Forecast'!M40 -> 0
C32: Share-based compensation | J32: 203 | K32: 200 | L32: 181 | M32: =181+1-0 -> 182 | O32: ='Base Case Forecast '!K42 -> 207.9973 | P32: ='Base Case Forecast '!L42 -> 206.14138 | Q32: ='Base Case Forecast '!M42 -> 210.36957 | T32: ='Bear Case Forecast'!K41 -> 193.04842 | U32: ='Bear Case Forecast'!L41 -> 183.23039 | V32: ='Bear Case Forecast'!M41 -> 181.70371
C33: Legal settlements/reserves | J33: 31 | K33: 3 | L33: 30 | M33: =30+54-50 -> 34 | O33: ='Base Case Forecast '!K43 -> 1 | P33: ='Base Case Forecast '!L43 -> 0 | Q33: ='Base Case Forecast '!M43 -> 0 | T33: ='Bear Case Forecast'!K42 -> 1 | U33: ='Bear Case Forecast'!L42 -> 0 | V33: ='Bear Case Forecast'!M42 -> 0
C34: Adj. EBITDA | G34: ='[129]Annual IS'!C34 -> 9131 | J34: =J30+SUM(J32:J33) -> 2758 | K34: =K30+SUM(K32:K33) -> 2717 | L34: =L30+SUM(L32:L33) -> 2665 | M34: =M30+SUM(M32:M33) -> 2702 | O34: ='Base Case Forecast '!K44 -> 2600 | P34: ='Base Case Forecast '!L44 -> 2660.4352 | Q34: ='Base Case Forecast '!M44 -> 2737.3956 | T34: ='Bear Case Forecast'!K43 -> 2331.6239 | U34: ='Bear Case Forecast'!L43 -> 2247.7305 | V34: ='Bear Case Forecast'!M43 -> 2209.6617
C35: INTEREST EXPENSE | J35: -534 | K35: -496 | L35: -459 | M35: =(-112)-(-117)+(-459) -> -454 | O35: =AVERAGE(J35:M35) -> -485.75 | P35: =O35 -> -485.75 | Q35: =P35 -> -485.75 | T35: =AVERAGE(J35:M35) -> -485.75 | U35: =T35 -> -485.75 | V35: =U35 -> -485.75 | W35: =[129]Workings!H156 -> 4053.5323
C36: Taxes | J36: -222 | K36: -210 | L36: -251 | M36: =(-81)-(-65)+(251) -> 235 | W36: =+#REF!+W35 -> #REF!
C37: Other expenses | J37: =J34-J35-J36-J38 -> 2526 | K37: =K34-K35-K36-K38 -> 5498 | L37: =L34-L35-L36-L38 -> 2570 | M37: =M34-M35-M36-M38 -> 2076
C38: Net Income | J38: 988 | K38: -2075 | L38: 805 | M38: =245-205+805 -> 845
C40: Cash Flow Summary | J40: 2023Y | K40: 2024Y | L40: 2025 Y | M40: LTM | O40: 2026E | P40: 2027E | Q40: 2028E | R40: 2027E | T40: 2026E | U40: 2027E | V40: 2028E
C41: Adj. EBITDA | G41: =G34+#REF! -> #REF! | J41: =J34 -> 2758 | K41: =K34 -> 2717 | L41: =L34 -> 2665 | M41: =M34 -> 2702 | O41: =O34 -> 2600 | P41: =P34 -> 2660.4352 | Q41: =Q34 -> 2737.3956 | T41: =T34 -> 2331.6239 | U41: =U34 -> 2247.7305 | V41: =V34 -> 2209.6617
C42: Cash taxes | G42: =-'[129]Annual IS'!C56 -> -998 | J42: -165 | K42: -218 | L42: -156 | M42: =-(0-3+156) -> -153 | O42: ='Base Case Forecast '!K54 -> -152.19512 | P42: ='Base Case Forecast '!L54 -> -155.73279 | Q42: ='Base Case Forecast '!M54 -> -160.23779 | T42: ='Bear Case Forecast'!K53 -> -136.4853 | U42: ='Bear Case Forecast'!L53 -> -131.57447 | V42: ='Bear Case Forecast'!M53 -> -129.34605 | X42: =-[130]Financials!AN34 -> 0 | XFC42: =-XFC26 -> 0
C43: Cash interest | G43: =-'[129]Annual IS'!C52 -> -616 | J43: -507 | K43: -473 | L43: -439 | M43: =-(205-212+439) -> -432 | O43: ='Base Case Forecast '!K55 -> -425 | P43: ='Base Case Forecast '!L55 -> -386 | Q43: ='Base Case Forecast '!M55 -> -286 | T43: ='Bear Case Forecast'!K54 -> -425 | U43: ='Bear Case Forecast'!L54 -> -386 | V43: ='Bear Case Forecast'!M54 -> -286 | W43: =#REF!+W35 -> #REF!
C44: EBITDA-tax-Int | G44: =SUM(G41:G43) -> #REF! | J44: =SUM(J41:J43) -> 2086 | K44: =SUM(K41:K43) -> 2026 | L44: =SUM(L41:L43) -> 2070 | M44: =SUM(M41:M43) -> 2117 | O44: ='Base Case Forecast '!K56 -> 2022.8049 | P44: ='Base Case Forecast '!L56 -> 2118.7024 | Q44: ='Base Case Forecast '!M56 -> 2291.1578 | T44: ='Bear Case Forecast'!K55 -> 1770.1386 | U44: ='Bear Case Forecast'!L55 -> 1730.156 | V44: ='Bear Case Forecast'!M55 -> 1794.3157 | W44: =#REF!-W52*7.5% -> #REF! | Y44: Less: Cash and Cash equivalents | AC44: =M68 -> 75
C45: Working capital | G45: =SUM('[129]Cash Flow'!C16) -> 1939 | J45: =-148+98 -> -50 | K45: =-128+19 -> -109 | L45: =-84+59 -> -25 | M45: =(-84+59)+(16-295)-(45-250) -> -99 | O45: ='Base Case Forecast '!K57 -> -25.264784 | P45: ='Base Case Forecast '!L57 -> -25.638834 | Q45: ='Base Case Forecast '!M57 -> -26.164716 | T45: ='Bear Case Forecast'!K56 -> -23.436505 | U45: ='Bear Case Forecast'!L56 -> -22.789281 | V45: ='Bear Case Forecast'!M56 -> -22.599399 | W45: =SUM(W43:W44) -> #REF! | Y45: Net Debt | AC45: =M69 -> 9672
C46: Other changes in CFO** | G46: =+G47-G45-G44 -> #REF! | H46: =H47-SUM(H44:H45) -> 0 | I46: =I47-SUM(I44:I45) -> 0 | J46: =J47-SUM(J44:J45) -> -207 | K46: =K47-SUM(K44:K45) -> -176 | L46: =L47-SUM(L44:L45) -> -147 | M46: =M47-SUM(M44:M45) -> -91 | O46: ='Base Case Forecast '!K58 -> -125.04009 | P46: ='Base Case Forecast '!L58 -> -135.56357 | Q46: ='Base Case Forecast '!M58 -> -314.10145 | T46: ='Bear Case Forecast'!K57 -> -224.20206 | U46: ='Bear Case Forecast'!L57 -> -224.20206 | V46: ='Bear Case Forecast'!M57 -> -224.20206 | W46: =(R44/#REF!)*#REF! -> #REF!
C47: Cash flow from operations | G47: ='[129]Cash Flow'!C18 -> 8263 | J47: 1829 | K47: 1741 | L47: 1898 | M47: =271-242+1898 -> 1927 | O47: ='Base Case Forecast '!K59 -> 1872.5 | P47: ='Base Case Forecast '!L59 -> 1957.5 | Q47: ='Base Case Forecast '!M59 -> 1950.8916 | T47: ='Bear Case Forecast'!K58 -> 1522.5 | U47: ='Bear Case Forecast'!L58 -> 1483.1647 | V47: ='Bear Case Forecast'!M58 -> 1547.5142 | W47: =#REF! -> #REF!
C48: Capex excluding satellite expenditure | G48: ='[129]Cash Flow'!C21 -> -1367 | J48: =(-105)-(-189)+(-653)-J49 -> -284 | K48: =(-105)-(-189)+(-653)-K49 -> -307 | L48: =(-105)-(-189)+(-653)-L49 -> -365 | M48: =(-105)-(-189)+(-653)-M49 -> -405 | O48: ='Base Case Forecast '!K60 -> -407.5 | P48: ='Base Case Forecast '!L60 -> -407.5 | Q48: ='Base Case Forecast '!M60 -> -407.5 | T48: ='Bear Case Forecast'!K59 -> -407.5 | U48: ='Bear Case Forecast'!L59 -> -396.24645 | V48: ='Bear Case Forecast'!M59 -> -392.9449 | W48: =SUM(W45:W47) -> #REF!
C49: Satellite expenditures | J49: -285 | K49: -262 | L49: -204 | M49: =(-29)-(-69)+(-204) -> -164 | O49: ='Base Case Forecast '!K61 -> -115 | P49: ='Base Case Forecast '!L61 -> -50 | Q49: ='Base Case Forecast '!M61 -> 0 | T49: ='Bear Case Forecast'!K60 -> -115 | U49: ='Bear Case Forecast'!L60 -> -50 | V49: ='Bear Case Forecast'!M60 -> 0
C50: FCF (CFO-capex) | G50: =SUM(G47:G48) -> 6896 | J50: =SUM(J47:J48) -> 1545 | K50: =SUM(K47:K48) -> 1434 | L50: =SUM(L47:L48) -> 1533 | M50: =SUM(M47:M48) -> 1522 | O50: ='Base Case Forecast '!K62 -> 1350 | P50: ='Base Case Forecast '!L62 -> 1500 | Q50: ='Base Case Forecast '!M62 -> 1543.3916 | T50: ='Bear Case Forecast'!K61 -> 1000 | U50: ='Bear Case Forecast'!L61 -> 1036.9182 | V50: ='Bear Case Forecast'!M61 -> 1154.5693 | W50: =(V48/#REF!)*#REF! -> #REF! | Y50: Equity valuation | AC50: 10708
C51: Change in Debt | G51: ='[129]Cash Flow'!C28 -> 1596 | J51: =1670-1750+1011-2032 -> -1101 | K51: =2105-2105+1100-1809 -> -709 | L51: =1462-1442-0-699 -> -679 | M51: =(520-470+1235-1263)-(696-596+0-16)+(1462-1442-699) -> -741 | O51: ='Base Case Forecast '!K63 -> -89.25 | P51: ='Base Case Forecast '!L63 -> -1594.75 | Q51: ='Base Case Forecast '!M63 -> -1575 | T51: ='Bear Case Forecast'!K62 -> -89.25 | U51: ='Bear Case Forecast'!L62 -> -969.75 | V51: ='Bear Case Forecast'!M62 -> 0 | W51: =SUM(W48:W50) -> #REF! | Y51: Enterprise Valuation | AC51: =AC50+AC45 -> 20380
C52: Change in Equity | G52: ='[129]Cash Flow'!C29 -> 174 | J52: 0 | K52: 0 | L52: 0 | M52: 0 | O52: ='Base Case Forecast '!K64 -> 0 | P52: ='Base Case Forecast '!L64 -> 0 | Q52: ='Base Case Forecast '!M64 -> 0 | T52: ='Bear Case Forecast'!K63 -> 0 | U52: ='Bear Case Forecast'!L63 -> 0 | V52: ='Bear Case Forecast'!M63 -> 0 | W52: 1000
C53: Share Repurchase | G53: ='[129]Cash Flow'!C31 -> -5228 | J53: -274 | K53: -6 | L53: =-136 -> -136 | M53: =(-22)-(-25)+(-136) -> -133 | O53: ='Base Case Forecast '!K65 -> -22 | P53: ='Base Case Forecast '!L65 -> 0 | Q53: ='Base Case Forecast '!M65 -> 0 | T53: ='Bear Case Forecast'!K64 -> -22 | U53: ='Bear Case Forecast'!L64 -> 0 | V53: ='Bear Case Forecast'!M64 -> 0 | W53: =+R52 -> 0
C54: M&A | G54: =-4793+655 -> -4138 | J54: 0 | K54: 0 | L54: 0 | M54: 0 | O54: ='Base Case Forecast '!K66 -> 0 | P54: ='Base Case Forecast '!L66 -> 0 | Q54: ='Base Case Forecast '!M66 -> 0 | T54: ='Bear Case Forecast'!K65 -> 0 | U54: ='Bear Case Forecast'!L65 -> 0 | V54: ='Bear Case Forecast'!M65 -> 0 | W54: =+R53 -> 0 | Y54: Liquidity | AC54: =+M12 -> LTM
C55: Proceeds from sale leaseback | G55: 0 | J55: 0 | K55: 0 | L55: 0 | M55: 0 | O55: ='Base Case Forecast '!K67 -> 0 | P55: ='Base Case Forecast '!L67 -> 0 | Q55: ='Base Case Forecast '!M67 -> 0 | T55: ='Bear Case Forecast'!K66 -> 0 | U55: ='Bear Case Forecast'!L66 -> 0 | V55: ='Bear Case Forecast'!M66 -> 0 | W55: 0 | Y55: Cash and equivalents | AC55: 75
C56: Dividends | G56: ='[129]Cash Flow'!C30 -> -1739 | J56: -65 | K56: -143 | L56: -365 | M56: =(-91)-(-91)+(-365) -> -365 | O56: ='Base Case Forecast '!K68 -> -365.04 | P56: ='Base Case Forecast '!L68 -> -365.04 | Q56: ='Base Case Forecast '!M68 -> -365.04 | T56: ='Bear Case Forecast'!K67 -> -365.04 | U56: ='Bear Case Forecast'!L67 -> -365.04 | V56: ='Bear Case Forecast'!M67 -> -365.04 | W56: 0 | Y56: Revolver Size | AC56: 2000
C57: Proceeds from NCI | G57: 0 | J57: 0 | K57: 0 | L57: 0 | M57: 0 | O57: ='Base Case Forecast '!K69 -> 0 | P57: ='Base Case Forecast '!L69 -> 0 | Q57: ='Base Case Forecast '!M69 -> 0 | T57: ='Bear Case Forecast'!K68 -> 0 | U57: ='Bear Case Forecast'!L68 -> 0 | V57: ='Bear Case Forecast'!M68 -> 0 | W57: =V56 -> -365.04 | Y57: Less: borrowings | AC57: -70
C58: Proceeds from prepaid variable forward | G58: 0 | J58: 0 | K58: 0 | L58: 0 | M58: 0 | O58: ='Base Case Forecast '!K70 -> 0 | P58: ='Base Case Forecast '!L70 -> 0 | Q58: ='Base Case Forecast '!M70 -> 0 | T58: ='Bear Case Forecast'!K69 -> 0 | U58: ='Bear Case Forecast'!L69 -> 0 | V58: ='Bear Case Forecast'!M69 -> 0 | W58: =V57 -> 0 | Y58: Revolver Capacity | AC58: 1930
C59: Settlement of intergroup interests | J59: 273 | K59: 0 | L59: 0 | M59: 0 | O59: ='Base Case Forecast '!K71 -> 0 | P59: ='Base Case Forecast '!L71 -> 0 | Q59: ='Base Case Forecast '!M71 -> 0 | T59: ='Bear Case Forecast'!K70 -> 0 | U59: ='Bear Case Forecast'!L70 -> 0 | V59: ='Bear Case Forecast'!M70 -> 0 | Y59: Other | AC59: 0
C60: Other changes in cash flow | G60: =+G61-SUM(G50:G58) -> -83 | H60: =H61-SUM(H50:H58) -> 0 | I60: =I61-SUM(I50:I58) -> 0 | J60: =J61-SUM(J50:J59) -> -433 | K60: =K61-SUM(K50:K59) -> -721 | L60: =L61-SUM(L50:L59) -> -421 | M60: =M61-SUM(M50:M59) -> -335 | O60: ='Base Case Forecast '!K72 -> 0 | P60: ='Base Case Forecast '!L72 -> 0 | Q60: ='Base Case Forecast '!M72 -> 0 | T60: =O60 -> 0 | U60: =P60 -> 0 | V60: =Q60 -> 0 | Y60: Total liquidity | AC60: 2005
C61: Net change in cash | G61: ='[129]Cash Flow'!C36 -> -2522 | J61: -55 | K61: -145 | L61: -68 | M61: =(-19)-(-35)+(-68) -> -52 | O61: =SUM(O50:O60) -> 873.71 | P61: =SUM(P50:P60) -> -459.79 | Q61: =SUM(Q50:Q60) -> -396.64839 | T61: ='Bear Case Forecast'!K72 -> 523.71 | U61: ='Bear Case Forecast'!L72 -> -297.87177 | V61: ='Bear Case Forecast'!M72 -> 789.52931
W62: =+#REF! -> #REF!
C63: Capitalization | J63: 2023Y | K63: 2024Y | L63: 2025 Y | M63: LTM | O63: 2026E | P63: 2027E | Q63: 2028E | R63: 2027E | T63: 2026E | U63: 2027E | V63: 2028E | W63: =SUM(W51:W62) -> #REF!
C64: ST debt | G64: ='[129]Balance Sheet'!C29 -> 1966 | H64: ='[129]Balance Sheet'!D29 -> 5738 | I64: ='[129]Balance Sheet'!E29 -> 3265 | J64: 1195 | K64: 1050 | L64: 1058 | M64: 59 | O64: ='Base Case Forecast '!K47 -> 59 | P64: ='Base Case Forecast '!L47 -> 59 | Q64: ='Base Case Forecast '!M47 -> 59 | R64: =+P64 -> 59 | T64: ='Bear Case Forecast'!K46 -> 59 | U64: ='Bear Case Forecast'!L46 -> 59 | V64: ='Bear Case Forecast'!M46 -> 59
C65: LT Debt | G65: ='[129]Balance Sheet'!C32 -> 12431 | H65: ='[129]Balance Sheet'!D32 -> 11098 | I65: ='[129]Balance Sheet'!E32 -> 12203 | J65: 10073 | K65: 10314 | L65: 8648 | M65: 9688 | O65: ='Base Case Forecast '!K48 -> 9576.75 | P65: ='Base Case Forecast '!L48 -> 7982 | Q65: ='Base Case Forecast '!M48 -> 6407 | R65: =+Q65+R51 -> 6407 | T65: ='Bear Case Forecast'!K47 -> 9576.75 | U65: ='Bear Case Forecast'!L47 -> 8607 | V65: ='Bear Case Forecast'!M47 -> 8607
C66: Others | J66: 0 | K66: 0 | L66: 0 | M66: 0 | O66: 0 | P66: 0 | Q66: 0 | R66: =P66 -> 0 | T66: =O66 -> 0 | U66: =P66 -> 0 | V66: 0 | W66: =+V64 -> 59
C67: Total Debt | G67: =SUM(G64:G66) -> 14397 | J67: =SUM(J64:J66) -> 11268 | K67: =SUM(K64:K66) -> 11364 | L67: =SUM(L64:L66) -> 9706 | M67: =SUM(M64:M66) -> 9747 | O67: =SUM(O64:O66) -> 9635.75 | P67: =SUM(P64:P66) -> 8041 | Q67: =SUM(Q64:Q66) -> 6466 | T67: =SUM(T64:T66) -> 9635.75 | U67: =SUM(U64:U66) -> 8666 | V67: =SUM(V64:V66) -> 8666 | W67: =+V65+W52 -> 9607
C68: Cash, Cash Equivalents & STI | G68: ='[129]Balance Sheet'!C8 -> 785 | J68: 306 | K68: =162 -> 162 | L68: =94 -> 94 | M68: 75 | O68: ='Base Case Forecast '!K50 -> 967.71 | P68: ='Base Case Forecast '!L50 -> 507.92 | Q68: ='Base Case Forecast '!M50 -> 111.27161 | T68: ='Bear Case Forecast'!K49 -> 617.71 | U68: ='Bear Case Forecast'!L49 -> 319.83823 | V68: ='Bear Case Forecast'!M49 -> 1109.3675 | W68: =R66 -> 0
C69: Net debt | G69: =+G67-G68 -> 13612 | J69: =J67-J68 -> 10962 | K69: =K67-K68 -> 11202 | L69: =L67-L68 -> 9612 | M69: =M67-M68 -> 9672 | O69: =O67-O68 -> 8668.04 | P69: =P67-P68 -> 7533.08 | Q69: =Q67-Q68 -> 6354.7284 | T69: =T67-T68 -> 9018.04 | U69: =U67-U68 -> 8346.1618 | V69: =V67-V68 -> 7556.6325 | W69: =SUM(W66:W68) -> 9666
W70: =V68+W63 -> #REF!
W71: =+W69-W70 -> #REF! | Y71: Base Case
W72: =W35*8 -> 32428.258 | Y72: Operational KPI | Z72: 2023A | AA72: 2024A | AB72: 2025A | AC72: Q1 2026A | AD72: 2026E | AE72: 2027E | AF72: 2028E
C73: Growth, Profitability, Cash Flow & Credit Ratios | J73: 2023Y | K73: 2024Y | L73: 2025 Y | M73: LTM | O73: 2026E | P73: 2027E | Q73: 2028E | R73: 2027E | T73: 2026E | U73: 2027E | V73: 2028E | W73: =+W72+W69 -> 42094.258 | Y73: SiriusXM
C74: Revenue growth | G74: =G23/'[129]Annual IS'!B14-1 -> -1 | J74: N/A | K74: =K23/J23-1 -> -0.028370379 | L74: =L23/K23-1 -> -0.01620876 | M74: =M23/L23-1 -> 0.0026875438 | O74: =O23/L23-1 -> 0.010591369 | P74: =P23/O23-1 -> 0.014805183 | Q74: =Q23/P23-1 -> 0.020511162 | T74: =T23/L23-1 -> -0.0625398 | U74: =U23/T23-1 -> -0.027616083 | V74: =V23/U23-1 -> -0.0083320416 | Y74: Self-pay subscribers (‘000) | Z74: ='Base Case Forecast '!C4 -> 31942 | AA74: ='Base Case Forecast '!D4 -> 31646 | AB74: ='Base Case Forecast '!E4 -> 31345 | AC74: ='Base Case Forecast '!F4 -> 31234 | AD74: ='Base Case Forecast '!K4 -> 31236 | AE74: ='Base Case Forecast '!L4 -> 31127 | AF74: ='Base Case Forecast '!M4 -> 31018
C75: Gross Margin | G75: =G25/G23 -> #DIV/0! | J75: =J25/J23 -> 0.52987825 | K75: =K25/K23 -> 0.52534774 | L75: =L25/L23 -> 0.51881281 | M75: =M25/M23 -> 0.52033563 | O75: =O25/O23 -> 0.52439471 | P75: =P25/P23 -> 0.52562352 | Q75: =Q25/Q23 -> 0.52562352 | T75: =T25/T23 -> 0.52360386 | U75: =U25/U23 -> 0.52562352 | V75: =V25/V23 -> 0.52562352 | Y75: Paid promotional subscribers (‘000) | Z75: ='Base Case Forecast '!C5 -> 1933 | AA75: ='Base Case Forecast '!D5 -> 1580 | AB75: ='Base Case Forecast '!E5 -> 1582 | AC75: ='Base Case Forecast '!F5 -> 1545 | AD75: ='Base Case Forecast '!K5 -> 1606 | AE75: ='Base Case Forecast '!L5 -> 1606 | AF75: ='Base Case Forecast '!M5 -> 1606
C76: SG&A/Revenues | G76: =G26/G23 -> #DIV/0! | J76: =SUM(J26:J29)/J23 -> 0.24796158 | K76: =SUM(K26:K29)/K23 -> 0.23634901 | L76: =SUM(L26:L29)/L23 -> 0.23206357 | M76: =SUM(M26:M29)/M23 -> 0.2306258 | O76: =SUM(O26:O29)/O23 -> 0.24793478 | P76: =SUM(P26:P29)/P23 -> 0.24598564 | Q76: =SUM(Q26:Q29)/Q23 -> 0.24348564 | T76: =SUM(T26:T29)/T23 -> 0.25716575 | U76: =SUM(U26:U29)/U23 -> 0.26098564 | V76: =SUM(V26:V29)/V23 -> 0.26348564 | W76: =+#REF!/#REF!-1 -> #REF! | Y76: Ending subscribers (‘000) | Z76: ='Base Case Forecast '!C6 -> 33875 | AA76: ='Base Case Forecast '!D6 -> 33226 | AB76: ='Base Case Forecast '!E6 -> 32927 | AC76: ='Base Case Forecast '!F6 -> 32779 | AD76: ='Base Case Forecast '!K6 -> 32842 | AE76: ='Base Case Forecast '!L6 -> 32733 | AF76: ='Base Case Forecast '!M6 -> 32624
C77: Adj EBITDA growth | G77: =G34/'[129]Annual IS'!B34-1 -> 0.033503113 | J77: N/A | K77: =K34/J34-1 -> -0.014865845 | L77: =L34/K34-1 -> -0.019138756 | M77: =M34/L34-1 -> 0.013883677 | O77: =O34/L34-1 -> -0.024390244 | P77: =P34/O34-1 -> 0.023244304 | Q77: =Q34/P34-1 -> 0.028927741 | T77: =T34/Q34-1 -> -0.14823276 | U77: =U34/T34-1 -> -0.035980668 | V77: =V34/U34-1 -> -0.016936528 | W77: =W23/#REF! -> #REF! | Y77: Average monthly churn | Z77: ='Base Case Forecast '!C8 -> 0.016 | AA77: ='Base Case Forecast '!D8 -> 0.016 | AB77: ='Base Case Forecast '!E8 -> 0.015 | AC77: ='Base Case Forecast '!F8 -> 0.015 | AD77: ='Base Case Forecast '!K8 -> 0.015 | AE77: ='Base Case Forecast '!L8 -> 0.015 | AF77: ='Base Case Forecast '!M8 -> 0.015
C78: Adj EBITDA margin | G78: =G34/G23 -> #DIV/0! | J78: =J34/J23 -> 0.30805317 | K78: =K34/K23 -> 0.31233475 | L78: =L34/L23 -> 0.31140453 | M78: =M34/M23 -> 0.31488172 | O78: =O34/O23 -> 0.30062527 | P78: =P34/P23 -> 0.30312527 | Q78: =Q34/Q23 -> 0.30562527 | T78: =T34/T23 -> 0.29062527 | U78: =U34/U23 -> 0.28812527 | V78: =V34/V23 -> 0.28562527 | W78: =W25/#REF! -> #REF! | Y78: ARPU/month ($) | Z78: ='Base Case Forecast '!C9 -> 15.56 | AA78: ='Base Case Forecast '!D9 -> 15.21 | AB78: ='Base Case Forecast '!E9 -> 15.11 | AC78: ='Base Case Forecast '!F9 -> 14.99 | AD78: ='Base Case Forecast '!K9 -> 15.225 | AE78: ='Base Case Forecast '!L9 -> 15.301125 | AF78: ='Base Case Forecast '!M9 -> 15.377631
G79: =#REF!/(#REF!-G43) -> #REF! | W79: =+#REF!/#REF!-1 -> #REF! | Y79: Pandora & Off-platform
C80: EBITDA / interest | G80: =+G34/-G43 -> 14.823052 | J80: =-J34/J35 -> 5.164794 | K80: =-K34/K35 -> 5.4778226 | L80: =-L34/L35 -> 5.8061002 | M80: =-M34/M35 -> 5.9515419 | O80: =-O34/O35 -> 5.3525476 | P80: =-P34/P35 -> 5.4769639 | Q80: =-Q34/Q35 -> 5.6354 | T80: =-T34/T35 -> 4.8000491 | U80: =-U34/U35 -> 4.6273402 | V80: =-V34/V35 -> 4.5489691 | W80: =(W36+W50)/(W35-W44) -> #REF! | Y80: Monthly active users (‘000) | Z80: ='Base Case Forecast '!C11 -> 46,026 | AA80: ='Base Case Forecast '!D11 -> 43344 | AB80: ='Base Case Forecast '!E11 -> 41112 | AC80: ='Base Case Forecast '!F11 -> 40068 | AD80: ='Base Case Forecast '!K11 -> 38890.281 | AE80: ='Base Case Forecast '!L11 -> 36945.767 | AF80: ='Base Case Forecast '!M11 -> 35098.478
C81: (EBITDA - capex) / interest | G81: =+(G34+G48)/-G43 -> 12.603896 | J81: =-(J34+SUM(J48:J49))/J35 -> 4.0992509 | K81: =-(K34+SUM(K48:K49))/K35 -> 4.3306452 | L81: =-(L34+SUM(L48:L49))/L35 -> 4.5664488 | M81: =-(M34+SUM(M48:M49))/M35 -> 4.6982379 | O81: =-(O34+SUM(O48:O49))/O35 -> 4.2768914 | P81: =-(P34+SUM(P48:P49))/P35 -> 4.5351213 | Q81: =-(Q34+SUM(Q48:Q49))/Q35 -> 4.7964911 | T81: =-(T34+SUM(T48:T49))/T35 -> 3.7243929 | U81: =-(U34+SUM(U48:U49))/U35 -> 3.708665 | V81: =-(V34+SUM(V48:V49))/V35 -> 3.7400243 | Y81: Self-pay subscribers (‘000) | Z81: ='Base Case Forecast '!C12 -> 6053 | AA81: ='Base Case Forecast '!D12 -> 5774 | AB81: ='Base Case Forecast '!E12 -> 5630 | AC81: ='Base Case Forecast '!F12 -> 5597 | AD81: ='Base Case Forecast '!K12 -> 5596.9868 | AE81: ='Base Case Forecast '!L12 -> 5485.0471 | AF81: ='Base Case Forecast '!M12 -> 5375.3461
C82: Capex / revenue | G82: =-G48/G23 -> #DIV/0! | J82: =-SUM(J48:J49)/J23 -> 0.063554116 | K82: =-SUM(K48:K49)/K23 -> 0.065409817 | L82: =-SUM(L48:L49)/L23 -> 0.066487497 | M82: =-SUM(M48:M49)/M23 -> 0.066309288 | O82: =-SUM(O48:O49)/O23 -> 0.060414116 | P82: =-SUM(P48:P49)/P23 -> 0.052126739 | Q82: =-SUM(Q48:Q49)/Q23 -> 0.045496638 | T82: =-SUM(T48:T49)/T23 -> 0.065127015 | U82: =-SUM(U48:U49)/U23 -> 0.057202088 | V82: =-SUM(V48:V49)/V23 -> 0.05079284 | W82: =+#REF!/-W44 -> #REF! | Y82: Ad-supported listener hours (bn) | Z82: ='Base Case Forecast '!C14 -> 10.48 | AA82: ='Base Case Forecast '!D14 -> 9.94 | AB82: ='Base Case Forecast '!E14 -> 9.75 | AC82: ='Base Case Forecast '!F14 -> 2.221 | AD82: ='Base Case Forecast '!K14 -> 9.2147872 | AE82: ='Base Case Forecast '!L14 -> 9.0386494 | AF82: ='Base Case Forecast '!M14 -> 8.8658785
C83: Capex / EBITDA | G83: =-G48/G34 -> 0.14970978 | J83: =-SUM(J48,J49)/J34 -> 0.20630892 | K83: =-SUM(K48,K49)/K34 -> 0.20942216 | L83: =-SUM(L48,L49)/L34 -> 0.21350844 | M83: =-SUM(M48,M49)/M34 -> 0.21058475 | O83: =-SUM(O48,O49)/O34 -> 0.20096154 | P83: =-SUM(P48,P49)/P34 -> 0.17196435 | Q83: =-SUM(Q48,Q49)/Q34 -> 0.14886413 | T83: =-SUM(T48,T49)/T34 -> 0.22409275 | U83: =-SUM(U48,U49)/U34 -> 0.19853201 | V83: =-SUM(V48,V49)/V34 -> 0.17783034 | W83: =+(#REF!+W50)/-W44 -> #REF! | Y83: Advertising RPM ($) | Z83: ='Base Case Forecast '!C15 -> 99.39 | AA83: ='Base Case Forecast '!D15 -> 100.59 | AB83: ='Base Case Forecast '!E15 -> 91.78 | AC83: ='Base Case Forecast '!F15 -> 84.11 | AD83: ='Base Case Forecast '!K15 -> 87.891191 | AE83: ='Base Case Forecast '!L15 -> 86.000596 | AF83: ='Base Case Forecast '!M15 -> 91.78
C84: FCF / debt | G84: =+G50/G69 -> 0.50661181 | J84: =J50/J67 -> 0.13711395 | K84: =K50/K67 -> 0.12618796 | L84: =L50/L67 -> 0.15794354 | M84: =M50/M67 -> 0.15615061 | O84: =O50/O67 -> 0.14010326 | P84: =P50/P67 -> 0.18654396 | Q84: =Q50/Q67 -> 0.23869341 | T84: =T50/T67 -> 0.10378019 | U84: =U50/U67 -> 0.11965361 | V84: =V50/V67 -> 0.13322978 | W84: =-W50/#REF! -> #REF!
C85: Gross adj debt/EBITDA | G85: =G71/#REF! -> #REF! | J85: =J67/J34 -> 4.0855693 | K85: =K67/K34 -> 4.1825543 | L85: =L67/L34 -> 3.6420263 | M85: =M67/M34 -> 3.6073279 | O85: =O67/O34 -> 3.7060577 | P85: =P67/P34 -> 3.0224378 | Q85: =Q67/Q34 -> 2.3620992 | T85: =T67/T34 -> 4.1326348 | U85: =U67/U34 -> 3.8554445 | V85: =V67/V34 -> 3.9218673 | W85: =-W50/#REF! -> #REF! | XFC85: =XEK16/#REF! -> #REF!
C86: Net adj debt/EBITDA | G86: =(G71-G68)/#REF! -> #REF! | J86: =J69/J34 -> 3.9746193 | K86: =K69/K34 -> 4.1229297 | L86: =L69/L34 -> 3.6067542 | M86: =M69/M34 -> 3.5795707 | O86: =O69/O34 -> 3.3338615 | P86: =P69/P34 -> 2.8315217 | Q86: =Q69/Q34 -> 2.3214505 | T86: =T69/T34 -> 3.8677079 | U86: =U69/U34 -> 3.7131506 | V86: =V69/V34 -> 3.4198142 | W86: =+W51/W71 -> #REF!
G87: =+G67/G34 -> 1.5767167 | H87: =+H67/H34 -> #DIV/0! | I87: =+I67/I34 -> #DIV/0! | J87: =+J67/J34 -> 4.0855693 | K87: =+K67/K34 -> 4.1825543 | L87: =+L67/L34 -> 3.6420263 | M87: =+M67/M34 -> 3.6073279 | O87: =+O67/#REF! -> #REF! | P87: =+P67/#REF! -> #REF! | Q87: =+Q67/#REF! -> #REF! | R87: =+R67/#REF! -> #REF! | T87: =+T67/#REF! -> #REF! | U87: =+U67/#REF! -> #REF! | V87: =+V67/#REF! -> #REF! | W87: =W73/W36 -> #REF!
R90: disc_mrgn_mid

Sheet Sheet1
B2: FY2025 revenue mix | C2: $ mm | D2: %
B3: SiriusXM | C3: =SUM('Financial One Pager'!L16:L19) -> 6417 | D3: =C3/$C$5 -> 0.74982473
B4: Pandora and Off-platform | C4: =SUM('Financial One Pager'!L21:L22) -> 2141 | D4: =C4/$C$5 -> 0.25017527
B5: Total Revenue | C5: =SUM(C3:C4) -> 8558 | D5: =C5/$C$5 -> 1
B8: $bn | C8: 2023A | D8: 2024A | E8: 2025A
B9: Revenue | C9: 8.95 | D9: 8.7 | E9: 8.56
B10: Adjusted EBITDA | C10: 2.76 | D10: 2.72 | E10: 2.67
B11: Adjusted EBITDA margin | C11: 0.308 | D11: 0.312 | E11: 0.311
B12: FCF | C12: 1.55 | D12: 1.43 | E12: 1.53
B13: Total debt | C13: 11.27 | D13: 11.36 | E13: 9.71
B14: Gross leverage (x) | C14: =C13/C10 -> 4.0833333 | D14: =D13/D10 -> 4.1764706 | E14: =E13/E10 -> 3.6367041
B17: OPERATING ASSUMPTIONS | C17: 2026E | D17: 2027E | E17: 2028E
B18: SiriusXM self-pay subscribers | C18: 31.24m | D18: 31.13m | E18: 31.02m
B19: Annual subscriber change | C19: (109k) | D19: (109k) | E19: (109k)
B20: SiriusXM ARPU/month | C20: $15.23 | D20: $15.30 | E20: $15.38
B21: Pandora monthly active users | C21: 38.9m | D21: 36.9m | E21: 35.1m
B22: Off-platform advertising revenue | C22: $0.89bn | D22: $1.02bn | E22: $1.17bn
B23: Adjusted EBITDA margin | C23: 0.301 | D23: 0.303 | E23: 0.306
B25: Capital-allocation assumptions | C25: 2026E | D25: 2027E | E25: 2028E
B26: Total capex | C26: $523m | D26: $458m | E26: $408m
B27: Satellite capex | C27: $115m | D27: $50m | E27: $0m
B28: Dividend per share | C28: $1.08 | D28: $1.08 | E28: $1.08
B29: Share repurchases | C29: $22m | D29: $0m | E29: $0m
B33: Financial forecast table | C33: 2026E | D33: 2027E | E33: 2028E
B34: Revenue | C34: $8.65bn | D34: $8.78bn | E34: $8.96bn
B35: Adjusted EBITDA | C35: $2.60bn | D35: $2.66bn | E35: $2.74bn
B36: Adjusted EBITDA margin | C36: 0.301 | D36: 0.303 | E36: 0.306
B37: Free cash flow | C37: $1.35bn | D37: $1.50bn | E37: $1.54bn
B38: FCF/total debt | C38: 0.14 | D38: 0.187 | E38: 0.239
B39: Total debt | C39: $9.64bn | D39: $8.04bn | E39: $6.47bn
B40: Gross leverage | C40: 3.7x | D40: 3.0x | E40: 2.4x
B43: Maturity wall | C43: 2026E | D43: 2027E | E43: 2028E | G43: Liquidity and coverage ($mm) | H43: 2026E | I43: 2027E | J43: 2028E
B44: Term loan/revolver repayments | C44: $0.11bn | D44: $0.34bn | E44: — | G44: Free cash flow | H44: ='Base Case Forecast '!K62 -> 1350 | I44: ='Base Case Forecast '!L62 -> 1500 | J44: ='Base Case Forecast '!M62 -> 1543.3916
B45: 5.00% senior notes | C45: — | D45: $1.25bn | E45: — | G45: EBITDA/cash interest (x) | H45: ='Base Case Forecast '!K44/ABS('Base Case Assumptions'!J44) -> 6.1176471 | I45: ='Base Case Forecast '!L44/ABS('Base Case Assumptions'!K44) -> 6.8923191 | J45: ='Base Case Forecast '!M44/ABS('Base Case Assumptions'!L44) -> 9.5713132
B46: 3.75% convertible notes | C46: — | D46: — | E46: $0.58bn | G46: Assumed refinancing | H46: ='Base Case Debt schedule'!H8 -> 0 | I46: ='Base Case Debt schedule'!I8 -> 0 | J46: ='Base Case Debt schedule'!J8 -> 1000
B47: 4.00% senior notes | C47: — | D47: — | E47: $2.00bn | G47: Ending cash | H47: ='Base Case Forecast '!K75 -> 967.71 | I47: ='Base Case Forecast '!L75 -> 507.92 | J47: ='Base Case Forecast '!M75 -> 111.27161
B48: Total maturities/repayments | C48: $0.11bn | D48: $1.59bn | E48: $2.58bn
C52: 2026E | D52: 2027E | E52: 2028E
B53: EBITDA | C53: $2,600m | D53: $2,659m | E53: $2,736m
B54: Cash interest | C54: $425m | D54: $386m | E54: $286m
B55: Correct coverage | C55: 6.1x | D55: 6.9x | E55: 9.6x

Sheet KPIs
B2: USD '000s | C2: 2023Y | D2: 2024Y | E2: 2025Y | F2: Q1 2026 | H2: 2024 vs. 2023 | I2: 2025 vs. 2024
B3: SiriusXM | H3: SiriusXM
B4: Self-pay subscribers | C4: 31942 | D4: 31646 | E4: 31345 | F4: 31234 | H4: =D4/C4-1 -> -0.0092667961 | I4: =E4/D4-1 -> -0.0095114706
B5: Paid promotional subscribers | C5: 1933 | D5: 1580 | E5: 1582 | F5: 1545 | H5: =D5/C5-1 -> -0.18261769 | I5: =E5/D5-1 -> 0.0012658228
B6: Ending subscribers | C6: 33875 | D6: 33226 | E6: 32927 | F6: =SUM(F4:F5) -> 32779 | H6: =D6/C6-1 -> -0.019158672 | I6: =E6/D6-1 -> -0.0089989767
B7: SiriusXM Canada Subsribers | C7: 2629 | D7: 2516 | E7: 2437 | F7: 2428 | H7: =D7/C7-1 -> -0.042982122 | I7: =E7/D7-1 -> -0.031399046
B8: Weighted average subscribers | C8: 33993 | D8: 33292 | E8: 32797 | F8: 32799 | H8: =D8/C8-1 -> -0.020621893 | I8: =E8/D8-1 -> -0.014868437
B9: Average Self-pay monthly churn (ii) | C9: 0.016 | D9: 0.016 | E9: 0.015 | F9: 0.015 | H9: =D9/C9-1 -> 0 | I9: =E9/D9-1 -> -0.0625
B10: ARPU (iii) (ARPU /month) | C10: 15.56 | D10: 15.21 | E10: 15.11 | F10: 14.99 | H10: =D10/C10-1 -> -0.022493573 | I10: =E10/D10-1 -> -0.006574622
B11: SAC per installation (iv) | C11: 13.18 | D11: 14.55 | E11: 18.21 | F11: 18.8 | H11: =D11/C11-1 -> 0.10394537 | I11: =E11/D11-1 -> 0.25154639
B13: Pandora & Off-platform | H13: Pandora & Off-platform
B14: Monthly active users | C14: 46026 | D14: 43344 | E14: 41112 | F14: 40068 | H14: =D14/C14-1 -> -0.058271412 | I14: =E14/D14-1 -> -0.051495017
B15: Self-pay subscribers | C15: 6053 | D15: 5774 | E15: 5630 | F15: 5597 | H15: =D15/C15-1 -> -0.046092847 | I15: =E15/D15-1 -> -0.024939383
B16: Weighted average subscribers | C16: 6169 | D16: 5929 | E16: 5698 | F16: 5605 | H16: =D16/C16-1 -> -0.038904198 | I16: =E16/D16-1 -> -0.038961039
B17: Ad-supported listener hours (v) (in bn) | C17: 10.48 | D17: 9.94 | E17: 9.75 | F17: 2.221 | H17: =D17/C17-1 -> -0.051526718 | I17: =E17/D17-1 -> -0.019114688
B18: Ad RPM (vi) | C18: 99.39 | D18: 100.59 | E18: 91.78 | F18: 84.11 | H18: =D18/C18-1 -> 0.012073649 | I18: =E18/D18-1 -> -0.087583259
C19: =C17*C18 -> 1041.6072 | D19: =D17*D18 -> 999.8646 | E19: =E17*E18 -> 894.855 | F19: =F17*F18 -> 186.80831
B20: Note:
B21: (i) Sirius XM Canada Subscribers;
B22: (ii) Average Self-pay Monthly Churn is derived by dividing the monthly average of self-pay deactivations for the period by the average number of self-pay subscribers for the period;
B23: (iii) ARPU is derived from total earned SiriusXM subscriber revenue (excluding revenue derived from our connected vehicle services) and net advertising revenue, divided by the number of months in the period, divided by the daily weighted average number of subscribers for the period;
B24: (iv) SAC, Per Installation, is derived from subscriber acquisition costs and margins from the sale of radios, components and accessories (excluding connected vehicle services), divided by the number of satellite radio installations in new vehicles and shipments of aftermarket radios for the period.
B25: (v) Ad supported listener hours are a key indicator of Pandora business and the engagement of our Pandora listeners. Included in ad supported listener hours related to Pandora's non-music content offerings in the definition of listener hours.
B26: (vi) RPM is a key indicator of our ability to monetize advertising inventory created by listener hours on the Pandora services. Ad RPM is calculated by dividing advertising revenue by the number of thousands of listener hours of our Pandora advertising-based service.
B28: Subscribers and subscription related revenues and expenses associated with our connected vehicle services and Sirius XM
B29: Canada are not included in SiriusXM’s subscriber count or subscriber-based operating metrics. Subscribers to the Cloud Cover
B30: music programming service are now included in Pandora's subscriber count.

Sheet Revenue split
B2: Financials ($ m) | E2: 2023Y | F2: 2024Y | G2: 2025 Y | H2: Q1 2026 | I2: LTM
B4: Operating Summary
B5: SiriusXM | M5: SiriusXM | N5: Pandora
B6: Subscriber revenue | E6: =6342 -> 6342 | F6: =6076 -> 6076 | G6: =5960 -> 5960 | H6: 1483 | I6: =H6+G6-1470 -> 5973 | L6: Primary product | M6: Curated satellite/digital audio, including live sports, news and personalities | N6: Personalized music streaming/radio and podcasts
B7: Advertising revenue | E7: =169 -> 169 | F7: =167 -> 167 | G7: =157 -> 157 | H7: 35 | I7: =H7+G7-39 -> 153 | L7: Main distribution | M7: Heavily embedded in vehicles through OEM relationships | N7: Mobile, web and connected devices
B8: Equipment revenue | E8: 193 | F8: 182 | G8: 178 | H8: 41 | I8: =H8+G8-41 -> 178 | L8: Main revenue model | M8: Predominantly paid subscriptions | N8: Predominantly advertising, plus Pandora Plus/Premium subscriptions
B9: Other revenue | E9: 136 | F9: 128 | G9: 122 | H9: 31 | I9: =H9+G9-31 -> 122 | L9: User proposition | M9: “Pay for exclusive, curated and live content” | N9: “Listen free with ads or pay for personalized/on-demand music”
B10: Pandora and Off-platform
B11: Subscriber revenue | E11: 524 | F11: 540 | G11: 526 | H11: 129 | I11: =H11+G11-132 -> 523
B12: Advertising revenue | E12: 1589 | F12: 1606 | G12: 1615 | H12: 372 | I12: =H12+G12-355 -> 1632
B13: Total revenue | E13: =SUM(E6:E12) -> 8953 | F13: =SUM(F6:F12) -> 8699 | G13: =SUM(G6:G12) -> 8558 | H13: =SUM(H6:H12) -> 2091 | I13: =SUM(I6:I12) -> 8581

Sheet Modeling ->
C14: Modeling ->

Sheet Capex
B2: Forecast component ($mm) | C2: Q1 2026 | D2: Q2 2026E | E2: Q3 2026E | F2: Q4 2026E | H2: 2026E | I2: 2027E | J2: 2028E | L2: Source/Notes
B3: Software and hardware | C3: 74 | D3: =($H$3-$C$3)/3 -> 108.5 | E3: =($H$3-$C$3)/3 -> 108.5 | F3: =($H$3-$C$3)/3 -> 108.5 | H3: =H6-H4-H5 -> 399.5 | I3: =H3 -> 399.5 | J3: =I3 -> 399.5 | L3: The company disclosed: Q1 2025 software/hardware: $105 million., H1 2025 software/hardware: $205 million, implying Q2 of $100 million, Nine-month 2025 software/hardware: $292 million, implying Q3 of $87 million, and FY2025 software/hardware: $389 million, implying Q4 of $97 million.
B4: Satellite construction | C4: 29 | D4: =($H$4-$C$4)/3 -> 28.666667 | E4: =($H$4-$C$4)/3 -> 28.666667 | F4: =($H$4-$C$4)/3 -> 28.666667 | H4: 115 | I4: 50 | J4: 0 | L4: Company disclosed satellite capex to be: • 2026E = ~$115mm • 2027E = ~$50mm • 2028E = near zero
B5: Other P&E | C5: =C6-SUM(C3:C4) -> 2 | D5: =$C$5 -> 2 | E5: =$C$5 -> 2 | F5: =$C$5 -> 2 | H5: =C5+SUM(D5:F5) -> 8 | I5: =H5 -> 8 | J5: =I5 -> 8 | L5: Q1 to Q4 2026: Same as Q1 2026
B6: Total capex | C6: 105 | D6: =SUM(D3:D5) -> 139.16667 | E6: =SUM(E3:E5) -> 139.16667 | F6: =SUM(F3:F5) -> 139.16667 | H6: =AVERAGE(400,415)+H4 -> 522.5 | I6: =AVERAGE(400,415)+I4 -> 457.5 | J6: =AVERAGE(400,415)+J4 -> 407.5
F8: =SUM(C6+SUM(D6:F6)) -> 522.5

Sheet Misc.
B2: Off-platform
B3: $mm | C3: Q1 2026 | D3: Q1 2025 | E3: Q2 2025 | F3: Q3 2025 | G3: Q4 2025 | I3: 2023A | J3: 2024A | K3: 2025A
B4: Reported total Pandora and off-platform advertising revenue | C4: ='Revenue split'!H12 -> 372 | D4: 355 | E4: 394 | F4: 416 | G4: ='Revenue split'!G12-SUM(D4:F4) -> 450 | I4: ='Revenue split'!E12 -> 1589 | J4: ='Revenue split'!F12 -> 1606 | K4: ='Revenue split'!G12 -> 1615
B5: Less: Implied on-platform Pandora advertising revenue | C5: =KPIs!F17*KPIs!F18 -> 186.80831 | D5: =2.352*87.23 -> 205.16496 | E5: =2.58*85.97 -> 221.8026 | F5: =2.494*91.24 -> 227.55256 | G5: =(KPIs!E17*KPIs!E18)-SUM(D5:F5) -> 240.33488 | I5: =KPIs!C17*KPIs!C18 -> 1041.6072 | J5: =KPIs!D17*KPIs!D18 -> 999.8646 | K5: =KPIs!E17*KPIs!E18 -> 894.855
B6: Implied off-platform advertising revenue | C6: =C4-C5 -> 185.19169 | D6: =D4-D5 -> 149.83504 | E6: =E4-E5 -> 172.1974 | F6: =F4-F5 -> 188.44744 | G6: =G4-G5 -> 209.66512 | I6: =I4-I5 -> 547.3928 | J6: =J4-J5 -> 606.1354 | K6: =K4-K5 -> 720.145
B8: Q1 2026 over Q1 2025 growth | C8: =C6/D6-1 -> 0.2359705 | I8: YoY | J8: =J6/I6-1 -> 0.10731343 | K8: =K6/J6-1 -> 0.18809263 | M8: =AVERAGE(J8:K8) -> 0.14770303
I9: CAGR | J9: =(K6/I6)^(1/2)-1 -> 0.14699212 | K9: <-- 2023-2025 CAGR
B11: SiriusXM advertising ($mm)
B12: Advertising revenue ($mm) | C12: Q1 2026 | D12: Q1 2025 | E12: Q2 2025 | F12: Q3 2025 | G12: Q4 2025 | I12: 2025A | J12: 2026E
B13: Advertising revenue for quarters | C13: ='Revenue split'!H7 -> 35 | D13: 39 | E13: 38 | F13: 39 | G13: 41 | I13: =SUM(D13:G13) -> 157 | J13: =I13+(1*'Base Case Assumptions'!J26) -> 157
B14: As a % of 2025A | D14: =D13/$I$13 -> 0.24840764 | E14: =E13/$I$13 -> 0.24203822 | F14: =F13/$I$13 -> 0.24840764 | G14: =G13/$I$13 -> 0.2611465
B16: Removing Q1 2026 revenue from total 2026E revenue | C16: N/A | D16: =J13-C13 -> 122
B19: Pandora | C19: N/A | D19: Q1 2025 | E19: Q2 2025 | F19: Q3 2025 | G19: Q4 2025
B20: Monthly active users ('000s) | D20: 42357 | E20: 42684 | F20: 41562 | G20: 41112
B21: QoQ change | E21: =E20/D20-1 -> 0.0077200935 | F21: =F20/E20-1 -> -0.026286196 | G21: =G20/F20-1 -> -0.010827198
B22: Self-pay subscribers ('000s) | D22: 5705 | E22: 5706 | F22: 5691 | G22: 5630
B23: QoQ change | E23: =E22/D22-1 -> 0.00017528484 | F23: =F22/E22-1 -> -0.0026288118 | G23: =G22/F22-1 -> -0.010718679
B24: Ad supported listener hours (in billions) | D24: 2.35 | E24: 2.58 | F24: 2.49 | G24: =I24-SUM(D24:F24) -> 2.33 | I24: 9.75
B25: QoQ change | E25: =E24/D24-1 -> 0.09787234 | F25: =F24/E24-1 -> -0.034883721 | G25: =G24/F24-1 -> -0.064257028
B26: RPM ($) / month | D26: 87.23 | E26: 85.97 | F26: 91.24 | G26: =((I24*I26)-(SUM(D24:F24)*88.14))/(I24-SUM(D24:F24)) -> 103.37176 | I26: 91.78
B27: QoQ change | E27: =E26/D26-1 -> -0.014444572 | F27: =F26/E26-1 -> 0.061300454 | G27: =G26/F26-1 -> 0.13296536
B29: Revenue | C29: Q1 2026 | D29: Q1 2025 | E29: Q2 2025 | F29: Q3 2025 | G29: Q4 2025 | I29: 2025A | J29: 2026E
B30: Equipment revenue | C30: ='Revenue split'!H8 -> 41 | D30: 41 | E30: 46 | F30: 43 | G30: =I30-SUM(D30:F30) -> 48 | I30: 178
B31: As a % of 2025A | E31: =E30/$I$30 -> 0.25842697 | F31: =F30/$I$30 -> 0.24157303 | G31: =G30/$I$30 -> 0.26966292
B32: Other revenue | C32: ='Revenue split'!H9 -> 31 | D32: 31 | E32: 31 | F32: 32 | G32: =I32-SUM(D32:F32) -> 28 | I32: 122
B33: As a % of 2025A | E33: =E32/$I$32 -> 0.25409836 | F33: =F32/$I$32 -> 0.26229508 | G33: =G32/$I$32 -> 0.2295082
B36: $mm | C36: Q1 2026A
B37: Total Revenue | C37: 2091
B38: Cost of servies | C38: 986
B39: Subscriber acquisition costs | C39: 100 | E39: =C39/$C$43 -> 0.20920502
B40: Sales and marketing | C40: 187 | E40: =C40/$C$43 -> 0.39121339
B41: Product and technology | C41: 69 | E41: =C41/$C$43 -> 0.14435146
B42: Intended general and administrative expense | C42: 122 | E42: =C42/$C$43 -> 0.25523013
C43: =SUM(C39:C42) -> 478

Sheet Base Case Model -->

Sheet Base Case Assumptions
B2: Base Case | C2: Annual | F2: Quarterly | J2: Annual
B3: SiriusXM assumptions | C3: 2023A | D3: 2024A | E3: 2025A | F3: Q1 2026A | G3: Q2 2026E | H3: Q3 2026E | I3: Q4 2026E | J3: 2026E | K3: 2027E | L3: 2028E | M3: Basis | O3: Sel-pay subscribers | P3: Q1 2026 | Q3: Q1 2025 | R3: Q2 2025 | S3: Q3 2025 | T3: Q4 2025
B4: Self-pay subscribers ( '000s) +/- | D4: =D5/C5-1 -> -0.0092667961 | E4: =E5/D5-1 -> -0.0095114706 | F4: =F5/E5-1 -> -0.0035412346 | G4: =R5 -> -68 | H4: =S5 -> -40 | I4: =T5 -> 110 | J4: =J5-E5 -> -109 | K4: =J4 -> -109 | L4: =K4 -> -109 | M4: • 2026 QoQ: We base this off of 2025 QoQ movements i.e., declines / inclines (Source: SiriusXM Q2 2025 earnings release, SiriusXM Q3 2025 earnings release,SiriusXM Q4 2025 earnings release) • 2027E and 2028E: same as 2026E | O4: 000s | P4: 31234 | Q4: 31343 | R4: 31275 | S4: 31235 | T4: 31345
B5: Self-pay subscribers ( '000s) | C5: =KPIs!C4 -> 31942 | D5: =KPIs!D4 -> 31646 | E5: =KPIs!E4 -> 31345 | F5: =KPIs!F4 -> 31234 | G5: =KPIs!F4+'Base Case Assumptions'!G4 -> 31166 | H5: =G5+H4 -> 31126 | I5: =H5+I4 -> 31236 | J5: =I5 -> 31236 | K5: =J5+K4 -> 31127 | L5: =K5+L4 -> 31018 | O5: QoQ chanhe (in '000s) | R5: =R4-Q4 -> -68 | S5: =S4-R4 -> -40 | T5: =T4-S4 -> 110
B6: Paid promotional ('000s) +/- | D6: =D7-C7 -> -353 | E6: =E7-D7 -> 2 | F6: =F7-E7 -> -37 | G6: 2 | H6: 51 | I6: 8 | J6: =J7-E7 -> 24 | K6: =K7-F7 -> 61 | L6: =L7-G7 -> 59
B7: Paid promotional ('000s) | C7: =KPIs!C5 -> 1933 | D7: =KPIs!D5 -> 1580 | E7: =KPIs!E5 -> 1582 | F7: =KPIs!F5 -> 1545 | G7: =F7+G6 -> 1547 | H7: =G7+H6 -> 1598 | I7: =H7+I6 -> 1606 | J7: =I7 -> 1606 | K7: =J7 -> 1606 | L7: =K7 -> 1606
B8: Weighted average subscribers ('000s) | C8: =KPIs!C8 -> 33993 | D8: =KPIs!D8 -> 33292 | E8: =KPIs!E8 -> 32797 | F8: =KPIs!F8 -> 32799 | G8: =(F8+'Base Case Assumptions'!G5+'Base Case Assumptions'!G7)/2 -> 32756 | H8: =(G5+G7+H5+H7)/2 -> 32718.5 | I8: =(H5+H7+I5+I7)/2 -> 32783 | J8: =(F8*90+G8*91+H8*92+I8*92)/365 -> 32763.956 | K8: =(J5+J7+K5+K7)/2 -> 32787.5 | L8: =(K5+K7+L5+L7)/2 -> 32678.5 | M8: • Q2 2026: (Q1 2026 + Q2 2026 self-pay subscribers + Q2 2026 Paid promotional)/2 • Q3 & Q4 2026, 2027E, 2028E : Same as above | O8: $ | P8: Q1 2026 | Q8: Q1 2025 | R8: Q2 2025 | S8: Q3 2025 | T8: Q4 2025
B9: Churn | G9: 0.015 | H9: 0.016 | I9: 0.014 | J9: =AVERAGE(KPIs!F9,'Base Case Assumptions'!G9:I9) -> 0.015 | K9: =J9 -> 0.015 | L9: =K9 -> 0.015 | M9: • The quarterly values reproduce actual 2025 seasonality: Q2 2025: 1.5%, Q2 10-Q p. 50. Q3 2025: 1.6%, Q3 10-Q p. 51. Q4 2025: 1.4%, FY2025 release p. 10. Q1 2026 actual: 1.5%, Q1 2026 10-Q pp. 41–42. Q1’s improvement was attributed to lower vehicle-related and non-pay churn, partly offset by higher voluntary churn. Holding 1.5% thereafter assumes no additional improvement.
B10: ARPU ($) | C10: =KPIs!C10 -> 15.56 | D10: =KPIs!D10 -> 15.21 | E10: =KPIs!E10 -> 15.11 | F10: =KPIs!F10 -> 14.99 | G10: =R10+(F10-Q10) -> 15.35 | H10: =S10+P11 -> 15.32 | I10: =T10+P11 -> 15.24 | J10: =AVERAGE(F10:I10) -> 15.225 | K10: =J10*(1+0.5%) -> 15.301125 | L10: =K10*(1+0.5%) -> 15.377631 | M10: • ARPU shows quarterly seasonality and mix effects. As such, we use: Q2 2026 = Q2 2025 + (Q1 2026 - Q1 2025) Q2 2026 = $15.22 + ($14.99 - $14.86) = $15.22 + $0.13 Q3 & Q4 2026 = same as above • 2026E: Average of all quarters • 2027E and 2028E: 0.5% increase YoY. It assumes SiriusXM retains modest pricing power but recognises that promotional plans and subscriber mix can prevent headline price increases from fully flowing through to ARPU. | N10: --------------> | O10: ARPU ($) /month | P10: =F10 -> 14.99 | Q10: 14.86 | R10: 15.22 | S10: 15.19 | T10: 15.11
O11: Q1 2026 - Q1 2025 | P11: =P10-Q10 -> 0.13
B12: Pandora assumptions | C12: 2023A | D12: 2024A | E12: 2025A | F12: Q1 2026A | G12: Q2 2026E | H12: Q3 2026E | I12: Q4 2026E | J12: 2026E | K12: 2027E | L12: 2028E | M12: Basis
B13: Monthly active users multiplier (x) | D13: =D14/C14-1 -> -0.058271412 | E13: =E14/D14-1 -> -0.051495017 | F13: =F14/E14-1 -> -0.025394046 | G13: =Misc.!E21 -> 0.0077200935 | H13: =Misc.!F21 -> -0.026286196 | I13: =Misc.!G21 -> -0.010827198 | J13: 0 | K13: -0.05 | L13: -0.05 | M13: • Refer to Misc. tab (Using 2025 quarter changes as a proxy for 2026) • The company reported approximately 5% YoY MAU declines at both year-end 2025 and Q1 2026, driven by churn and fewer new users. Therefore, the 5% annual decline is continued for 2027–2028.
B14: Monthly active users ('000s) | C14: =KPIs!C14 -> 46026 | D14: =KPIs!D14 -> 43344 | E14: =KPIs!E14 -> 41112 | F14: =KPIs!F14 -> 40068 | G14: =F14*(1+'Base Case Assumptions'!G13) -> 40377.329 | H14: =G14*(1+'Base Case Assumptions'!H13) -> 39315.962 | I14: =H14*(1+'Base Case Assumptions'!I13) -> 38890.281 | J14: =I14 -> 38890.281 | K14: =J14*(1+K13) -> 36945.767 | L14: =K14*(1+L13) -> 35098.478
B15: Self-pay subscribers ('000s) changes | D15: =D16/C16-1 -> -0.046092847 | E15: =E16/D16-1 -> -0.024939383 | F15: =F16/E16-1 -> -0.0058614565 | G15: =Misc.!E23 -> 0.00017528484 | H15: =Misc.!F23 -> -0.0026288118 | I15: =Misc.!G23 -> -0.010718679 | J15: 0 | K15: -0.02 | L15: =K15 -> -0.02 | M15: • Q2 2026 = Q1 2026 + (Q2 2025 - Q1 2025). Same for Q3 and Q4 2026. • For 2027 and 2028, we use a 2% annual decline because Pandora subscribers declined by 2% in FY2025 and were also down 2% YoY in Q1 2026.
B16: Self-pay subscribers ('000s) | C16: =KPIs!C15 -> 6053 | D16: =KPIs!D15 -> 5774 | E16: =KPIs!E15 -> 5630 | F16: =KPIs!F15 -> 5597 | G16: =F16+'Base Case Assumptions'!G15 -> 5597.0002 | H16: =G16+H15 -> 5596.9975 | I16: =H16+I15 -> 5596.9868 | J16: =I16 -> 5596.9868 | K16: =J16*(1+K15) -> 5485.0471 | L16: =K16*(1+L15) -> 5375.3461
B17: Weighted average subscribers ('000s) | C17: =KPIs!C16 -> 6169 | D17: =KPIs!D16 -> 5929 | E17: =KPIs!E16 -> 5698 | F17: =KPIs!F16 -> 5605 | G17: =(G16*90+F16*90)/(90+90) -> 5597.0001 | H17: =(H16*90+G16*90)/(90+90) -> 5596.9989 | I17: =(I16*90+H16*90)/(90+90) -> 5596.9922 | J17: =(F16*90+G17*90+H17*90+I17*90)/365 -> 5520.3266 | K17: =(J16*90+K16*90)/(90+90) -> 5541.017 | L17: =(K16*90+L16*90)/(90+90) -> 5430.1966 | M17: • Q1 2026 reflects the reported daily weighted-average subscriber count. Q2–Q4 forecasts approximate weighted-average subscribers using the average of beginning and ending quarterly subscriber balances. FY2026 is day-weighted across the four quarters. • 2027E = (2026E + 2027E)/2 • 2028E = same as above
B18: Ad-supported listener hours (bn) | C18: =KPIs!C17 -> 10.48 | D18: =KPIs!D17 -> 9.94 | E18: =KPIs!E17 -> 9.75 | F18: =KPIs!F17 -> 2.221 | G18: =F18*(1+Misc.!E25) -> 2.4383745 | H18: =G18*(1+Misc.!F25) -> 2.3533149 | I18: =H18*(1+Misc.!G25) -> 2.2020979 | J18: =SUM(F18:I18) -> 9.2147872 | K18: =J18*(1+($E$18/$D$18-1)) -> 9.0386494 | L18: =K18*(1+($E$18/$D$18-1)) -> 8.8658785 | M18: • Q2 to Q4: Same as 2025 quarters • 2027E and 2028E: Same as (2025A/2024A-1)
B19: RPM ($) | C19: =KPIs!C18 -> 99.39 | D19: =KPIs!D18 -> 100.59 | E19: =KPIs!E18 -> 91.78 | F19: =KPIs!F18 -> 84.11 | G19: =$F$19*(Misc.!E26/Misc.!D26) -> 82.895067 | H19: =$F$19*(Misc.!F26/Misc.!E26) -> 89.265981 | I19: =$F$19*(Misc.!G26/Misc.!F26) -> 95.293717 | J19: =AVERAGE(F19:I19) -> 87.891191 | K19: =AVERAGE(J19,F19) -> 86.000596 | L19: =KPIs!E18 -> 91.78 | M19: • Q2 2026: Q1 2026 RPM was 3.58% below Q1 2025. Apply the same YoY reduction to each corresponding 2025 quarter. FY2026 RPM is then weighted by listener hours. • 2027: assume RPM recovers halfway from $88.50 to the 2025 level of $91.78. For 2028, assume it returns to $91.78.
B20: Implied On-platform Pandora avertising revenue | C20: =C18*C19 -> 1041.6072 | D20: =D18*D19 -> 999.8646 | E20: =E18*E19 -> 894.855 | F20: =F18*F19 -> 186.80831 | G20: =G18*G19 -> 202.12922 | H20: =H18*H19 -> 210.07096 | I20: =I18*I19 -> 209.84609 | J20: =J18*J19 -> 809.89863 | ... L20: =L18*L19 -> 813.71033 | M20: RPM excludes AdsWizz and other off-platform revenue. Therefore: Listener hours × RPM = implied on-platform Pandora advertising revenue
B21: Reported Total Pandora avertising revenue | C21: ='Revenue split'!E12 -> 1589 | D21: ='Revenue split'!F12 -> 1606 | E21: ='Revenue split'!G12 -> 1615 | F21: ='Revenue split'!H12 -> 372
B22: Implied Off-platform revenue ($mm) | C22: =C21-C20 -> 547.3928 | D22: =D21-D20 -> 606.1354 | E22: =E21-E20 -> 720.145 | F22: =F21-F20 -> 185.19169 | G22: =172.2*(1+Misc.!C8) -> 212.83412 | H22: =Misc.!F6*(1+Misc.!$C$8) -> 232.91548 | I22: =Misc.!G6*(1+Misc.!$C$8) -> 259.1399 | J22: =SUM(F22:I22) -> 890.08119 | K22: =J22*(1+Misc.!$J$9) -> 1020.9161 | L22: =K22*(1+Misc.!$J$9) -> 1170.9827 | M22: • Q2 2026 off-platform revenue is forecast by applying Q1 2026’s implied 23.6% YoY off-platform growth rate to Q2 2025 implied off-platform revenue. Historical off-platform revenue is derived as reported Pandora and off-platform advertising revenue less listener hours multiplied by RPM. • SiriusXM reported Pandora advertising revenue of $372m in Q1 2026 versus $355m in Q1 2025 and said growth came from podcasts, programmatic demand and technology fees. It also expects growth from “off-platform monetization, including through podcasts” and higher technology fees. Q1 2026 Form 10-Q, printed pg 36.
B24: Revenue-growth assumptions | C24: 2023A | D24: 2024A | E24: 2025A | F24: Q1 2026A | G24: Q2 2026 | H24: Q3 2026 | I24: Q4 2026 | J24: 2026E | K24: 2027E | L24: 2028E | M24: Status
B25: SiriusXM advertising ($mm) | C25: ='Revenue split'!E7 -> 169 | D25: ='Revenue split'!F7 -> 167 | E25: ='Revenue split'!G7 -> 157 | F25: ='Revenue split'!H7 -> 35 | G25: =Misc.!E13 -> 38 | H25: =Misc.!F13 -> 39 | I25: =Misc.!G13 -> 41 | J25: =157*(1 + 0%) -> 157 | M25: • Using 2025 quarterly nos. as proxy for 2026
B26: SiriusXM advertising | C26: ='Revenue split'!E7/'Revenue split'!E13 -> 0.018876354 | D26: ='Revenue split'!F7/'Revenue split'!F13 -> 0.019197609 | E26: ='Revenue split'!G7/'Revenue split'!G13 -> 0.018345408 | F26: ='Revenue split'!H7/'Revenue split'!H13 -> 0.016738403 | G26: =((($E$25*(1+$J26)-$F$25)*G25/SUM($G$25:$I$25))/$F$25)-1 -> 0.12251816 | H26: =H25/G25-1 -> 0.026315789 | I26: =I25/H25-1 -> 0.051282051 | J26: 0 | K26: 0 | L26: 0 | M26: • Latest management guidance indicates SiriusXM advertising revenue will remain relatively flat. FY2026–FY2028 revenue is therefore held flat, with Q2–Q4 2026 distributed using the 2025 quarterly seasonal pattern.
B27: Equipment revenue | C27: N/A | D27: N/A | E27: N/A | F27: N/A | G27: =((('Revenue split'!$G$8*(1+$J27)-'Revenue split'!$H$8)*Misc.!E30/SUM(Misc.!E30:G30))/'Revenue split'!$H$8)-1 -> 0.089913469 | H27: =Misc.!F30/Misc.!E30-1 -> -0.065217391 | I27: =Misc.!G30/Misc.!F30-1 -> 0.11627907 | J27: ='Revenue split'!G8/'Revenue split'!F8-1 -> -0.021978022 | K27: =J27 -> -0.021978022 | L27: =K27 -> -0.021978022 | M27: • Management expects equipment revenue to decline due to the transition to next-generation chipsets. • The model applies the 2025 actual decline of 2.2% annually, with quarterly revenue distributed using the 2025 seasonal pattern.
B28: Other revenue | C28: N/A | D28: ='Revenue split'!F9/'Revenue split'!E9-1 -> -0.058823529 | E28: ='Revenue split'!G9/'Revenue split'!F9-1 -> -0.046875 | F28: N/A | G28: =((('Revenue split'!$G$9*(1+$J28)-'Revenue split'!$H$9)*Misc.!E32/SUM(Misc.!E32:G32))/'Revenue split'!$H$9)-1 -> 0 | H28: =Misc.!F32/Misc.!E32-1 -> 0.032258065 | I28: =Misc.!G32/Misc.!F32-1 -> -0.125 | J28: 0 | K28: 0 | L28: 0 | M28: • Management expects other revenue to remain relatively flat. ̐• Annual revenue is held at the FY2025 level, while Q2–Q4 2026 follows the 2025 quarterly seasonal pattern.
B29: Pandora revenue per subscriber growth (%) | C29: N/A | D29: N/A | E29: N/A | F29: N/A | G29: 0 | H29: 0 | I29: 0 | J29: =I29 -> 0 | K29: -0.005 | L29: =K29 -> -0.005 | M29: • Held flat in 2026 because Q1 2026 implied revenue per subscriber was broadly unchanged YoY. • A modest 0.5% annual decline is assumed in 2027–2028, partially offsetting but not eliminating the impact of subscriber attrition. • The model assumes subscriber revenue declines mainly due to fewer subscribers, with pricing broadly offsetting some attrition. SiriusXM said Q1 subscriber revenue declined primarily because of the smaller subscriber base and expects subscriber revenue to decline modestly.
B32: Consolidated cost and EBITDA assumptions | C32: 2023A | D32: 2024A | E32: 2025A | F32: Q1 2026A | G32: Q2 2026 | H32: Q3 2026 | I32: Q4 2026 | J32: 2026E | K32: 2027E | L32: 2028E | M32: Basis
B33: Cost of services (as a % of revenue) | C33: ='Financial One Pager'!J24/'Financial One Pager'!J23 -> 0.47012175 | D33: ='Financial One Pager'!K24/'Financial One Pager'!K23 -> 0.47465226 | E33: ='Financial One Pager'!L24/'Financial One Pager'!L23 -> 0.48118719 | F33: ='Financial One Pager'!M24/'Financial One Pager'!M23 -> 0.47966437 | G33: =$J$33 -> 0.47437648 | H33: =$J$33 -> 0.47437648 | I33: =$J$33 -> 0.47437648 | J33: =AVERAGE(C33:E33,Misc.!C38/Misc.!C37) -> 0.47437648 | K33: =J33 -> 0.47437648 | L33: =K33 -> 0.47437648 | M33: • Base cost-of-services ratio set to the average of FY2025 actual inclusive cost of services / revenue and Q1 2026 actual inclusive cost of services / revenue. Held flat thereafter; detailed quarterly and outer-year mix by segment is unspecified.
B34: Share-based compensation (as a % of revenue) | C34: N/A | D34: N/A | E34: N/A | F34: N/A | G34: =$J$34 -> 0.023487383 | H34: =$J$34 -> 0.023487383 | I34: =$J$34 -> 0.023487383 | J34: =AVERAGE('Financial One Pager'!L32/'Financial One Pager'!L23,54/2091) -> 0.023487383 | K34: =J34 -> 0.023487383 | L34: =K34 -> 0.023487383 | M34: • Share-based compensation ratio set to the average of FY2025 actual and Q1 2026 actual. No formal long-term Share-Based Compensation guide is disclosed, so the ratio is held flat.
B35: Legal settlements / reserves | C35: N/A | D35: N/A | E35: N/A | F35: N/A | G35: =0 -> 0 | H35: =0 -> 0 | I35: =0 -> 0 | J35: =1 -> 1 | K35: 0 | L35: 0 | M35: • Only Q1 2026 actual legal settlements / reserves of $1mm are included in FY2026. No forward one-off settlements are assumed absent specific disclosure.
B36: Adjusted EBITDA margin target | C36: N/A | D36: N/A | E36: N/A | F36: N/A | G36: N/A | H36: N/A | I36: N/A | J36: =2600/'Base Case Forecast '!K31 -> 0.30062527 | K36: =J36+0.0025 -> 0.30312527 | L36: =K36+0.0025 -> 0.30562527 | M36: • FY2026 adjusted EBITDA is anchored to management’s approximately $2.6bn guidance. • FY2027-FY2028 assume 25 bps annual margin expansion from operating leverage; specific outer-year company guidance is unspecified
B37: Subscriber acquisition costs mix of below-gross opex | C37: ='Financial One Pager'!J26/'Financial One Pager'!J23 -> 0.040098291 | D37: ='Financial One Pager'!K26/'Financial One Pager'!K23 -> 0.042418669 | E37: ='Financial One Pager'!L26/'Financial One Pager'!L23 -> 0.048375789 | F37: N/A | G37: =$J$37 -> 0.20883212 | H37: =$J$37 -> 0.20883212 | I37: =$J$37 -> 0.20883212 | J37: =AVERAGE('Financial One Pager'!L26/SUM('Financial One Pager'!L26:L29),Misc.!E39) -> 0.20883212 | K37: =J37 -> 0.20883212 | L37: =K37 -> 0.20883212 | M37: • Residual below-gross opex is allocated using the average of FY2025 actual and Q1 2026 actual functional cost mix.
B38: Sales and marketing mix of below-gross opex | C38: ='Financial One Pager'!J27/'Financial One Pager'!J24 -> 0.22119268 | D38: ='Financial One Pager'!K27/'Financial One Pager'!K24 -> 0.21651732 | E38: ='Financial One Pager'!L27/'Financial One Pager'!L24 -> 0.18455561 | F38: N/A | G38: =$J$38 -> 0.38694607 | H38: =$J$38 -> 0.38694607 | I38: =$J$38 -> 0.38694607 | J38: =AVERAGE('Financial One Pager'!L27/SUM('Financial One Pager'!L26:'Financial One Pager'!L29),Misc.!E40) -> 0.38694607 | K38: =J38 -> 0.38694607 | L38: =K38 -> 0.38694607 | M38: Same residual-allocation methodology as above.
B39: Product and technology mix of below-gross opex | C39: ='Financial One Pager'!J28/'Financial One Pager'!J25 -> 0.067875211 | D39: ='Financial One Pager'!K28/'Financial One Pager'!K25 -> 0.064770241 | E39: ='Financial One Pager'!L28/'Financial One Pager'!L25 -> 0.059234234 | F39: N/A | G39: =$J$39 -> 0.13838923 | H39: =$J$39 -> 0.13838923 | I39: =$J$39 -> 0.13838923 | J39: =AVERAGE('Financial One Pager'!L28/SUM('Financial One Pager'!L26:'Financial One Pager'!L29),Misc.!E41) -> 0.13838923 | K39: =J39 -> 0.13838923 | L39: =K39 -> 0.13838923 | M39: Same residual-allocation methodology as above.
B40: General and administrative mix of below-gross opex | C40: ='Financial One Pager'!J29/'Financial One Pager'!J26 -> 1.6935933 | D40: ='Financial One Pager'!K29/'Financial One Pager'!K26 -> 1.3468835 | E40: ='Financial One Pager'!L29/'Financial One Pager'!L26 -> 1.326087 | F40: N/A | G40: =$J$40 -> 0.26583259 | H40: =$J$40 -> 0.26583259 | I40: =$J$40 -> 0.26583259 | J40: =1-SUM(J37:J39) -> 0.26583259 | K40: =J40 -> 0.26583259 | L40: =K40 -> 0.26583259 | M40: Residual balancing line so below-gross opex mix sums to 100%.
B42: CFS ($mm) | C42: 2023A | D42: 2024A | E42: 2025A | F42: Q1 2026A | G42: Q2 2026 | H42: Q3 2026 | I42: Q4 2026 | J42: 2026E | K42: 2027E | L42: 2028E | M42: Basis
B43: Cash taxes paid as a % of EBITDA | C43: =-'Financial One Pager'!J42/'Financial One Pager'!J41 -> 0.059825961 | D43: =-'Financial One Pager'!K42/'Financial One Pager'!K41 -> 0.080235554 | E43: =-'Financial One Pager'!L42/'Financial One Pager'!L41 -> 0.058536585 | F43: =-'Financial One Pager'!M42/'Financial One Pager'!M41 -> 0.056624722 | G43: N/A | H43: N/A | I43: N/A | J43: =-'Financial One Pager'!L42/'Financial One Pager'!L34 -> 0.058536585 | K43: =J43 -> 0.058536585 | L43: =K43 -> 0.058536585 | M43: • FY2025 cash taxes paid of $156m divided by FY2025 Adjusted EBITDA of $2,665m, giving a 5.85% cash-tax-to-EBITDA rate. SiriusXM paid no cash income taxes in Q1 2026, reflecting payment timing rather than a sustainable zero-cash-tax rate. The FY2025 normalized rate is therefore used for the forecast period. • The Q1 2026 filing reports $0 cash income taxes paid, compared with $3 million in Q1 2025.
B44: Cash interest paid | C44: ='Financial One Pager'!J43 -> -507 | D44: ='Financial One Pager'!K43 -> -473 | E44: ='Financial One Pager'!L43 -> -439 | F44: -205 | G44: =($J$44+205)/3 -> -73.333333 | H44: =($J$44+205)/3 -> -73.333333 | I44: =($J$44+205)/3 -> -73.333333 | J44: =-425 -> -425 | K44: -386 | L44: -286 | M44: • See adjacent screenshot • Q1 2026: $205.00mm • Q2 to Q4: (2026 - Q1 2026)/3
B45: Working capital as a % of revenue | C45: ='Financial One Pager'!J45/'Financial One Pager'!J23 -> -0.0055847202 | D45: ='Financial One Pager'!K45/'Financial One Pager'!K23 -> -0.012530176 | E45: ='Financial One Pager'!L45/'Financial One Pager'!L23 -> -0.0029212433 | F45: ='Financial One Pager'!M45/'Financial One Pager'!M23 -> -0.011537117 | G45: N/A | H45: N/A | I45: N/A | J45: ='Financial One Pager'!L45/'Financial One Pager'!L23 -> -0.0029212433 | K45: =J45 -> -0.0029212433 | L45: =K45 -> -0.0029212433 | M45: • Using 2025 as a proxy for 2026
B46: Debt borrowings / repayments | C46: ='Financial One Pager'!J51 -> -1101 | D46: ='Financial One Pager'!K51 -> -709 | E46: ='Financial One Pager'!L51 -> -679 | F46: 22 | G46: =-(SUM('Base Case Debt schedule'!D4:D6)) -> -83.75 | H46: =-(SUM('Base Case Debt schedule'!E4:E6)) -> -13.75 | I46: =-(SUM('Base Case Debt schedule'!F4:F6)) -> -13.75 | J46: =SUM(G46:I46) -> -111.25 | K46: =-SUM('Base Case Debt schedule'!I4:I6) -> -1594.75 | L46: =-SUM('Base Case Debt schedule'!J4:J6) -> -2575 | M46: • See the "Debt Repayment Schedule" tab
B47: Share repurchases | C47: ='Financial One Pager'!J53 -> -274 | D47: ='Financial One Pager'!K53 -> -6 | E47: ='Financial One Pager'!L53 -> -136 | F47: -22 | G47: 0 | H47: 0 | I47: 0 | J47: =-22+SUM(G47:I47) -> -22 | K47: 0 | L47: 0 | M47: * The -22 represents Q1 2026 actual repurchases. • Q1 2026 actual share repurchases were $22m. No additional repurchases are assumed while SiriusXM prioritizes deleveraging toward its low-to-mid 3x leverage target. Although $1.003bn remained authorized at March 31, 2026, an authorization does not require the company to repurchase shares.
B48: Dividend/Share | C48: N/A | D48: N/A | E48: N/A | F48: N/A | G48: =0.27 -> 0.27 | H48: =G48 -> 0.27 | I48: =H48 -> 0.27 | J48: =0.27+SUM(G48:I48) -> 1.08 | K48: =J48 -> 1.08 | L48: =K48 -> 1.08 | M48: • Quarterly dividend held at the latest declared rate of $0.27 per share. FY2026 equals four quarterly payments, or $1.08 per share. No dividend growth is assumed for 2027–2028 absent explicit guidance.
B49: Diluted shares outstanding (mm) | C49: N/A | D49: N/A | E49: N/A | F49: N/A | G49: 338 | H49: =G49 -> 338 | I49: =H49 -> 338 | J49: =AVERAGE(338,G49:I49) -> 338 | K49: =J49 -> 338 | L49: =K49 -> 338 | M49: • Based on Q1 2026 diluted weighted-average shares outstanding of 338mm. Held flat because no additional share repurchases are forecast and the net effect of future stock-based issuance is not separately guided.
B50: FCF | C50: ='Financial One Pager'!J50 -> 1545 | D50: ='Financial One Pager'!K50 -> 1434 | E50: ='Financial One Pager'!L50 -> 1533 | F50: 171 | G50: =($J$50-171)*'Base Case Forecast '!G44/SUM('Base Case Forecast '!$G$44:$I$44) -> 388.86486 | H50: =($J$50-171)*'Base Case Forecast '!H44/SUM('Base Case Forecast '!$G$44:$I$44) -> 392.90708 | I50: =J50-G50-H50-171 -> 397.22806 | J50: 1350 | K50: 1500 | L50: =K50*('Base Case Forecast '!M44/'Base Case Forecast '!L44) -> 1543.3916 | M50: • SiriusXM reaffirmed approximately $1.35bn of FY2026 FCF and stated that it is driving toward a $1.5bn 2027 objective. The quarterly allocation below is an analyst allocation based on quarterly EBITDA; management only provides annual guidance. • Q1 2026 FCF = $171mm

Sheet Base Case Forecast 
B2: KPIs ( '000s) | C2: 2023A | D2: 2024A | E2: 2025A | F2: Q1 2026A | G2: Q2 2026E | H2: Q3 2026E | I2: Q4 2026E | K2: 2026E | L2: 2027E | M2: 2028E
B3: SiriusXM
B4: Self-pay subscribers | C4: =KPIs!C4 -> 31942 | D4: =KPIs!D4 -> 31646 | E4: =KPIs!E4 -> 31345 | F4: =KPIs!F4 -> 31234 | G4: =KPIs!F4+'Base Case Assumptions'!G4 -> 31166 | H4: =G4+'Base Case Assumptions'!H4 -> 31126 | I4: =H4+'Base Case Assumptions'!I4 -> 31236 | K4: =I4 -> 31236 | L4: ='Base Case Assumptions'!K5 -> 31127 | M4: ='Base Case Assumptions'!L5 -> 31018
B5: Paid promotional subscribers | C5: =KPIs!C5 -> 1933 | D5: =KPIs!D5 -> 1580 | E5: =KPIs!E5 -> 1582 | F5: =KPIs!F5 -> 1545 | G5: =KPIs!F5+'Base Case Assumptions'!G6 -> 1547 | H5: =G5+'Base Case Assumptions'!H6 -> 1598 | I5: =H5+'Base Case Assumptions'!I6 -> 1606 | K5: =I5 -> 1606 | L5: ='Base Case Assumptions'!K7 -> 1606 | M5: ='Base Case Assumptions'!L7 -> 1606
B6: Ending subscribers | C6: =C4+C5 -> 33875 | D6: =D4+D5 -> 33226 | E6: =E4+E5 -> 32927 | F6: =KPIs!F6 -> 32779 | G6: =SUM(G4:G5) -> 32713 | H6: =SUM(H4:H5) -> 32724 | I6: =SUM(I4:I5) -> 32842 | K6: =SUM(K4:K5) -> 32842 | L6: =SUM(L4:L5) -> 32733 | M6: =SUM(M4:M5) -> 32624
B7: Weighted average subscribers | C7: =KPIs!C8 -> 33993 | D7: =KPIs!D8 -> 33292 | E7: =KPIs!E8 -> 32797 | F7: =KPIs!F8 -> 32799 | G7: ='Base Case Assumptions'!G8 -> 32756 | H7: ='Base Case Assumptions'!H8 -> 32718.5 | I7: ='Base Case Assumptions'!I8 -> 32783 | K7: ='Base Case Assumptions'!J8 -> 32763.956 | L7: ='Base Case Assumptions'!K8 -> 32787.5 | M7: ='Base Case Assumptions'!L8 -> 32678.5
B8: Average self-pay monthly churn | C8: =KPIs!C9 -> 0.016 | D8: =KPIs!D9 -> 0.016 | E8: =KPIs!E9 -> 0.015 | F8: =KPIs!F9 -> 0.015 | G8: ='Base Case Assumptions'!G9 -> 0.015 | H8: ='Base Case Assumptions'!H9 -> 0.016 | I8: ='Base Case Assumptions'!I9 -> 0.014 | K8: ='Base Case Assumptions'!J9 -> 0.015 | L8: ='Base Case Assumptions'!K9 -> 0.015 | M8: ='Base Case Assumptions'!L9 -> 0.015
B9: ARPU ($) / month | C9: =KPIs!C10 -> 15.56 | D9: =KPIs!D10 -> 15.21 | E9: =KPIs!E10 -> 15.11 | F9: =KPIs!F10 -> 14.99 | G9: ='Base Case Assumptions'!G10 -> 15.35 | H9: ='Base Case Assumptions'!H10 -> 15.32 | I9: ='Base Case Assumptions'!I10 -> 15.24 | K9: ='Base Case Assumptions'!J10 -> 15.225 | L9: ='Base Case Assumptions'!K10 -> 15.301125 | M9: ='Base Case Assumptions'!L10 -> 15.377631
B10: Pandora & Off-platform
B11: Monthly active users - all services | C11: 46,026 | D11: 43344 | E11: 41112 | F11: =KPIs!F14 -> 40068 | G11: =F11*(1+'Base Case Assumptions'!G13) -> 40377.329 | H11: =G11*(1+'Base Case Assumptions'!H13) -> 39315.962 | I11: =H11*(1+'Base Case Assumptions'!I13) -> 38890.281 | K11: =I11 -> 38890.281 | L11: =K11*(1+'Base Case Assumptions'!K13) -> 36945.767 | M11: =L11*(1+'Base Case Assumptions'!L13) -> 35098.478
B12: Self-pay subscribers | C12: =KPIs!C15 -> 6053 | D12: =KPIs!D15 -> 5774 | E12: =KPIs!E15 -> 5630 | F12: =KPIs!F15 -> 5597 | G12: ='Base Case Assumptions'!G16 -> 5597.0002 | H12: ='Base Case Assumptions'!H16 -> 5596.9975 | I12: ='Base Case Assumptions'!I16 -> 5596.9868 | K12: ='Base Case Assumptions'!J16 -> 5596.9868 | L12: ='Base Case Assumptions'!K16 -> 5485.0471 | M12: ='Base Case Assumptions'!L16 -> 5375.3461
B13: Weighted average subscribers | C13: =KPIs!C16 -> 6169 | D13: =KPIs!D16 -> 5929 | E13: =KPIs!E16 -> 5698 | F13: =KPIs!F16 -> 5605 | G13: ='Base Case Assumptions'!G17 -> 5597.0001 | H13: ='Base Case Assumptions'!H17 -> 5596.9989 | I13: ='Base Case Assumptions'!I17 -> 5596.9922 | K13: ='Base Case Assumptions'!J17 -> 5520.3266 | L13: ='Base Case Assumptions'!K17 -> 5541.017 | M13: ='Base Case Assumptions'!L17 -> 5430.1966
B14: Ad-supported listener hours, bn | C14: =KPIs!C17 -> 10.48 | D14: =KPIs!D17 -> 9.94 | E14: =KPIs!E17 -> 9.75 | F14: =KPIs!F17 -> 2.221 | G14: ='Base Case Assumptions'!G18 -> 2.4383745 | H14: ='Base Case Assumptions'!H18 -> 2.3533149 | I14: ='Base Case Assumptions'!I18 -> 2.2020979 | K14: ='Base Case Assumptions'!J18 -> 9.2147872 | L14: ='Base Case Assumptions'!K18 -> 9.0386494 | M14: ='Base Case Assumptions'!L18 -> 8.8658785
B15: Advertising revenue per thousand listener hours (RPM) ($) | C15: =KPIs!C18 -> 99.39 | D15: =KPIs!D18 -> 100.59 | E15: =KPIs!E18 -> 91.78 | F15: =KPIs!F18 -> 84.11 | G15: ='Base Case Assumptions'!G19 -> 82.895067 | H15: ='Base Case Assumptions'!H19 -> 89.265981 | I15: ='Base Case Assumptions'!I19 -> 95.293717 | K15: ='Base Case Assumptions'!J19 -> 87.891191 | L15: ='Base Case Assumptions'!K19 -> 86.000596 | M15: ='Base Case Assumptions'!L19 -> 91.78
B17: Off-platform revenue ($mm) | C17: ='Revenue split'!E12-(C14*C15) -> 547.3928 | D17: ='Revenue split'!F12-(D14*D15) -> 606.1354 | E17: ='Revenue split'!G12-(E14*E15) -> 720.145 | F17: ='Revenue split'!H12-(F14*F15) -> 185.19169 | G17: ='Base Case Assumptions'!G22 -> 212.83412 | H17: ='Base Case Assumptions'!H22 -> 232.91548 | I17: ='Base Case Assumptions'!I22 -> 259.1399 | K17: ='Base Case Assumptions'!J22 -> 890.08119 | L17: ='Base Case Assumptions'!K22 -> 1020.9161 | M17: ='Base Case Assumptions'!L22 -> 1170.9827
B20: SiriusXM Revenue ($mm) | C20: 2023A | D20: 2024A | E20: 2025A | F20: Q1 2026A | G20: Q2 2026E | H20: Q3 2026E | I20: Q4 2026E | K20: 2026E | L20: 2027E | M20: 2028E
B21: Subscriber revenue | C21: ='Revenue split'!E6 -> 6342 | D21: ='Revenue split'!F6 -> 6076 | E21: ='Revenue split'!G6 -> 5960 | F21: ='Revenue split'!H6 -> 1483 | G21: =($K$21-$F$21)*(G7*G9)/SUMPRODUCT($G$7:$I$7,$G$9:$I$9) -> 1505.732 | H21: =($K$21-$F$21)*(H7*H9)/SUMPRODUCT($G$7:$I$7,$G$9:$I$9) -> 1501.0688 | I21: =($K$21-$F$21)*(I7*I9)/SUMPRODUCT($G$7:$I$7,$G$9:$I$9) -> 1496.174 | K21: =K7*K9*12/1000 -> 5985.9748 | L21: =L7*L9*12/1000 -> 6020.2276 | M21: =M7*M9*12/1000 -> 6030.2148 | O21: =Weighted-average subscribers × ARPU x 12/1000
B22: Advertising revenue | C22: ='Revenue split'!E7 -> 169 | D22: ='Revenue split'!F7 -> 167 | E22: ='Revenue split'!G7 -> 157 | F22: ='Revenue split'!H7 -> 35 | G22: =F22*(1+'Base Case Assumptions'!G26) -> 39.288136 | H22: =G22*(1+'Base Case Assumptions'!H26) -> 40.322034 | I22: =H22*(1+'Base Case Assumptions'!I26) -> 42.389831 | K22: =SUM(F22:I22) -> 157 | L22: =K22*(1+'Base Case Assumptions'!K26) -> 157 | M22: =L22*(1+'Base Case Assumptions'!L26) -> 157
B23: Equipment revenue | C23: ='Revenue split'!E8 -> 193 | D23: ='Revenue split'!F8 -> 182 | E23: ='Revenue split'!G8 -> 178 | F23: ='Revenue split'!H8 -> 41 | G23: =F23*(1+'Base Case Assumptions'!G27) -> 44.686452 | H23: =G23*(1+'Base Case Assumptions'!H27) -> 41.772118 | I23: =H23*(1+'Base Case Assumptions'!I27) -> 46.629341 | K23: ='Revenue split'!G8*(1+'Base Case Assumptions'!J27) -> 174.08791 | L23: =K23*(1+'Base Case Assumptions'!K27) -> 170.2618 | M23: =L23*(1+'Base Case Assumptions'!L27) -> 166.51979
B24: Other revenue | C24: ='Revenue split'!E9 -> 136 | D24: ='Revenue split'!F9 -> 128 | E24: ='Revenue split'!G9 -> 122 | F24: ='Revenue split'!H9 -> 31 | G24: =F24*(1+'Base Case Assumptions'!G28) -> 31 | H24: =G24*(1+'Base Case Assumptions'!H28) -> 32 | I24: =H24*(1+'Base Case Assumptions'!I28) -> 28 | K24: ='Revenue split'!G9*(1+'Base Case Assumptions'!J28) -> 122 | L24: =K24*(1+'Base Case Assumptions'!K28) -> 122 | M24: =L24*(1+'Base Case Assumptions'!L28) -> 122
B25: Pandora and Off-platform revenue ($mm) | C25: 2023A | D25: 2024A | E25: 2025A | F25: Q1 2026A | G25: Q2 2026E | H25: Q3 2026E | I25: Q4 2026E | K25: 2026E | L25: 2027E | M25: 2028E
B26: Subscriber revenue | C26: ='Revenue split'!E11 -> 524 | D26: ='Revenue split'!F11 -> 540 | E26: ='Revenue split'!G11 -> 526 | F26: ='Revenue split'!H11 -> 129 | G26: =($K$26-$F$26)*G13/SUM($G$13:$I$13) -> 126.86621 | H26: =($K$26-$F$26)*H13/SUM($G$13:$I$13) -> 126.86618 | I26: =($K$26-$F$26)*I13/SUM($G$13:$I$13) -> 126.86603 | K26: ='Revenue split'!G11*(K13/KPIs!E16)*(1+'Base Case Assumptions'!J29) -> 509.59842 | L26: =K26*(L13/K13)*(1+'Base Case Assumptions'!K29) -> 508.95087 | M26: =L26*(M13/L13)*(1+'Base Case Assumptions'!L29) -> 496.27799 | O26: FY2026 subscriber revenue = FY2025 subscriber revenue × change in weighted-average subscribers × price/mix adjustment
B27: On-platform advertising (Pandora) | C27: =C14*C15 -> 1041.6072 | D27: =D14*D15 -> 999.8646 | E27: =E14*E15 -> 894.855 | F27: =F14*F15 -> 186.80831 | G27: =G14*G15 -> 202.12922 | H27: =H14*H15 -> 210.07096 | I27: =I14*I15 -> 209.84609 | K27: =K14*K15 -> 809.89863 | L27: =L14*L15 -> 777.32924 | M27: =M14*M15 -> 813.71033 | O27: RPM excludes AdsWizz and other off-platform revenue. Therefore: Listener hours × RPM = implied on-platform Pandora advertising revenue
B28: Off-platform advertising (Other audio platforms) | C28: ='Revenue split'!E12-'Base Case Forecast '!C27 -> 547.3928 | D28: ='Revenue split'!F12-'Base Case Forecast '!D27 -> 606.1354 | E28: ='Revenue split'!G12-'Base Case Forecast '!E27 -> 720.145 | F28: =F17 -> 185.19169 | G28: =G17 -> 212.83412 | H28: =H17 -> 232.91548 | I28: =I17 -> 259.1399 | K28: =K17 -> 890.08119 | L28: =L17 -> 1020.9161 | M28: =M17 -> 1170.9827
B29: Total Pandora advertising revenue | C29: =SUM(C27:C28) -> 1589 | D29: =SUM(D27:D28) -> 1606 | E29: =SUM(E27:E28) -> 1615 | F29: =F27+F28 -> 372 | G29: =G27+G28 -> 414.96334 | H29: =H27+H28 -> 442.98644 | I29: =I27+I28 -> 468.98599 | K29: =K27+K28 -> 1699.9798 | L29: =L27+L28 -> 1798.2454 | M29: =M27+M28 -> 1984.6931
B30: Consolidated revenue and EBITDA | C30: 2023A | D30: 2024A | E30: 2025A | F30: Q1 2026A | G30: Q2 2026E | H30: Q3 2026E | I30: Q4 2026E | K30: 2026E | L30: 2027E | M30: 2028E
B31: Total Revenue | C31: =SUM(C21:C24,C26,C29) -> 8953 | D31: =SUM(D21:D24,D26,D29) -> 8699 | E31: =SUM(E21:E24,E26,E29) -> 8558 | F31: =SUM(F21:F24,F26,F29) -> 2091 | G31: =SUM(G21:G24,G26,G29) -> 2162.5361 | H31: =SUM(H21:H24,H26,H29) -> 2185.0156 | I31: =SUM(I21:I24,I26,I29) -> 2209.0452 | K31: =SUM(K21:K24,K26,K29) -> 8648.6409 | L31: =SUM(L21:L24,L26,L29) -> 8776.6857 | M31: =SUM(M21:M24,M26,M29) -> 8956.7057
B32: Revenue growth | D32: =D31/C31-1 -> -0.028370379 | E32: =E31/D31-1 -> -0.01620876 | G32: =G31/F31-1 -> 0.034211452 | H32: =H31/G31-1 -> 0.010394928 | I32: =I31/H31-1 -> 0.010997469 | K32: =K31/'Revenue split'!G13-1 -> 0.010591369 | L32: =L31/K31-1 -> 0.014805183 | M32: =M31/L31-1 -> 0.020511162
B34: Cost of services | C34: ='Financial One Pager'!J24 -> 4209 | D34: ='Financial One Pager'!K24 -> 4129 | E34: ='Financial One Pager'!L24 -> 4118 | F34: =1002 -> 1002 | G34: =G31*'Base Case Assumptions'!G33 -> 1025.8563 | H34: =H31*'Base Case Assumptions'!H33 -> 1036.52 | I34: =I31*'Base Case Assumptions'!I33 -> 1047.9191 | K34: =SUM(F34:I34) -> 4112.2953 | L34: =L31*'Base Case Assumptions'!K33 -> 4163.4532 | M34: =M31*'Base Case Assumptions'!L33 -> 4248.8505
B35: Gross Profit | C35: ='Financial One Pager'!J25 -> 4744 | D35: ='Financial One Pager'!K25 -> 4570 | E35: ='Financial One Pager'!L25 -> 4440 | F35: =F31-F34 -> 1089 | G35: =G31-G34 -> 1136.6799 | H35: =H31-H34 -> 1148.4956 | I35: =I31-I34 -> 1161.1261 | K35: =SUM(F35:I35) -> 4535.3015 | L35: =L31-L34 -> 4613.2324 | M35: =M31-M34 -> 4707.8552
B36: Subscriber acquisition costs | C36: ='Financial One Pager'!J26 -> 359 | D36: ='Financial One Pager'!K26 -> 369 | E36: ='Financial One Pager'!L26 -> 414 | F36: =100 -> 100 | G36: =(G35-G40)*'Base Case Assumptions'!G37 -> 114.77177 | H36: =(H35-H40)*'Base Case Assumptions'!H37 -> 115.96481 | I36: =(I35-I40)*'Base Case Assumptions'!I37 -> 117.24013 | K36: =SUM(F36:I36) -> 447.97672 | L36: =(L35-L40)*'Base Case Assumptions'!K37 -> 450.85572 | M36: =(M35-M40)*'Base Case Assumptions'!L37 -> 455.42718
B37: Sales and marketing | C37: ='Financial One Pager'!J27 -> 931 | D37: ='Financial One Pager'!K27 -> 894 | E37: ='Financial One Pager'!L27 -> 760 | F37: =187 -> 187 | G37: =(G35-G40)*'Base Case Assumptions'!G38 -> 212.66118 | H37: =(H35-H40)*'Base Case Assumptions'!H38 -> 214.87178 | I37: =(I35-I40)*'Base Case Assumptions'!I38 -> 217.23483 | K37: =SUM(F37:I37) -> 831.76779 | L37: =(L35-L40)*'Base Case Assumptions'!K38 -> 835.39281 | M37: =(M35-M40)*'Base Case Assumptions'!L38 -> 843.86328
B38: Product and technology | C38: ='Financial One Pager'!J28 -> 322 | D38: ='Financial One Pager'!K28 -> 296 | E38: ='Financial One Pager'!L28 -> 263 | F38: =69 -> 69 | G38: =(G35-G40)*'Base Case Assumptions'!G39 -> 76.057154 | H38: =(H35-H40)*'Base Case Assumptions'!H39 -> 76.847762 | I38: =(I35-I40)*'Base Case Assumptions'!I39 -> 77.692893 | K38: =SUM(F38:I38) -> 299.59781 | L38: =(L35-L40)*'Base Case Assumptions'!K39 -> 298.77384 | M38: =(M35-M40)*'Base Case Assumptions'!L39 -> 301.80326
B39: General and administrative | C39: ='Financial One Pager'!J29 -> 608 | D39: ='Financial One Pager'!K29 -> 497 | E39: ='Financial One Pager'!L29 -> 549 | F39: 122 | G39: =(G35-G40)*'Base Case Assumptions'!G40 -> 146.09858 | H39: =(H35-H40)*'Base Case Assumptions'!H40 -> 147.61727 | I39: =(I35-I40)*'Base Case Assumptions'!I40 -> 149.24068 | K39: =SUM(F39:I39) -> 564.95653 | L39: =(L35-L40)*'Base Case Assumptions'!K40 -> 573.91623 | M39: =(M35-M40)*'Base Case Assumptions'!L40 -> 579.73546
B40: EBITDA before adjustments | C40: ='Financial One Pager'!J30 -> 2524 | D40: ='Financial One Pager'!K30 -> 2514 | E40: ='Financial One Pager'!L30 -> 2454 | F40: =F35-SUM(F36:F39) -> 611 | G40: =G44-G42-G43 -> 587.09118 | H40: =H44-H42-H43 -> 593.19395 | I40: =I44-I42-I43 -> 599.71758 | K40: =SUM(F40:I40) -> 2391.0027 | L40: =L44-L42-L43 -> 2454.2938 | M40: =M44-M42-M43 -> 2527.026
B41: Adjusted EBITDA reconciliation items
B42: Share-based compensation | C42: ='Financial One Pager'!J32 -> 203 | D42: ='Financial One Pager'!K32 -> 200 | E42: ='Financial One Pager'!L32 -> 181 | F42: 54 | G42: =G31*'Base Case Assumptions'!G34 -> 50.792314 | H42: =H31*'Base Case Assumptions'!H34 -> 51.320297 | I42: =I31*'Base Case Assumptions'!I34 -> 51.88469 | K42: =SUM(F42:I42) -> 207.9973 | L42: =L31*'Base Case Assumptions'!K34 -> 206.14138 | M42: =M31*'Base Case Assumptions'!L34 -> 210.36957
B43: Legal settlements/reserves | C43: ='Financial One Pager'!J33 -> 31 | D43: ='Financial One Pager'!K33 -> 3 | E43: ='Financial One Pager'!L33 -> 30 | F43: 1 | G43: ='Base Case Assumptions'!G35 -> 0 | H43: ='Base Case Assumptions'!H35 -> 0 | I43: ='Base Case Assumptions'!I35 -> 0 | K43: =SUM(F43:I43) -> 1 | L43: ='Base Case Assumptions'!K35 -> 0 | M43: ='Base Case Assumptions'!L35 -> 0
B44: Adj. EBITDA | C44: ='Financial One Pager'!J34 -> 2758 | D44: ='Financial One Pager'!K34 -> 2717 | E44: ='Financial One Pager'!L34 -> 2665 | F44: =SUM(F40,F42:F43) -> 666 | G44: =(('Base Case Assumptions'!$J$36*$K$31)-$F$44)*(G31/SUM($G$31:$I$31)) -> 637.88349 | H44: =(('Base Case Assumptions'!$J$36*$K$31)-$F$44)*(H31/SUM($G$31:$I$31)) -> 644.51424 | I44: =(('Base Case Assumptions'!$J$36*$K$31)-$F$44)*(I31/SUM($G$31:$I$31)) -> 651.60227 | K44: =SUM(F44:I44) -> 2600 | L44: =L31*'Base Case Assumptions'!K36 -> 2660.4352 | M44: =M31*'Base Case Assumptions'!L36 -> 2737.3956
B46: Balance sheet | C46: 2023A | D46: 2024A | E46: 2025A | F46: Q1 2026A | G46: Q2 2026E | H46: Q3 2026E | I46: Q4 2026E | K46: 2026E | L46: 2027E | M46: 2028E
B47: ST debt | C47: ='Financial One Pager'!J64 -> 1195 | D47: ='Financial One Pager'!K64 -> 1050 | E47: ='Financial One Pager'!L64 -> 1058 | F47: ='Financial One Pager'!M64 -> 59 | G47: ='Base Case Debt schedule'!D12 -> 59 | H47: ='Base Case Debt schedule'!E12 -> 59 | I47: ='Base Case Debt schedule'!F12 -> 59 | K47: =I47 -> 59 | L47: =K47 -> 59 | M47: =L47 -> 59
B48: LT debt | C48: ='Financial One Pager'!J65 -> 10073 | D48: ='Financial One Pager'!K65 -> 10314 | E48: ='Financial One Pager'!L65 -> 8648 | F48: ='Financial One Pager'!M65 -> 9688 | G48: ='Base Case Debt schedule'!D11 -> 9604.25 | H48: ='Base Case Debt schedule'!E11 -> 9590.5 | I48: ='Base Case Debt schedule'!F11 -> 9576.75 | K48: =I48 -> 9576.75 | L48: ='Base Case Debt schedule'!I11 -> 7982 | M48: ='Base Case Debt schedule'!J11 -> 6407
B49: Total debt | C49: ='Financial One Pager'!J67 -> 11268 | D49: ='Financial One Pager'!K67 -> 11364 | E49: ='Financial One Pager'!L67 -> 9706 | F49: =SUM(F47:F48) -> 9747 | G49: =SUM(G47:G48) -> 9663.25 | H49: =SUM(H47:H48) -> 9649.5 | I49: =SUM(I47:I48) -> 9635.75 | K49: =SUM(K47:K48) -> 9635.75 | L49: =SUM(L47:L48) -> 8041 | M49: =SUM(M47:M48) -> 6466
B50: Cash & eqv. | C50: ='Financial One Pager'!J68 -> 306 | D50: ='Financial One Pager'!K68 -> 162 | E50: ='Financial One Pager'!L68 -> 94 | F50: 75 | G50: =G75 -> 372.57 | H50: =H75 -> 670.14 | I50: =I75 -> 967.71 | K50: =I50 -> 967.71 | L50: =L75 -> 507.92 | M50: =M75 -> 111.27161
B52: Cash Flow Summary | C52: 2023A | D52: 2024A | E52: 2025A | F52: Q1 2026A | G52: Q2 2026E | H52: Q3 2026E | I52: Q4 2026E | K52: 2026E | L52: 2027E | M52: 2028E
B53: Adj. EBITDA | C53: ='Financial One Pager'!J41 -> 2758 | D53: ='Financial One Pager'!K41 -> 2717 | E53: ='Financial One Pager'!L41 -> 2665 | F53: =F44 -> 666 | G53: =G44 -> 637.88349 | H53: =H44 -> 644.51424 | I53: =I44 -> 651.60227 | K53: =K44 -> 2600 | L53: =L44 -> 2660.4352 | M53: =M44 -> 2737.3956
B54: Cash taxes | C54: ='Financial One Pager'!J42 -> -165 | D54: ='Financial One Pager'!K42 -> -218 | E54: ='Financial One Pager'!L42 -> -156 | F54: 0 | G54: =-('Base Case Assumptions'!$J$43*$K$44)*G44/SUM($G$44:$I$44) -> -50.197909 | H54: =-('Base Case Assumptions'!$J$43*$K$44)*H44/SUM($G$44:$I$44) -> -50.719712 | I54: =-('Base Case Assumptions'!$J$43*$K$44)*I44/SUM($G$44:$I$44) -> -51.277501 | K54: =-'Base Case Assumptions'!J43*'Base Case Forecast '!K44 -> -152.19512 | L54: =-'Base Case Assumptions'!K43*'Base Case Forecast '!L44 -> -155.73279 | M54: =-'Base Case Assumptions'!L43*'Base Case Forecast '!M44 -> -160.23779
B55: Cash interest | C55: ='Financial One Pager'!J43 -> -507 | D55: ='Financial One Pager'!K43 -> -473 | E55: ='Financial One Pager'!L43 -> -439 | F55: -205 | G55: ='Base Case Assumptions'!G44 -> -73.333333 | H55: ='Base Case Assumptions'!H44 -> -73.333333 | I55: ='Base Case Assumptions'!I44 -> -73.333333 | K55: ='Base Case Assumptions'!J44 -> -425 | L55: ='Base Case Assumptions'!K44 -> -386 | M55: ='Base Case Assumptions'!L44 -> -286
B56: EBITDA-tax-Int | C56: ='Financial One Pager'!J44 -> 2086 | D56: ='Financial One Pager'!K44 -> 2026 | E56: ='Financial One Pager'!L44 -> 2070 | F56: =SUM(F53:F55) -> 461 | G56: =SUM(G53:G55) -> 514.35225 | H56: =SUM(H53:H55) -> 520.4612 | I56: =SUM(I53:I55) -> 526.99143 | K56: =SUM(K53:K55) -> 2022.8049 | L56: =SUM(L53:L55) -> 2118.7024 | M56: =SUM(M53:M55) -> 2291.1578
B57: Working capital | C57: ='Financial One Pager'!J45 -> -50 | D57: ='Financial One Pager'!K45 -> -109 | E57: ='Financial One Pager'!L45 -> -25 | F57: =16-295 -> -279 | G57: =(('Base Case Assumptions'!$J$45*$K$31)-$F57)*G31/SUM($G$31:$I$31) -> 83.688472 | H57: =(('Base Case Assumptions'!$J$45*$K$31)-$F57)*H31/SUM($G$31:$I$31) -> 84.558408 | I57: =(('Base Case Assumptions'!$J$45*$K$31)-$F57)*I31/SUM($G$31:$I$31) -> 85.488336 | K57: ='Base Case Assumptions'!J45*'Base Case Forecast '!K31 -> -25.264784 | L57: ='Base Case Assumptions'!K45*'Base Case Forecast '!L31 -> -25.638834 | M57: ='Base Case Assumptions'!L45*'Base Case Forecast '!M31 -> -26.164716
B58: Other changes in CFO** | C58: ='Financial One Pager'!J46 -> -207 | D58: ='Financial One Pager'!K46 -> -176 | E58: ='Financial One Pager'!L46 -> -147 | F58: =F59-F56-F57 -> 94 | G58: =G59-G56-G57 -> -70.009196 | H58: =H59-H56-H57 -> -72.945858 | I58: =I59-I56-I57 -> -76.08504 | K58: =K59-K56-K57 -> -125.04009 | L58: =L59-L56-L57 -> -135.56357 | M58: =M59-M56-M57 -> -314.10145
B59: Cash flow from operations | C59: ='Financial One Pager'!J47 -> 1829 | D59: ='Financial One Pager'!K47 -> 1741 | E59: ='Financial One Pager'!L47 -> 1898 | F59: =F62-SUM(F60:F61) -> 276 | G59: =G62-SUM(G60:G61) -> 528.03152 | H59: =H62-SUM(H60:H61) -> 532.07375 | I59: =I62-SUM(I60:I61) -> 536.39473 | K59: =K62-SUM(K60:K61) -> 1872.5 | L59: =L62-SUM(L60:L61) -> 1957.5 | M59: =M62-SUM(M60:M61) -> 1950.8916
B60: Capex excluding satellite expenditure | C60: ='Financial One Pager'!J48 -> -284 | D60: ='Financial One Pager'!K48 -> -307 | E60: ='Financial One Pager'!L48 -> -365 | F60: =-105-F61 -> -76 | G60: =-SUM(Capex!D6-Capex!D4) -> -110.5 | H60: =-SUM(Capex!E6-Capex!E4) -> -110.5 | I60: =-SUM(Capex!F6-Capex!F4) -> -110.5 | K60: =-SUM(Capex!H6-Capex!H4) -> -407.5 | L60: =-SUM(Capex!I6-Capex!I4) -> -407.5 | M60: =-SUM(Capex!J6-Capex!J4) -> -407.5
B61: Satellite expenditures | C61: ='Financial One Pager'!J49 -> -285 | D61: ='Financial One Pager'!K49 -> -262 | E61: ='Financial One Pager'!L49 -> -204 | F61: =-Capex!C4 -> -29 | G61: =-Capex!D4 -> -28.666667 | H61: =-Capex!E4 -> -28.666667 | I61: =-Capex!F4 -> -28.666667 | K61: =-Capex!H4 -> -115 | L61: =-Capex!I4 -> -50 | M61: =-Capex!J4 -> 0
B62: FCF (CFO-capex) | C62: ='Financial One Pager'!J50 -> 1545 | D62: ='Financial One Pager'!K50 -> 1434 | E62: ='Financial One Pager'!L50 -> 1533 | F62: 171 | G62: ='Base Case Assumptions'!G50 -> 388.86486 | H62: ='Base Case Assumptions'!H50 -> 392.90708 | I62: ='Base Case Assumptions'!I50 -> 397.22806 | K62: ='Base Case Assumptions'!J50 -> 1350 | L62: ='Base Case Assumptions'!K50 -> 1500 | M62: ='Base Case Assumptions'!L50 -> 1543.3916
B63: Change in Debt | C63: ='Financial One Pager'!J51 -> -1101 | D63: ='Financial One Pager'!K51 -> -709 | E63: ='Financial One Pager'!L51 -> -679 | F63: =520-470+1235-1263 -> 22 | G63: =-SUM('Base Case Debt schedule'!D4:D6)+'Base Case Debt schedule'!D8 -> -83.75 | H63: =-SUM('Base Case Debt schedule'!E4:E6)+'Base Case Debt schedule'!E8 -> -13.75 | I63: =-SUM('Base Case Debt schedule'!F4:F6)+'Base Case Debt schedule'!F8 -> -13.75 | K63: =SUM(F63:I63) -> -89.25 | L63: =-SUM('Base Case Debt schedule'!I4:I6)+'Base Case Debt schedule'!I8 -> -1594.75 | M63: =-SUM('Base Case Debt schedule'!J4:J6)+'Base Case Debt schedule'!J8 -> -1575
B64: Change in Equity | C64: ='Financial One Pager'!J52 -> 0 | D64: ='Financial One Pager'!K52 -> 0 | E64: ='Financial One Pager'!L52 -> 0 | F64: 0 | G64: ='Financial One Pager'!M52 -> 0 | H64: =G64 -> 0 | I64: =H64 -> 0 | K64: ='Financial One Pager'!L52 -> 0 | L64: =K64 -> 0 | M64: =L64 -> 0
B65: Share Repurchase | C65: ='Financial One Pager'!J53 -> -274 | D65: ='Financial One Pager'!K53 -> -6 | E65: ='Financial One Pager'!L53 -> -136 | F65: -22 | G65: ='Base Case Assumptions'!G47 -> 0 | H65: ='Base Case Assumptions'!H47 -> 0 | I65: ='Base Case Assumptions'!I47 -> 0 | K65: ='Base Case Assumptions'!J47 -> -22 | L65: ='Base Case Assumptions'!K47 -> 0 | M65: ='Base Case Assumptions'!L47 -> 0
B66: M&A | C66: ='Financial One Pager'!J54 -> 0 | D66: ='Financial One Pager'!K54 -> 0 | E66: ='Financial One Pager'!L54 -> 0 | F66: 0 | G66: ='Financial One Pager'!L54 -> 0 | H66: =G66 -> 0 | I66: =H66 -> 0 | K66: =I66 -> 0 | L66: =J66 -> 0 | M66: =K66 -> 0
B67: Proceeds from sale leaseback | C67: ='Financial One Pager'!J55 -> 0 | D67: ='Financial One Pager'!K55 -> 0 | E67: ='Financial One Pager'!L55 -> 0 | F67: 0 | G67: ='Financial One Pager'!L55 -> 0 | H67: =G67 -> 0 | I67: =H67 -> 0 | K67: =I67 -> 0 | L67: =J67 -> 0 | M67: =K67 -> 0
B68: Dividends | C68: ='Financial One Pager'!J56 -> -65 | D68: ='Financial One Pager'!K56 -> -143 | E68: ='Financial One Pager'!L56 -> -365 | F68: -91 | G68: =-'Base Case Assumptions'!G48*'Base Case Assumptions'!G49 -> -91.26 | H68: =-'Base Case Assumptions'!H48*'Base Case Assumptions'!H49 -> -91.26 | I68: =-'Base Case Assumptions'!I48*'Base Case Assumptions'!I49 -> -91.26 | K68: =-'Base Case Assumptions'!J48*'Base Case Assumptions'!J49 -> -365.04 | L68: =-'Base Case Assumptions'!K48*'Base Case Assumptions'!K49 -> -365.04 | M68: =-'Base Case Assumptions'!L48*'Base Case Assumptions'!L49 -> -365.04
B69: Proceeds from NCI | C69: ='Financial One Pager'!J57 -> 0 | D69: ='Financial One Pager'!K57 -> 0 | E69: ='Financial One Pager'!L57 -> 0 | F69: 0 | G69: =F69 -> 0 | H69: =G69 -> 0 | I69: =H69 -> 0 | K69: =I69 -> 0 | L69: =J69 -> 0 | M69: =K69 -> 0
B70: Proceeds from prepaid variable forward | C70: ='Financial One Pager'!J58 -> 0 | D70: ='Financial One Pager'!K58 -> 0 | E70: ='Financial One Pager'!L58 -> 0 | F70: 0 | G70: ='Financial One Pager'!M58 -> 0 | H70: =G70 -> 0 | I70: =H70 -> 0 | K70: =I70 -> 0 | L70: =J70 -> 0 | M70: =K70 -> 0
B71: Settlement of intergroup interests | C71: ='Financial One Pager'!J59 -> 273 | D71: ='Financial One Pager'!K59 -> 0 | E71: ='Financial One Pager'!L59 -> 0 | F71: 0 | G71: ='Financial One Pager'!M59 -> 0 | H71: =G71 -> 0 | I71: =H71 -> 0 | K71: =I71 -> 0 | L71: =J71 -> 0 | M71: =K71 -> 0
B72: Other changes in cash flow | C72: ='Financial One Pager'!J60 -> -433 | D72: ='Financial One Pager'!K60 -> -721 | E72: ='Financial One Pager'!L60 -> -421 | F72: ='Financial One Pager'!M60 -> -335 | G72: =SUM(G62:G71)-G73 -> -83.715142 | H72: =SUM(H62:H71)-H73 -> -9.6729205 | I72: =SUM(I62:I71)-I73 -> -5.3519371 | K72: 0 | L72: 0 | M72: 0
B73: Net change in cash | C73: ='Financial One Pager'!J61 -> -55 | D73: ='Financial One Pager'!K61 -> -145 | E73: ='Financial One Pager'!L61 -> -68 | F73: =-19 -> -19 | G73: =($K$73-$F$73)/3 -> 297.57 | H73: =($K$73-$F$73)/3 -> 297.57 | I73: =($K$73-$F$73)/3 -> 297.57 | K73: =SUM(K62:K72) -> 873.71 | L73: =SUM(L62:L72) -> -459.79 | M73: =SUM(M62:M72) -> -396.64839
B74: Beginning cash | C74: 370 | D74: =C75 -> 315 | E74: =D75 -> 170 | F74: =E75 -> 102 | G74: =F50 -> 75 | H74: =G75 -> 372.57 | I74: =H50+I73 -> 967.71 | K74: ='Financial One Pager'!L68 -> 94 | L74: =K75 -> 967.71 | M74: =L75 -> 507.92
B75: Ending cash | C75: =C74+C73 -> 315 | D75: =D74+D73 -> 170 | E75: =E74+E73 -> 102 | F75: =F74+F73 -> 83 | G75: =G74+G73 -> 372.57 | H75: =H74+H73 -> 670.14 | I75: =H75+I73 -> 967.71 | K75: =K74+K73 -> 967.71 | L75: =L74+L73 -> 507.92 | M75: =M74+M73 -> 111.27161
G77: =G75-F75 -> 289.57 | H77: =H75-G75 -> 297.57 | I77: =I75-H75 -> 297.57 | K77: =K75-E75 -> 865.71 | L77: =L75-K75 -> -459.79 | M77: =M75-L75 -> -396.64839

Sheet Base Case Debt schedule
B2: Debt schedule ($mm) | C2: Q1 2026A | D2: Q2 2026E | E2: Q3 2026E | F2: Q4 2026E | H2: 2026E | I2: 2027E | J2: 2028E | L2: Source/Notes | N2: Debt repayment Schedule | P2: Calculation | Q2: Final Answer
B3: Opening total debt | C3: N/A | D3: =C9 -> 9747 | E3: =D9 -> 9663.25 | F3: =E9 -> 9649.5 | H3: =C9 -> 9747 | I3: =H9 -> 9635.75 | J3: =I9 -> 8041 | N3: Delayed-draw TL | O3: The delayed-draw term-loan agreement requires SiriusXM to repay 1.25% of the original principal every quarter. The original facility drawn was $1.1bn. | P3: = $1.1mm x 1.25% = $13.75mm | Q3: =1100*1.25% -> 13.75
B4: Debt issued repayment | D4: 0 | E4: 0 | F4: 0 | H4: 0 | I4: =1250 -> 1250 | J4: =2000+575 -> 2575 | L4: (See below table)
B5: Scheduled term-loan repayment | D5: =Q3 -> 13.75 | E5: =D5 -> 13.75 | F5: =E5 -> 13.75 | H5: =SUM(D5:F5) -> 41.25 | I5: 344.75 | J5: 0 | L5: • The Delayed Draw Incremental Term Loan originally had $1.1 billion of principal commitments. The agreement requires repayment on the last business day of every March, June, September and December equal to 1.25% of the original principal borrowed. (Source: 10-Q Q1 2026)
B6: Revolver repayment | D6: =70 -> 70 | E6: 0 | F6: 0 | H6: =SUM(D6:F6) -> 70 | I6: 0 | J6: 0 | L6: • At March 31, 2026, SiriusXM had $70 million outstanding under the revolving Credit Facility. So, we assume that Sirius pays off $70mm in Q2 2026E and makes no drawdown forward.
B7: Debt issued coupon payments | D7: =0 -> 0 | E7: =M24+M25+M26+M27 -> 273.125 | F7: =M28 -> 58.125 | H7: =SUM(D7:F7) -> 331.25 | I7: =M30 -> 268.75 | J7: =M31 -> 188.75 | L7: See adjacent table
B8: Debt issuance / refinancing | D8: 0 | E8: 0 | F8: 0 | H8: =SUM(C8:F8) -> 0 | I8: 0 | J8: =2000*50% -> 1000 | L8: • There is no announced additional Q2–Q4 2026 debt issuance in the information presently available. •The March 2026 $1.25 billion senior-note issuance has already occurred and is already reflected in the March 31 debt balance. It must not be entered again in the forecast schedule. The proceeds were used principally to repay the 2026 notes and partially redeem the 2027 notes. As such, we assume 50% of "Sirius XM 4.00% Senior Notes due 2028: $2bn" notes to be refinanced in 2028E.
B9: Ending total debt | C9: ='Financial One Pager'!M67 -> 9747 | D9: =D3-D4-D5-D6+D8 -> 9663.25 | E9: =E3-E4-E5-E6+E8 -> 9649.5 | F9: =F3-F4-F5-F6+F8 -> 9635.75 | H9: =H3-H4-H5-H6+H8 -> 9635.75 | I9: =I3-I4-I5-I6+I8 -> 8041 | J9: =J3-J4-J5-J6+J8 -> 6466 | L9: • Opening debt - (Debt issued repayment + Scheduled Term Loan payment + Revolver payment + Debt issued coupon payments) + Debt issuance / refinancing = Ending debt • it currently says coupon payments are subtracted, although the formula correctly excludes them.
B10: Cash and cash equivalents | C10: ='Financial One Pager'!M68 -> 75 | D10: ='Base Case Forecast '!G75 -> 372.57 | E10: ='Base Case Forecast '!H75 -> 670.14 | F10: ='Base Case Forecast '!I75 -> 967.71 | H10: ='Base Case Forecast '!K50 -> 967.71 | I10: ='Base Case Forecast '!L75 -> 507.92 | J10: ='Base Case Forecast '!M75 -> 111.27161 | L10: From Base Case Forecast
B11: Long-term debt | C11: =C9-C12 -> 9688 | D11: =D9-D12 -> 9604.25 | E11: =E9-E12 -> 9590.5 | F11: =F9-F12 -> 9576.75 | H11: =F11 -> 9576.75 | I11: =I9-I12 -> 7982 | J11: =J9-J12 -> 6407
B12: Less: current maturities | C12: =59 -> 59 | D12: =$C$12 -> 59 | E12: =$C$12 -> 59 | F12: =$C$12 -> 59 | H12: =F12 -> 59 | I12: =H12 -> 59 | J12: =I12 -> 59 | L12: Long term debt = Ending debt - current maturities
B13: Net debt | C13: =C9-C10 -> 9672 | D13: =D9-D10 -> 9290.68 | E13: =E9-E10 -> 8979.36 | F13: =F9-F10 -> 8668.04 | H13: =H9-H10 -> 8668.04 | I13: =I9-I10 -> 7533.08 | J13: =J9-J10 -> 6354.7284 | L13: • At March 31, 2026, current maturities were $59mm, consisting principally of: (i) $55 million current portion of the Delayed Draw Term Loan + (ii) c. $4mm of finance leases (SiriusXM explicitly disclosed that $55 million of the $386 million term-loan balance was current.)
B14: Net debt / Adjusted EBITDA | C14: =3.6 -> 3.6 | D14: N/A | E14: N/A | F14: =F13/'Base Case Forecast '!$K$44 -> 3.3338615 | H14: =H13/'Base Case Forecast '!$K$44 -> 3.3338615 | I14: =I13/'Base Case Forecast '!L44 -> 2.8315217 | J14: =J13/'Base Case Forecast '!M44 -> 2.3214505 | L14: • SiriusXM ended Q1 at 3.6x net debt/Adjusted EBITDA and stated that it expects to reach its long-term leverage range of the low-to-mid 3x range by Q4 2026. The company also reaffirmed approximately $2.6 billion of 2026 Adjusted EBITDA guidance.
B16: 10-Q Q1 2026
L23: Debt issued coupon payments | M23: Coupon payment
L24: Sirius XM 5.00% Senior Notes due 2027:$1.25bn | M24: =5%*1250 -> 62.5
L25: Sirius XM 4.00% Senior Notes due 2028: $2bn | M25: =4%*2000 -> 80
L26: Sirius XM 5.50% Senior Notes due 2029: $1.25bn | M26: =5.5%*1250 -> 68.75
L27: Sirius XM 4.125% Senior Notes due 2030: $1.5bn | M27: =4.125%*1500 -> 61.875
L28: Sirius XM 3.875% Senior Notes due 2031: $1.5bn | M28: =3.875%*1500 -> 58.125
L29: Debt issued coupon payments in 2026 | M29: =SUM(M24:M28) -> 331.25
L30: Debt issued coupon payments in 2027 | M30: =SUM(M25:M28) -> 268.75
L31: Debt issued coupon payments in 2028 | M31: =SUM(M26:M28) -> 188.75

Sheet Bear Case Model -->

Sheet Bear Case Assumptions
B2: Bear Case | C2: Annual | F2: Quarterly | J2: Annual
B3: SiriusXM assumptions | C3: 2023A | D3: 2024A | E3: 2025A | F3: Q1 2026A | G3: Q2 2026E | H3: Q3 2026E | I3: Q4 2026E | J3: 2026E | K3: 2027E | L3: 2028E | M3: Basis | O3: Sel-pay subscribers | P3: Q1 2026 | Q3: Q1 2025 | R3: Q2 2025 | S3: Q3 2025 | T3: Q4 2025
B4: Self-pay subscribers ( '000s) +/- | D4: =D5/C5-1 -> -0.0092667961 | E4: =E5/D5-1 -> -0.0095114706 | F4: =F5/E5-1 -> -0.0035412346 | G4: 0 | H4: 0 | I4: 0 | J4: =J5-E5 -> -111 | K4: =J4-50 -> -161 | L4: =K4-50 -> -211 | M4: • Using zero for all quarters and reducing 2027E & 2028E further by 50,000 (2026E - 50,000) | O4: 000s | P4: 31234 | Q4: 31343 | R4: 31275 | S4: 31235 | T4: 31345
B5: Self-pay subscribers ( '000s) | C5: =KPIs!C4 -> 31942 | D5: =KPIs!D4 -> 31646 | E5: =KPIs!E4 -> 31345 | F5: =KPIs!F4 -> 31234 | G5: =KPIs!F4+'Bear Case Assumptions'!G4 -> 31234 | H5: =G5+H4 -> 31234 | I5: =H5+I4 -> 31234 | J5: =I5 -> 31234 | K5: =J5+K4 -> 31073 | L5: =K5+L4 -> 30862 | O5: QoQ chanhe (in '000s) | R5: =R4-Q4 -> -68 | S5: =S4-R4 -> -40 | T5: =T4-S4 -> 110
B6: Paid promotional ('000s) +/- | D6: =D7-C7 -> -353 | E6: =E7-D7 -> 2 | F6: =F7-E7 -> -37 | G6: 0 | H6: 0 | I6: 0 | J6: =J7-E7 -> -37 | K6: =K7-F7 -> 0 | L6: =L7-G7 -> 0 | M6: • Using zero for Q2 to Q4 2026E • 2027E & 2028E: zero
B7: Paid promotional ('000s) | C7: =KPIs!C5 -> 1933 | D7: =KPIs!D5 -> 1580 | E7: =KPIs!E5 -> 1582 | F7: =KPIs!F5 -> 1545 | G7: =F7+G6 -> 1545 | H7: =G7+H6 -> 1545 | I7: =H7+I6 -> 1545 | J7: =I7 -> 1545 | K7: =J7 -> 1545 | L7: =K7 -> 1545
B8: Weighted average subscribers ('000s) | C8: =KPIs!C8 -> 33993 | D8: =KPIs!D8 -> 33292 | E8: =KPIs!E8 -> 32797 | F8: =KPIs!F8 -> 32799 | G8: =(F8+'Bear Case Assumptions'!G5+'Bear Case Assumptions'!G7)/2 -> 32789 | H8: =(G5+G7+H5+H7)/2 -> 32779 | I8: =(H5+H7+I5+I7)/2 -> 32779 | J8: =I8 -> 32779 | K8: =(J5+J7+K5+K7)/2 -> 32698.5 | L8: =(K5+K7+L5+L7)/2 -> 32512.5 | O8: $ | P8: Q1 2026 | Q8: Q1 2025 | R8: Q2 2025 | S8: Q3 2025 | T8: Q4 2025
B9: Churn | G9: 0.02 | H9: 0.02 | I9: 0.02 | J9: =AVERAGE(KPIs!F9,'Bear Case Assumptions'!G9:I9) -> 0.01875 | K9: =J9 -> 0.01875 | L9: =K9 -> 0.01875 | M9: Using 2% as Q2 to Q4 2026E
B10: ARPU ($) | C10: =KPIs!C10 -> 15.56 | D10: =KPIs!D10 -> 15.21 | E10: =KPIs!E10 -> 15.11 | F10: =KPIs!F10 -> 14.99 | G10: =MIN($C$10:$F$10) -> 14.99 | H10: =MIN($C$10:$F$10) -> 14.99 | I10: =MIN($C$10:$F$10) -> 14.99 | J10: =MIN($C$10:$F$10) -> 14.99 | K10: =MIN($C$10:$F$10) -> 14.99 | L10: =MIN($C$10:$F$10) -> 14.99 | M10: Using the lowest ARPU/month from 2023A to 1Q26A for all the periods | N10: --------------> | O10: ARPU ($) /month | P10: =F10 -> 14.99 | Q10: 14.86 | R10: 15.22 | S10: 15.19 | T10: 15.11
O11: Q1 2026 - Q1 2025 | P11: =P10-Q10 -> 0.13
B12: Pandora assumptions | C12: 2023A | D12: 2024A | E12: 2025A | F12: Q1 2026A | G12: Q2 2026E | H12: Q3 2026E | I12: Q4 2026E | J12: 2026E | K12: 2027E | L12: 2028E | M12: Basis
B13: Monthly active users multiplier (x) | D13: =D14/C14-1 -> -0.058271412 | E13: =E14/D14-1 -> -0.051495017 | F13: =F14/E14-1 -> -0.025394046 | G13: 0 | H13: =G13 -> 0 | I13: =H13 -> 0 | J13: =F13 -> -0.025394046 | K13: =MIN($D$13:$F$13,$J$13) -> -0.058271412 | L13: =MIN($D$13:$F$13,$J$13) -> -0.058271412 | M13: • Using 0% growth rate for Q2 to Q4E • 2027E to 2028E: Using the minimum growth rate from 2023 to Q1 2026
B14: Monthly active users ('000s) | C14: =KPIs!C14 -> 46026 | D14: =KPIs!D14 -> 43344 | E14: =KPIs!E14 -> 41112 | F14: =KPIs!F14 -> 40068 | G14: =F14*(1+'Bear Case Assumptions'!G13) -> 40068 | H14: =G14*(1+'Bear Case Assumptions'!H13) -> 40068 | I14: =H14*(1+'Bear Case Assumptions'!I13) -> 40068 | J14: =I14 -> 40068 | K14: =J14*(1+'Bear Case Assumptions'!K13) -> 37733.181 | L14: =K14*(1+'Bear Case Assumptions'!L13) -> 35534.415
B15: Self-pay subscribers ('000s) changes | D15: =D16/C16-1 -> -0.046092847 | E15: =E16/D16-1 -> -0.024939383 | F15: =F16/E16-1 -> -0.0058614565 | G15: 0 | H15: =G15 -> 0 | I15: =H15 -> 0 | J15: =F15 -> -0.0058614565 | K15: =MIN($D$15:$F$15,J15) -> -0.046092847 | L15: =MIN($D$15:$F$15,K15) -> -0.046092847
B16: Self-pay subscribers ('000s) | C16: =KPIs!C15 -> 6053 | D16: =KPIs!D15 -> 5774 | E16: =KPIs!E15 -> 5630 | F16: =KPIs!F15 -> 5597 | G16: =F16+'Bear Case Assumptions'!G15 -> 5597 | H16: =G16+H15 -> 5597 | I16: =H16+I15 -> 5597 | J16: =I16 -> 5597 | K16: =J16*(1+K15) -> 5339.0183 | L16: =K16*(1+L15) -> 5092.9278
B17: Weighted average subscribers ('000s) | C17: =KPIs!C16 -> 6169 | D17: =KPIs!D16 -> 5929 | E17: =KPIs!E16 -> 5698 | F17: =KPIs!F16 -> 5605 | G17: =(G16*90+F16*90)/(90+90) -> 5597 | H17: =(H16*90+G16*90)/(90+90) -> 5597 | I17: =(I16*90+H16*90)/(90+90) -> 5597 | J17: =(F16*90+G17*90+H17*90+I17*90)/365 -> 5520.3288 | K17: =(J16*90+K16*90)/(90+90) -> 5468.0092 | L17: =(K16*90+L16*90)/(90+90) -> 5215.9731 | M17: • Q1 2026 reflects the reported daily weighted-average subscriber count. Q2–Q4 forecasts approximate weighted-average subscribers using the average of beginning and ending quarterly subscriber balances. FY2026 is day-weighted across the four quarters. • 2027E = (2026E + 2027E)/2 • 2028E = same as above
B18: Ad-supported listener hours (bn) | C18: =KPIs!C17 -> 10.48 | D18: =KPIs!D17 -> 9.94 | E18: =KPIs!E17 -> 9.75 | F18: =KPIs!F17 -> 2.221 | G18: 1 | H18: 1 | I18: 1 | J18: =SUM(F18:I18) -> 5.221 | K18: =MIN($C$18:$E$18,$J$18) -> 5.221 | L18: =MIN($C$18:$E$18,$J$18) -> 5.221 | M18: • Q2 to Q4 2026E: Reducing to 1 • 2027E & 2028E: Using the minimum from 2023 to 2025
B19: RPM ($) | C19: =KPIs!C18 -> 99.39 | D19: =KPIs!D18 -> 100.59 | E19: =KPIs!E18 -> 91.78 | F19: =KPIs!F18 -> 84.11 | G19: 80 | H19: 80 | I19: 80 | J19: =AVERAGE(F19:I19) -> 81.0275 | K19: =MIN($C$19:$F$19,J19) -> 81.0275 | L19: =MIN($C$19:$F$19,K19) -> 81.0275 | M19: • Q2 to Q4 2026E: Reducing to 80 • 2027E & 2028E: Using the minimum from 2023 to Q1 2026
B20: Implied On-platform Pandora avertising revenue | C20: =C18*C19 -> 1041.6072 | D20: =D18*D19 -> 999.8646 | E20: =E18*E19 -> 894.855 | F20: =F18*F19 -> 186.80831 | G20: =G18*G19 -> 80 | H20: =H18*H19 -> 80 | I20: =I18*I19 -> 80 | J20: =J18*J19 -> 423.04458 | ... L20: =L18*L19 -> 423.04458 | M20: RPM excludes AdsWizz and other off-platform revenue. Therefore: Listener hours × RPM = implied on-platform Pandora advertising revenue
B21: Reported Total Pandora avertising revenue | C21: ='Revenue split'!E12 -> 1589 | D21: ='Revenue split'!F12 -> 1606 | E21: ='Revenue split'!G12 -> 1615 | F21: ='Revenue split'!H12 -> 372
B22: Implied Off-platform revenue ($mm) | C22: =C21-C20 -> 547.3928 | D22: =D21-D20 -> 606.1354 | E22: =E21-E20 -> 720.145 | F22: =F21-F20 -> 185.19169 | G22: =F22 -> 185.19169 | H22: =G22 -> 185.19169 | I22: =H22 -> 185.19169 | J22: =SUM(F22:I22) -> 740.76676 | K22: =MIN($C$22:$E$22) -> 547.3928 | L22: =MIN($C$22:$E$22) -> 547.3928 | M22: •Using Q1 2026A as a proxy for Q2 to Q4 202E • Using the minimum from 2023 to 2025 for 2027E & 2028E
B24: Revenue-growth assumptions | C24: 2023A | D24: 2024A | E24: 2025A | F24: Q1 2026A | G24: Q2 2026 | H24: Q3 2026 | I24: Q4 2026 | J24: 2026E | K24: 2027E | L24: 2028E | M24: Status
B25: SiriusXM advertising ($mm) | C25: ='Revenue split'!E7 -> 169 | D25: ='Revenue split'!F7 -> 167 | E25: ='Revenue split'!G7 -> 157 | F25: ='Revenue split'!H7 -> 35 | G25: =F25 -> 35 | H25: =G25 -> 35 | I25: =H25 -> 35 | J25: =157*(1 + 0%) -> 157 | M25: •Using Q1 2026A as a proxy for Q2 to Q4 202E
B26: SiriusXM advertising | C26: ='Revenue split'!E7/'Revenue split'!E13 -> 0.018876354 | D26: ='Revenue split'!F7/'Revenue split'!F13 -> 0.019197609 | E26: ='Revenue split'!G7/'Revenue split'!G13 -> 0.018345408 | F26: ='Revenue split'!H7/'Revenue split'!H13 -> 0.016738403 | G26: =((($E$25*(1+$J26)-$F$25)*G25/SUM($G$25:$I$25))/$F$25)-1 -> 0.16190476 | H26: =H25/G25-1 -> 0 | I26: =I25/H25-1 -> 0 | J26: 0 | K26: 0 | L26: 0 | M26: • Latest management guidance indicates SiriusXM advertising revenue will remain relatively flat. FY2026–FY2028 revenue is therefore held flat, with Q2–Q4 2026 distributed using the 2025 quarterly seasonal pattern.
B27: Equipment revenue | C27: N/A | D27: N/A | E27: N/A | F27: N/A | G27: =J27 -> -0.021978022 | H27: =K27 -> -0.021978022 | I27: =L27 -> -0.021978022 | J27: ='Revenue split'!G8/'Revenue split'!F8-1 -> -0.021978022 | K27: =J27 -> -0.021978022 | L27: =K27 -> -0.021978022 | M27: • Management expects equipment revenue to decline due to the transition to next-generation chipsets. • The model applies the 2025 actual decline of 2.2% annually, with quarterly revenue distributed using the 2025 seasonal pattern.
B28: Other revenue | C28: N/A | D28: ='Revenue split'!F9/'Revenue split'!E9-1 -> -0.058823529 | E28: ='Revenue split'!G9/'Revenue split'!F9-1 -> -0.046875 | F28: N/A | G28: =((('Revenue split'!$G$9*(1+$J28)-'Revenue split'!$H$9)*Misc.!E32/SUM(Misc.!E32:G32))/'Revenue split'!$H$9)-1 -> 0 | H28: =Misc.!F32/Misc.!E32-1 -> 0.032258065 | I28: =Misc.!G32/Misc.!F32-1 -> -0.125 | J28: 0 | K28: 0 | L28: 0 | M28: • Management expects other revenue to remain relatively flat. ̐• Annual revenue is held at the FY2025 level, while Q2–Q4 2026 follows the 2025 quarterly seasonal pattern.
B29: Pandora revenue per subscriber growth (%) | C29: N/A | D29: N/A | E29: N/A | F29: N/A | G29: 0 | H29: 0 | I29: 0 | J29: =I29 -> 0 | K29: -0.01 | L29: =K29 -> -0.01 | M29: • Held flat in 2026 because Q1 2026 implied revenue per subscriber was broadly unchanged YoY. • A 1% annual decline is assumed in 2027–2028, partially offsetting but not eliminating the impact of subscriber attrition. • The model assumes subscriber revenue declines mainly due to fewer subscribers, with pricing broadly offsetting some attrition. SiriusXM said Q1 subscriber revenue declined primarily because of the smaller subscriber base and expects subscriber revenue to decline modestly.
B31: Consolidated cost and EBITDA assumptions | C31: 2023A | D31: 2024A | E31: 2025A | F31: Q1 2026A | G31: Q2 2026 | H31: Q3 2026 | I31: Q4 2026 | J31: 2026E | K31: 2027E | L31: 2028E | M31: Basis
B32: Cost of services (as a % of revenue) | C32: ='Financial One Pager'!J24/'Financial One Pager'!J23 -> 0.47012175 | D32: ='Financial One Pager'!K24/'Financial One Pager'!K23 -> 0.47465226 | E32: ='Financial One Pager'!L24/'Financial One Pager'!L23 -> 0.48118719 | F32: ='Financial One Pager'!M24/'Financial One Pager'!M23 -> 0.47966437 | G32: =$J$32 -> 0.47437648 | H32: =$J$32 -> 0.47437648 | I32: =$J$32 -> 0.47437648 | J32: =AVERAGE(C32:E32,Misc.!C38/Misc.!C37) -> 0.47437648 | K32: =J32 -> 0.47437648 | L32: =K32 -> 0.47437648 | M32: • Base cost-of-services ratio set to the average of FY2025 actual inclusive cost of services / revenue and Q1 2026 actual inclusive cost of services / revenue. Held flat thereafter; detailed quarterly and outer-year mix by segment is unspecified.
B33: Share-based compensation (as a % of revenue) | C33: N/A | D33: N/A | E33: N/A | F33: N/A | G33: =$J$33 -> 0.023487383 | H33: =$J$33 -> 0.023487383 | I33: =$J$33 -> 0.023487383 | J33: =AVERAGE('Financial One Pager'!L32/'Financial One Pager'!L23,54/2091) -> 0.023487383 | K33: =J33 -> 0.023487383 | L33: =K33 -> 0.023487383 | M33: • Share-based compensation ratio set to the average of FY2025 actual and Q1 2026 actual. No formal long-term Share-Based Compensation guide is disclosed, so the ratio is held flat.
B34: Legal settlements / reserves | C34: N/A | D34: N/A | E34: N/A | F34: N/A | G34: =0 -> 0 | H34: =0 -> 0 | I34: =0 -> 0 | J34: =1 -> 1 | K34: 0 | L34: 0 | M34: • Only Q1 2026 actual legal settlements / reserves of $1m are included in FY2026. No forward one-off settlements are assumed absent specific disclosure.
B35: Adjusted EBITDA margin target | C35: N/A | D35: N/A | E35: N/A | F35: N/A | G35: N/A | H35: N/A | I35: N/A | J35: ='Base Case Assumptions'!J36-1% -> 0.29062527 | K35: ='Base Case Assumptions'!K36-1.5% -> 0.28812527 | L35: ='Base Case Assumptions'!L36-2% -> 0.28562527 | M35: • Bear case applies 100bps, 150bps and 200bps of EBITDA-margin compression versus base in 2026E, 2027E and 2028E, respectively, reflecting operating deleverage from weaker revenue, subscriber trends and digital engagement.
B36: Subscriber acquisition costs mix of below-gross opex | C36: ='Financial One Pager'!J26/'Financial One Pager'!J23 -> 0.040098291 | D36: ='Financial One Pager'!K26/'Financial One Pager'!K23 -> 0.042418669 | E36: ='Financial One Pager'!L26/'Financial One Pager'!L23 -> 0.048375789 | F36: N/A | G36: =$J$36 -> 0.20883212 | H36: =$J$36 -> 0.20883212 | I36: =$J$36 -> 0.20883212 | J36: =AVERAGE('Financial One Pager'!L26/SUM('Financial One Pager'!L26:L29),Misc.!E39) -> 0.20883212 | K36: =J36 -> 0.20883212 | L36: =K36 -> 0.20883212 | M36: • Residual below-gross opex is allocated using the average of FY2025 actual and Q1 2026 actual functional cost mix.
B37: Sales and marketing mix of below-gross opex | C37: ='Financial One Pager'!J27/'Financial One Pager'!J24 -> 0.22119268 | D37: ='Financial One Pager'!K27/'Financial One Pager'!K24 -> 0.21651732 | E37: ='Financial One Pager'!L27/'Financial One Pager'!L24 -> 0.18455561 | F37: N/A | G37: =$J$37 -> 0.38694607 | H37: =$J$37 -> 0.38694607 | I37: =$J$37 -> 0.38694607 | J37: =AVERAGE('Financial One Pager'!L27/SUM('Financial One Pager'!L26:'Financial One Pager'!L29),Misc.!E40) -> 0.38694607 | K37: =J37 -> 0.38694607 | L37: =K37 -> 0.38694607 | M37: Same residual-allocation methodology as above.
B38: Product and technology mix of below-gross opex | C38: ='Financial One Pager'!J28/'Financial One Pager'!J25 -> 0.067875211 | D38: ='Financial One Pager'!K28/'Financial One Pager'!K25 -> 0.064770241 | E38: ='Financial One Pager'!L28/'Financial One Pager'!L25 -> 0.059234234 | F38: N/A | G38: =$J$38 -> 0.13838923 | H38: =$J$38 -> 0.13838923 | I38: =$J$38 -> 0.13838923 | J38: =AVERAGE('Financial One Pager'!L28/SUM('Financial One Pager'!L26:'Financial One Pager'!L29),Misc.!E41) -> 0.13838923 | K38: =J38 -> 0.13838923 | L38: =K38 -> 0.13838923 | M38: Same residual-allocation methodology as above.
B39: General and administrative mix of below-gross opex | C39: ='Financial One Pager'!J29/'Financial One Pager'!J26 -> 1.6935933 | D39: ='Financial One Pager'!K29/'Financial One Pager'!K26 -> 1.3468835 | E39: ='Financial One Pager'!L29/'Financial One Pager'!L26 -> 1.326087 | F39: N/A | G39: =$J$39 -> 0.26583259 | H39: =$J$39 -> 0.26583259 | I39: =$J$39 -> 0.26583259 | J39: =1-SUM(J36:J38) -> 0.26583259 | K39: =J39 -> 0.26583259 | L39: =K39 -> 0.26583259 | M39: Residual balancing line so below-gross opex mix sums to 100%.
B41: CFS ($mm) | C41: 2023A | D41: 2024A | E41: 2025A | F41: Q1 2026A | G41: Q2 2026 | H41: Q3 2026 | I41: Q4 2026 | J41: 2026E | K41: 2027E | L41: 2028E | M41: Basis
B42: Cash taxes paid as a % of EBITDA | C42: =-'Financial One Pager'!J42/'Financial One Pager'!J41 -> 0.059825961 | D42: =-'Financial One Pager'!K42/'Financial One Pager'!K41 -> 0.080235554 | E42: =-'Financial One Pager'!L42/'Financial One Pager'!L41 -> 0.058536585 | F42: =-'Financial One Pager'!M42/'Financial One Pager'!M41 -> 0.056624722 | G42: N/A | H42: N/A | I42: N/A | J42: =-'Financial One Pager'!L42/'Financial One Pager'!L34 -> 0.058536585 | K42: =J42 -> 0.058536585 | L42: =K42 -> 0.058536585 | M42: • FY2025 cash taxes paid of $156m divided by FY2025 Adjusted EBITDA of $2,665m, giving a 5.85% cash-tax-to-EBITDA rate. SiriusXM paid no cash income taxes in Q1 2026, reflecting payment timing rather than a sustainable zero-cash-tax rate. The FY2025 normalized rate is therefore used for the forecast period. • The Q1 2026 filing reports $0 cash income taxes paid, compared with $3 million in Q1 2025.
B43: Cash interest paid | C43: ='Financial One Pager'!J43 -> -507 | D43: ='Financial One Pager'!K43 -> -473 | E43: ='Financial One Pager'!L43 -> -439 | F43: -205 | G43: =($J$43+205)/3 -> -73.333333 | H43: =($J$43+205)/3 -> -73.333333 | I43: =($J$43+205)/3 -> -73.333333 | J43: =-425 -> -425 | K43: -386 | L43: -286 | M43: • See adjacent screenshot • Q1 2026: $205.00mm • Q2 to Q4: (2026 - Q1 2026)/3
B44: Working capital as a % of revenue | C44: ='Financial One Pager'!J45/'Financial One Pager'!J23 -> -0.0055847202 | D44: ='Financial One Pager'!K45/'Financial One Pager'!K23 -> -0.012530176 | E44: ='Financial One Pager'!L45/'Financial One Pager'!L23 -> -0.0029212433 | F44: ='Financial One Pager'!M45/'Financial One Pager'!M23 -> -0.011537117 | G44: N/A | H44: N/A | I44: N/A | J44: ='Financial One Pager'!L45/'Financial One Pager'!L23 -> -0.0029212433 | K44: =J44 -> -0.0029212433 | L44: =K44 -> -0.0029212433 | M44: • Using 2025 as a proxy for 2026
B45: Share repurchases | C45: ='Financial One Pager'!J53 -> -274 | D45: ='Financial One Pager'!K53 -> -6 | E45: ='Financial One Pager'!L53 -> -136 | F45: -22 | G45: 0 | H45: 0 | I45: 0 | J45: =-22+SUM(G45:I45) -> -22 | K45: 0 | L45: 0 | M45: * The -22 represents Q1 2026 actual repurchases. • Q1 2026 actual share repurchases were $22m. No additional repurchases are assumed while SiriusXM prioritizes deleveraging toward its low-to-mid 3x leverage target. Although $1.003bn remained authorized at March 31, 2026, an authorization does not require the company to repurchase shares.
B46: Dividend/Share | C46: N/A | D46: N/A | E46: N/A | F46: N/A | G46: =0.27 -> 0.27 | H46: =G46 -> 0.27 | I46: =H46 -> 0.27 | J46: =0.27+SUM(G46:I46) -> 1.08 | K46: =J46 -> 1.08 | L46: =K46 -> 1.08 | M46: • Quarterly dividend held at the latest declared rate of $0.27 per share. FY2026 equals four quarterly payments, or $1.08 per share. No dividend growth is assumed for 2027–2028 absent explicit guidance.
B47: Diluted shares outstanding (mm) | C47: N/A | D47: N/A | E47: N/A | F47: N/A | G47: 338 | H47: =G47 -> 338 | I47: =H47 -> 338 | J47: =AVERAGE(338,G47:I47) -> 338 | K47: =J47 -> 338 | L47: =K47 -> 338 | M47: • Based on Q1 2026 diluted weighted-average shares outstanding of 338mm. Held flat because no additional share repurchases are forecast and the net effect of future stock-based issuance is not separately guided.
B48: FCF | C48: ='Financial One Pager'!J50 -> 1545 | D48: ='Financial One Pager'!K50 -> 1434 | E48: ='Financial One Pager'!L50 -> 1533 | F48: 171 | G48: =($J$48-'Bear Case Forecast'!$F$61)*'Bear Case Forecast'!G43/SUM('Bear Case Forecast'!$G$43:$I$43) -> 276.59108 | H48: =($J$48-'Bear Case Forecast'!$F$61)*'Bear Case Forecast'!H43/SUM('Bear Case Forecast'!$G$43:$I$43) -> 276.54487 | I48: =($J$48-'Bear Case Forecast'!$F$61)*'Bear Case Forecast'!I43/SUM('Bear Case Forecast'!$G$43:$I$43) -> 275.86405 | J48: 1000 | K48: N/A | L48: N/A | M48: • SiriusXM reaffirmed approximately $1.35bn of FY2026 FCF and stated that it is driving toward a $1.5bn 2027 objective. The quarterly allocation below is an analyst allocation based on quarterly EBITDA; management only provides annual guidance. • Q1 2026 FCF = $171mm
B49: Non-satellite capex | C49: N/A | D49: N/A | E49: N/A | F49: N/A | G49: N/A | H49: N/A | I49: N/A | J49: =(Capex!H6-Capex!H4)/'Bear Case Forecast'!K30 -> 0.05079284 | K49: =J49 -> 0.05079284 | L49: =K49 -> 0.05079284 | M49: non-satellite capex/ bear case forecast revenue
B50: Satellite capex | C50: N/A | D50: N/A | E50: N/A | F50: N/A | G50: N/A | H50: N/A | I50: N/A | J50: =Capex!H4 -> 115 | K50: =Capex!I4 -> 50 | L50: =Capex!J4 -> 0 | M50: Satellite expenditures follow management’s disclosed roadmap and are not flexed with revenue because spending is driven by contractual milestones and the satellite replacement cycle.

Sheet Bear Case Forecast
B2: KPIs ( '000s) | C2: 2023A | D2: 2024A | E2: 2025A | F2: Q1 2026A | G2: Q2 2026E | H2: Q3 2026E | I2: Q4 2026E | K2: 2026E | L2: 2027E | M2: 2028E
B3: SiriusXM
B4: Self-pay subscribers | C4: =KPIs!C4 -> 31942 | D4: =KPIs!D4 -> 31646 | E4: =KPIs!E4 -> 31345 | F4: =KPIs!F4 -> 31234 | G4: ='Bear Case Assumptions'!G5 -> 31234 | H4: ='Bear Case Assumptions'!H5 -> 31234 | I4: ='Bear Case Assumptions'!I5 -> 31234 | K4: =I4 -> 31234 | L4: ='Bear Case Assumptions'!K5 -> 31073 | M4: ='Bear Case Assumptions'!L5 -> 30862
B5: Paid promotional subscribers | C5: =KPIs!C5 -> 1933 | D5: =KPIs!D5 -> 1580 | E5: =KPIs!E5 -> 1582 | F5: =KPIs!F5 -> 1545 | G5: ='Bear Case Assumptions'!G7 -> 1545 | H5: ='Bear Case Assumptions'!H7 -> 1545 | I5: ='Bear Case Assumptions'!I7 -> 1545 | K5: =I5 -> 1545 | L5: ='Bear Case Assumptions'!K7 -> 1545 | M5: ='Bear Case Assumptions'!L7 -> 1545
B6: Ending subscribers | C6: =C4+C5 -> 33875 | D6: =D4+D5 -> 33226 | E6: =E4+E5 -> 32927 | F6: =KPIs!F6 -> 32779 | G6: =SUM(G4:G5) -> 32779 | H6: =SUM(H4:H5) -> 32779 | I6: =SUM(I4:I5) -> 32779 | K6: =SUM(K4:K5) -> 32779 | L6: =SUM(L4:L5) -> 32618 | M6: =SUM(M4:M5) -> 32407
B7: Weighted average subscribers | C7: =KPIs!C8 -> 33993 | D7: =KPIs!D8 -> 33292 | E7: =KPIs!E8 -> 32797 | F7: =KPIs!F8 -> 32799 | G7: ='Bear Case Assumptions'!G8 -> 32789 | H7: ='Bear Case Assumptions'!H8 -> 32779 | I7: ='Bear Case Assumptions'!I8 -> 32779 | K7: ='Bear Case Assumptions'!J8 -> 32779 | L7: ='Bear Case Assumptions'!K8 -> 32698.5 | M7: ='Bear Case Assumptions'!L8 -> 32512.5
B8: Average self-pay monthly churn | C8: =KPIs!C9 -> 0.016 | D8: =KPIs!D9 -> 0.016 | E8: =KPIs!E9 -> 0.015 | F8: =KPIs!F9 -> 0.015 | G8: ='Bear Case Assumptions'!G9 -> 0.02 | H8: ='Bear Case Assumptions'!H9 -> 0.02 | I8: ='Bear Case Assumptions'!I9 -> 0.02 | K8: ='Bear Case Assumptions'!J9 -> 0.01875 | L8: ='Bear Case Assumptions'!K9 -> 0.01875 | M8: ='Bear Case Assumptions'!L9 -> 0.01875
B9: ARPU ($) / month | C9: =KPIs!C10 -> 15.56 | D9: =KPIs!D10 -> 15.21 | E9: =KPIs!E10 -> 15.11 | F9: =KPIs!F10 -> 14.99 | G9: ='Bear Case Assumptions'!G10 -> 14.99 | H9: ='Bear Case Assumptions'!H10 -> 14.99 | I9: ='Bear Case Assumptions'!I10 -> 14.99 | K9: ='Bear Case Assumptions'!J10 -> 14.99 | L9: ='Bear Case Assumptions'!K10 -> 14.99 | M9: ='Bear Case Assumptions'!L10 -> 14.99 | O9: ARPU is derived from total earned SiriusXM subscriber revenue (excluding revenue derived from our connected vehicle services) and net advertising revenue, divided by the number of months in the period, divided by the daily weighted average number of subscribers for the period.
B10: Pandora & Off-platform
B11: Monthly active users - all services | C11: 46,026 | D11: 43344 | E11: 41112 | F11: =KPIs!F14 -> 40068 | G11: ='Bear Case Assumptions'!G14 -> 40068 | H11: ='Bear Case Assumptions'!H14 -> 40068 | I11: ='Bear Case Assumptions'!I14 -> 40068 | K11: =I11 -> 40068 | L11: ='Bear Case Assumptions'!K14 -> 37733.181 | M11: ='Bear Case Assumptions'!L14 -> 35534.415
B12: Self-pay subscribers | C12: =KPIs!C15 -> 6053 | D12: =KPIs!D15 -> 5774 | E12: =KPIs!E15 -> 5630 | F12: =KPIs!F15 -> 5597 | G12: ='Bear Case Assumptions'!G16 -> 5597 | H12: ='Bear Case Assumptions'!H16 -> 5597 | I12: ='Bear Case Assumptions'!I16 -> 5597 | K12: ='Bear Case Assumptions'!J16 -> 5597 | L12: ='Bear Case Assumptions'!K16 -> 5339.0183 | M12: ='Bear Case Assumptions'!L16 -> 5092.9278
B13: Weighted average subscribers | C13: =KPIs!C16 -> 6169 | D13: =KPIs!D16 -> 5929 | E13: =KPIs!E16 -> 5698 | F13: =KPIs!F16 -> 5605 | G13: ='Bear Case Assumptions'!G17 -> 5597 | H13: ='Bear Case Assumptions'!H17 -> 5597 | I13: ='Bear Case Assumptions'!I17 -> 5597 | K13: ='Bear Case Assumptions'!J17 -> 5520.3288 | L13: ='Bear Case Assumptions'!K17 -> 5468.0092 | M13: ='Bear Case Assumptions'!L17 -> 5215.9731
B14: Ad-supported listener hours, bn | C14: =KPIs!C17 -> 10.48 | D14: =KPIs!D17 -> 9.94 | E14: =KPIs!E17 -> 9.75 | F14: =KPIs!F17 -> 2.221 | G14: ='Bear Case Assumptions'!G18 -> 1 | H14: ='Bear Case Assumptions'!H18 -> 1 | I14: ='Bear Case Assumptions'!I18 -> 1 | K14: ='Bear Case Assumptions'!J18 -> 5.221 | L14: ='Bear Case Assumptions'!K18 -> 5.221 | M14: ='Bear Case Assumptions'!L18 -> 5.221
B15: Advertising revenue per thousand listener hours (RPM) ($) | C15: =KPIs!C18 -> 99.39 | D15: =KPIs!D18 -> 100.59 | E15: =KPIs!E18 -> 91.78 | F15: =KPIs!F18 -> 84.11 | G15: ='Bear Case Assumptions'!G19 -> 80 | H15: ='Bear Case Assumptions'!H19 -> 80 | I15: ='Bear Case Assumptions'!I19 -> 80 | K15: ='Bear Case Assumptions'!J19 -> 81.0275 | L15: ='Bear Case Assumptions'!K19 -> 81.0275 | M15: ='Bear Case Assumptions'!L19 -> 81.0275 | O15: RPM = Revenue Per Mille, meaning advertising revenue per 1,000 listener hours.
B17: Off-platform revenue ($mm) | C17: ='Revenue split'!E12-(C14*C15) -> 547.3928 | D17: ='Revenue split'!F12-(D14*D15) -> 606.1354 | E17: ='Revenue split'!G12-(E14*E15) -> 720.145 | F17: ='Revenue split'!H12-(F14*F15) -> 185.19169 | G17: ='Bear Case Assumptions'!G22 -> 185.19169 | H17: ='Bear Case Assumptions'!H22 -> 185.19169 | I17: ='Bear Case Assumptions'!I22 -> 185.19169 | K17: ='Bear Case Assumptions'!J22 -> 740.76676 | L17: ='Bear Case Assumptions'!K22 -> 547.3928 | M17: ='Bear Case Assumptions'!L22 -> 547.3928
B19: SiriusXM Revenue ($mm) | C19: 2023A | D19: 2024A | E19: 2025A | F19: Q1 2026A | G19: Q2 2026E | H19: Q3 2026E | I19: Q4 2026E | K19: 2026E | L19: 2027E | M19: 2028E
B20: Subscriber revenue | C20: ='Revenue split'!E6 -> 6342 | D20: ='Revenue split'!F6 -> 6076 | E20: ='Revenue split'!G6 -> 5960 | F20: ='Revenue split'!H6 -> 1483 | G20: =($K$20-$F$20)*(G7*G9)/SUMPRODUCT($G$7:$I$7,$G$9:$I$9) -> 1471.3947 | H20: =($K$20-$F$20)*(H7*H9)/SUMPRODUCT($G$7:$I$7,$G$9:$I$9) -> 1470.9459 | I20: =($K$20-$F$20)*(I7*I9)/SUMPRODUCT($G$7:$I$7,$G$9:$I$9) -> 1470.9459 | K20: =K7*K9*12/1000 -> 5896.2865 | L20: =L7*L9*12/1000 -> 5881.8062 | M20: =M7*M9*12/1000 -> 5848.3485 | O20: =Weighted-average subscribers × ARPU x 12/1000
B21: Advertising revenue | C21: ='Revenue split'!E7 -> 169 | D21: ='Revenue split'!F7 -> 167 | E21: ='Revenue split'!G7 -> 157 | F21: ='Revenue split'!H7 -> 35 | G21: =F21*(1+'Bear Case Assumptions'!G26) -> 40.666667 | H21: =G21*(1+'Bear Case Assumptions'!H26) -> 40.666667 | I21: =H21*(1+'Bear Case Assumptions'!I26) -> 40.666667 | K21: =SUM(F21:I21) -> 157 | L21: =K21*(1+'Bear Case Assumptions'!J26) -> 157 | M21: =L21*(1+'Bear Case Assumptions'!K26) -> 157
B22: Equipment revenue | C22: ='Revenue split'!E8 -> 193 | D22: ='Revenue split'!F8 -> 182 | E22: ='Revenue split'!G8 -> 178 | F22: ='Revenue split'!H8 -> 41 | G22: =F22*(1+'Bear Case Assumptions'!G27) -> 40.098901 | H22: =G22*(1+'Bear Case Assumptions'!H27) -> 39.217607 | I22: =H22*(1+'Bear Case Assumptions'!I27) -> 38.355681 | K22: =E22*(1+'Bear Case Assumptions'!J27) -> 174.08791 | L22: =K22*(1+'Bear Case Assumptions'!K27) -> 170.2618 | M22: =L22*(1+'Bear Case Assumptions'!L27) -> 166.51979
B23: Other revenue | C23: ='Revenue split'!E9 -> 136 | D23: ='Revenue split'!F9 -> 128 | E23: ='Revenue split'!G9 -> 122 | F23: ='Revenue split'!H9 -> 31 | G23: =F23*(1+'Bear Case Assumptions'!G28) -> 31 | H23: =G23*(1+'Bear Case Assumptions'!H28) -> 32 | I23: =H23*(1+'Bear Case Assumptions'!I28) -> 28 | K23: =E23*(1+'Bear Case Assumptions'!J28) -> 122 | L23: =K23*(1+'Bear Case Assumptions'!K28) -> 122 | M23: =L23*(1+'Bear Case Assumptions'!L28) -> 122
B24: Pandora and Off-platform revenue ($mm) | C24: 2023A | D24: 2024A | E24: 2025A | F24: Q1 2026A | G24: Q2 2026E | H24: Q3 2026E | I24: Q4 2026E | K24: 2026E | L24: 2027E | M24: 2028E
B25: Subscriber revenue | C25: ='Revenue split'!E11 -> 524 | D25: ='Revenue split'!F11 -> 540 | E25: ='Revenue split'!G11 -> 526 | F25: ='Revenue split'!H11 -> 129 | G25: =($K$25-$F$25)*G13/SUM($G$13:$I$13) -> 126.86621 | H25: =($K$25-$F$25)*H13/SUM($G$13:$I$13) -> 126.86621 | I25: =($K$25-$F$25)*I13/SUM($G$13:$I$13) -> 126.86621 | K25: =E25*(K13/KPIs!E16)*(1+'Bear Case Assumptions'!J29) -> 509.59862 | L25: =K25*(L13/K13)*(1+'Bear Case Assumptions'!K29) -> 499.72115 | M25: =L25*(M13/L13)*(1+'Bear Case Assumptions'!L29) -> 471.9207 | O25: FY2026 subscriber revenue = FY2025 subscriber revenue × change in weighted-average subscribers × price/mix adjustment
B26: On-platform advertising (Pandora) | C26: =C14*C15 -> 1041.6072 | D26: =D14*D15 -> 999.8646 | E26: =E14*E15 -> 894.855 | F26: =F14*F15 -> 186.80831 | G26: =G14*G15 -> 80 | H26: =H14*H15 -> 80 | I26: =I14*I15 -> 80 | K26: =K14*K15 -> 423.04458 | L26: =L14*L15 -> 423.04458 | M26: =M14*M15 -> 423.04458 | O26: RPM excludes AdsWizz and other off-platform revenue. Therefore: Listener hours × RPM = implied on-platform Pandora advertising revenue
B27: Off-platform advertising (Other audio platforms) | C27: ='Revenue split'!E12-'Bear Case Forecast'!C26 -> 547.3928 | D27: ='Revenue split'!F12-'Bear Case Forecast'!D26 -> 606.1354 | E27: ='Revenue split'!G12-'Bear Case Forecast'!E26 -> 720.145 | F27: =F17 -> 185.19169 | G27: =G17 -> 185.19169 | H27: =H17 -> 185.19169 | I27: =I17 -> 185.19169 | K27: =K17 -> 740.76676 | L27: =L17 -> 547.3928 | M27: =M17 -> 547.3928
B28: Total Pandora advertising revenue | C28: =SUM(C26:C27) -> 1589 | D28: =SUM(D26:D27) -> 1606 | E28: =SUM(E26:E27) -> 1615 | F28: =F26+F27 -> 372 | G28: =G26+G27 -> 265.19169 | H28: =H26+H27 -> 265.19169 | I28: =I26+I27 -> 265.19169 | K28: =K26+K27 -> 1163.8113 | L28: =L26+L27 -> 970.43738 | M28: =M26+M27 -> 970.43738
B29: Consolidated revenue and EBITDA | C29: 2023A | D29: 2024A | E29: 2025A | F29: Q1 2026A | G29: Q2 2026E | H29: Q3 2026E | I29: Q4 2026E | K29: 2026E | L29: 2027E | M29: 2028E
B30: Total Revenue | C30: =SUM(C20:C23,C25,C28) -> 8953 | D30: =SUM(D20:D23,D25,D28) -> 8699 | E30: =SUM(E20:E23,E25,E28) -> 8558 | F30: =SUM(F20:F23,F25,F28) -> 2091 | G30: =SUM(G20:G23,G25,G28) -> 1975.2181 | H30: =SUM(H20:H23,H25,H28) -> 1974.8881 | I30: =SUM(I20:I23,I25,I28) -> 1970.0262 | K30: =SUM(K20:K23,K25,K28) -> 8022.7844 | L30: =SUM(L20:L23,L25,L28) -> 7801.2265 | M30: =SUM(M20:M23,M25,M28) -> 7736.2264
B31: Revenue growth | D31: =D30/C30-1 -> -0.028370379 | E31: =E30/D30-1 -> -0.01620876 | G31: =G30/F30-1 -> -0.055371528 | H31: =H30/G30-1 -> -0.00016709089 | I31: =I30/H30-1 -> -0.0024618739 | K31: =K30/'Revenue split'!G13-1 -> -0.0625398 | L31: =L30/K30-1 -> -0.027616083 | M31: =M30/L30-1 -> -0.0083320416
B33: Cost of services | C33: ='Financial One Pager'!J24 -> 4209 | D33: ='Financial One Pager'!K24 -> 4129 | E33: ='Financial One Pager'!L24 -> 4118 | F33: =1002 -> 1002 | G33: =G30*'Bear Case Assumptions'!G32 -> 936.99702 | H33: =H30*'Bear Case Assumptions'!H32 -> 936.84046 | I33: =I30*'Bear Case Assumptions'!I32 -> 934.53408 | K33: =SUM(F33:I33) -> 3810.3716 | L33: =L30*'Bear Case Assumptions'!K32 -> 3700.7184 | M33: =M30*'Bear Case Assumptions'!L32 -> 3669.8838
B34: Gross Profit | C34: ='Financial One Pager'!J25 -> 4744 | D34: ='Financial One Pager'!K25 -> 4570 | E34: ='Financial One Pager'!L25 -> 4440 | F34: =F30-F33 -> 1089 | G34: =G30-G33 -> 1038.2211 | H34: =H30-H33 -> 1038.0476 | I34: =I30-I33 -> 1035.4921 | K34: =SUM(F34:I34) -> 4200.7608 | L34: =L30-L33 -> 4100.5081 | M34: =M30-M33 -> 4066.3425
B35: Subscriber acquisition costs | C35: ='Financial One Pager'!J26 -> 359 | D35: ='Financial One Pager'!K26 -> 369 | E35: ='Financial One Pager'!L26 -> 414 | F35: 100 | G35: =(G34-G39)*'Bear Case Assumptions'!G36 -> 110.4488 | H35: =(H34-H39)*'Bear Case Assumptions'!H36 -> 110.43034 | I35: =(I34-I39)*'Bear Case Assumptions'!I36 -> 110.15848 | K35: =SUM(F35:I35) -> 431.03762 | L35: =(L34-L39)*'Bear Case Assumptions'!K36 -> 425.18388 | M35: =(M34-M39)*'Bear Case Assumptions'!L36 -> 425.68016
B36: Sales and marketing | C36: ='Financial One Pager'!J27 -> 931 | D36: ='Financial One Pager'!K27 -> 894 | E36: ='Financial One Pager'!L27 -> 760 | F36: 187 | G36: =(G34-G39)*'Bear Case Assumptions'!G37 -> 204.65113 | H36: =(H34-H39)*'Bear Case Assumptions'!H37 -> 204.61693 | I36: =(I34-I39)*'Bear Case Assumptions'!I37 -> 204.11319 | K36: =SUM(F36:I36) -> 800.38126 | L36: =(L34-L39)*'Bear Case Assumptions'!K37 -> 787.82532 | M36: =(M34-M39)*'Bear Case Assumptions'!L37 -> 788.74488
B37: Product and technology | C37: ='Financial One Pager'!J28 -> 322 | D37: ='Financial One Pager'!K28 -> 296 | E37: ='Financial One Pager'!L28 -> 263 | F37: 69 | G37: =(G34-G39)*'Bear Case Assumptions'!G38 -> 73.1924 | H37: =(H34-H39)*'Bear Case Assumptions'!H38 -> 73.18017 | I37: =(I34-I39)*'Bear Case Assumptions'!I38 -> 73.00001 | K37: =SUM(F37:I37) -> 288.37258 | L37: =(L34-L39)*'Bear Case Assumptions'!K38 -> 281.76158 | M37: =(M34-M39)*'Bear Case Assumptions'!L38 -> 282.09046
B38: General and administrative | C38: ='Financial One Pager'!J29 -> 608 | D38: ='Financial One Pager'!K29 -> 497 | E38: ='Financial One Pager'!L29 -> 549 | F38: 122 | G38: =(G34-G39)*'Bear Case Assumptions'!G39 -> 140.59566 | H38: =(H34-H39)*'Bear Case Assumptions'!H39 -> 140.57217 | I38: =(I34-I39)*'Bear Case Assumptions'!I39 -> 140.2261 | K38: =SUM(F38:I38) -> 543.39393 | L38: =(L34-L39)*'Bear Case Assumptions'!K39 -> 541.23729 | M38: =(M34-M39)*'Bear Case Assumptions'!L39 -> 541.86903
B39: EBITDA before adjustments | C39: ='Financial One Pager'!J30 -> 2524 | D39: ='Financial One Pager'!K30 -> 2514 | E39: ='Financial One Pager'!L30 -> 2454 | F39: =F34-SUM(F35:F38) -> 611 | G39: =G43-G41-G42 -> 509.33312 | H39: =H43-H41-H42 -> 509.24802 | I39: =I43-I41-I42 -> 507.99431 | K39: =SUM(F39:I39) -> 2137.5754 | L39: =L43-L41-L42 -> 2064.5001 | M39: =M43-M41-M42 -> 2027.958
B40: Adjusted EBITDA reconciliation items
B41: Share-based compensation | C41: ='Financial One Pager'!J32 -> 203 | D41: ='Financial One Pager'!K32 -> 200 | E41: ='Financial One Pager'!L32 -> 181 | F41: 54 | G41: =G30*'Bear Case Assumptions'!G33 -> 46.392704 | H41: =H30*'Bear Case Assumptions'!H33 -> 46.384953 | I41: =I30*'Bear Case Assumptions'!I33 -> 46.270759 | K41: =SUM(F41:I41) -> 193.04842 | L41: =L30*'Bear Case Assumptions'!K33 -> 183.23039 | M41: =M30*'Bear Case Assumptions'!L33 -> 181.70371
B42: Legal settlements/reserves | C42: ='Financial One Pager'!J33 -> 31 | D42: ='Financial One Pager'!K33 -> 3 | E42: ='Financial One Pager'!L33 -> 30 | F42: 1 | G42: ='Bear Case Assumptions'!G34 -> 0 | H42: ='Bear Case Assumptions'!H34 -> 0 | I42: ='Bear Case Assumptions'!I34 -> 0 | K42: =SUM(F42:I42) -> 1 | L42: ='Bear Case Assumptions'!K34 -> 0 | M42: ='Bear Case Assumptions'!L34 -> 0
B43: Adj. EBITDA | C43: ='Financial One Pager'!J34 -> 2758 | D43: ='Financial One Pager'!K34 -> 2717 | E43: ='Financial One Pager'!L34 -> 2665 | F43: =SUM(F39,F41:F42) -> 666 | G43: =(('Bear Case Assumptions'!$J$35*$K$30)-$F$43)*(G30/SUM($G$30:$I$30)) -> 555.72582 | H43: =(('Bear Case Assumptions'!$J$35*$K$30)-$F$43)*(H30/SUM($G$30:$I$30)) -> 555.63297 | I43: =(('Bear Case Assumptions'!$J$35*$K$30)-$F$43)*(I30/SUM($G$30:$I$30)) -> 554.26507 | K43: =SUM(K39:K42) -> 2331.6239 | L43: =L30*'Bear Case Assumptions'!K35 -> 2247.7305 | M43: =M30*'Bear Case Assumptions'!L35 -> 2209.6617
B45: Balance sheet | C45: 2023A | D45: 2024A | E45: 2025A | F45: Q1 2026A | G45: Q2 2026E | H45: Q3 2026E | I45: Q4 2026E | K45: 2026E | L45: 2027E | M45: 2028E
B46: ST debt | C46: ='Financial One Pager'!J64 -> 1195 | D46: ='Financial One Pager'!K64 -> 1050 | E46: ='Financial One Pager'!L64 -> 1058 | F46: ='Financial One Pager'!M64 -> 59 | G46: ='Base Case Debt schedule'!D12 -> 59 | H46: ='Base Case Debt schedule'!E12 -> 59 | I46: ='Base Case Debt schedule'!F12 -> 59 | K46: =I46 -> 59 | L46: =K46 -> 59 | M46: =L46 -> 59
B47: LT debt | C47: ='Financial One Pager'!J65 -> 10073 | D47: ='Financial One Pager'!K65 -> 10314 | E47: ='Financial One Pager'!L65 -> 8648 | F47: ='Financial One Pager'!M65 -> 9688 | G47: ='Bear Case Debt schedule '!D11 -> 9604.25 | H47: ='Bear Case Debt schedule '!E11 -> 9590.5 | I47: ='Bear Case Debt schedule '!F11 -> 9576.75 | K47: =I47 -> 9576.75 | L47: ='Bear Case Debt schedule '!I11 -> 8607 | M47: ='Bear Case Debt schedule '!J11 -> 8607
B48: Total debt | C48: ='Financial One Pager'!J67 -> 11268 | D48: ='Financial One Pager'!K67 -> 11364 | E48: ='Financial One Pager'!L67 -> 9706 | F48: =SUM(F46:F47) -> 9747 | G48: =SUM(G46:G47) -> 9663.25 | H48: =SUM(H46:H47) -> 9649.5 | I48: =SUM(I46:I47) -> 9635.75 | K48: =SUM(K46:K47) -> 9635.75 | L48: =SUM(L46:L47) -> 8666 | M48: =SUM(M46:M47) -> 8666
B49: Cash & eqv. | C49: ='Financial One Pager'!J68 -> 306 | D49: ='Financial One Pager'!K68 -> 162 | E49: ='Financial One Pager'!L68 -> 94 | F49: 75 | G49: =G74 -> 255.90333 | H49: =H74 -> 436.80667 | I49: =I74 -> 617.71 | K49: =I49 -> 617.71 | L49: =L74 -> 319.83823 | M49: =M74 -> 1109.3675
B51: Cash Flow Summary | C51: 2023A | D51: 2024A | E51: 2025A | F51: Q1 2026A | G51: Q2 2026E | H51: Q3 2026E | I51: Q4 2026E | K51: 2026E | L51: 2027E | M51: 2028E
B52: Adj. EBITDA | C52: ='Financial One Pager'!J41 -> 2758 | D52: ='Financial One Pager'!K41 -> 2717 | E52: ='Financial One Pager'!L41 -> 2665 | F52: =F43 -> 666 | G52: =G43 -> 555.72582 | H52: =H43 -> 555.63297 | I52: =I43 -> 554.26507 | K52: =K43 -> 2331.6239 | L52: =L43 -> 2247.7305 | M52: =M43 -> 2209.6617
B53: Cash taxes | C53: ='Financial One Pager'!J42 -> -165 | D53: ='Financial One Pager'!K42 -> -218 | E53: ='Financial One Pager'!L42 -> -156 | F53: 0 | G53: =-('Bear Case Assumptions'!$J$42*$K$43)*G43/SUM($G$43:$I$43) -> -45.537535 | H53: =-('Bear Case Assumptions'!$J$42*$K$43)*H43/SUM($G$43:$I$43) -> -45.529926 | I53: =-('Bear Case Assumptions'!$J$42*$K$43)*I43/SUM($G$43:$I$43) -> -45.417837 | K53: =-'Bear Case Assumptions'!J42*'Bear Case Forecast'!K43 -> -136.4853 | L53: =-'Bear Case Assumptions'!K42*'Bear Case Forecast'!L43 -> -131.57447 | M53: =-'Bear Case Assumptions'!L42*'Bear Case Forecast'!M43 -> -129.34605
B54: Cash interest | C54: ='Financial One Pager'!J43 -> -507 | D54: ='Financial One Pager'!K43 -> -473 | E54: ='Financial One Pager'!L43 -> -439 | F54: -205 | G54: ='Bear Case Assumptions'!G43 -> -73.333333 | H54: ='Bear Case Assumptions'!H43 -> -73.333333 | I54: ='Bear Case Assumptions'!I43 -> -73.333333 | K54: ='Bear Case Assumptions'!J43 -> -425 | L54: ='Bear Case Assumptions'!K43 -> -386 | M54: ='Bear Case Assumptions'!L43 -> -286
B55: EBITDA-tax-Int | C55: ='Financial One Pager'!J44 -> 2086 | D55: ='Financial One Pager'!K44 -> 2026 | E55: ='Financial One Pager'!L44 -> 2070 | F55: =SUM(F52:F54) -> 461 | G55: =SUM(G52:G54) -> 436.85496 | H55: =SUM(H52:H54) -> 436.76971 | I55: =SUM(I52:I54) -> 435.5139 | K55: =SUM(K52:K54) -> 1770.1386 | L55: =SUM(L52:L54) -> 1730.156 | M55: =SUM(M52:M54) -> 1794.3157
B56: Working capital | C56: ='Financial One Pager'!J45 -> -50 | D56: ='Financial One Pager'!K45 -> -109 | E56: ='Financial One Pager'!L45 -> -25 | F56: =16-295 -> -279 | G56: =(('Bear Case Assumptions'!$J$44*$K$30)-$F56)*G30/SUM($G$30:$I$30) -> 85.267291 | H56: =(('Bear Case Assumptions'!$J$44*$K$30)-$F56)*H30/SUM($G$30:$I$30) -> 85.253043 | I56: =(('Bear Case Assumptions'!$J$44*$K$30)-$F56)*I30/SUM($G$30:$I$30) -> 85.043161 | K56: ='Bear Case Assumptions'!J44*'Bear Case Forecast'!K30 -> -23.436505 | L56: ='Bear Case Assumptions'!K44*'Bear Case Forecast'!L30 -> -22.789281 | M56: ='Bear Case Assumptions'!L44*'Bear Case Forecast'!M30 -> -22.599399
B57: Other changes in CFO** | C57: ='Financial One Pager'!J46 -> -207 | D57: ='Financial One Pager'!K46 -> -176 | E57: ='Financial One Pager'!L46 -> -147 | F57: =F58-F55-F56 -> 94 | G57: =G58-G55-G56 -> -106.3645 | H57: =H58-H55-H56 -> -106.31122 | I57: =I58-I55-I56 -> -105.52634 | K57: =SUM(F57:I57) -> -224.20206 | L57: =MIN(K57,C57:E57) -> -224.20206 | M57: =MIN(L57,D57:F57) -> -224.20206
B58: Cash flow from operations | C58: ='Financial One Pager'!J47 -> 1829 | D58: ='Financial One Pager'!K47 -> 1741 | E58: ='Financial One Pager'!L47 -> 1898 | F58: =F61-SUM(F59:F60) -> 276 | G58: =G61-SUM(G59:G60) -> 415.75775 | H58: =H61-SUM(H59:H60) -> 415.71153 | I58: =I61-SUM(I59:I60) -> 415.03072 | K58: =SUM(K55:K57) -> 1522.5 | L58: =L61-SUM(L59:L60) -> 1483.1647 | M58: =M61-SUM(M59:M60) -> 1547.5142
B59: Capex excluding satellite expenditure | C59: ='Financial One Pager'!J48 -> -284 | D59: ='Financial One Pager'!K48 -> -307 | E59: ='Financial One Pager'!L48 -> -365 | F59: =-105-F60 -> -76 | G59: =-SUM(Capex!D6-Capex!D4) -> -110.5 | H59: =-SUM(Capex!E6-Capex!E4) -> -110.5 | I59: =-SUM(Capex!F6-Capex!F4) -> -110.5 | K59: =-('Bear Case Assumptions'!J49)*'Bear Case Forecast'!K30 -> -407.5 | L59: =-('Bear Case Assumptions'!K49)*'Bear Case Forecast'!L30 -> -396.24645 | M59: =-('Bear Case Assumptions'!L49)*'Bear Case Forecast'!M30 -> -392.9449
B60: Satellite expenditures | C60: ='Financial One Pager'!J49 -> -285 | D60: ='Financial One Pager'!K49 -> -262 | E60: ='Financial One Pager'!L49 -> -204 | F60: =-Capex!C4 -> -29 | G60: =-Capex!D4 -> -28.666667 | H60: =-Capex!E4 -> -28.666667 | I60: =-Capex!F4 -> -28.666667 | K60: =-Capex!H4 -> -115 | L60: =-Capex!I4 -> -50 | M60: =-Capex!J4 -> 0
B61: FCF (CFO-capex) | C61: ='Financial One Pager'!J50 -> 1545 | D61: ='Financial One Pager'!K50 -> 1434 | E61: ='Financial One Pager'!L50 -> 1533 | F61: 171 | G61: ='Bear Case Assumptions'!G48 -> 276.59108 | H61: ='Bear Case Assumptions'!H48 -> 276.54487 | I61: ='Bear Case Assumptions'!I48 -> 275.86405 | K61: =K55+K56+K57+K59+K60 -> 1000 | L61: =L55+L56+L57+L59+L60 -> 1036.9182 | M61: =M55+M56+M57+M59+M60 -> 1154.5693
B62: Change in Debt | C62: ='Financial One Pager'!J51 -> -1101 | D62: ='Financial One Pager'!K51 -> -709 | E62: ='Financial One Pager'!L51 -> -679 | F62: =520-470+1235-1263 -> 22 | G62: =-SUM('Bear Case Debt schedule '!D4:D6)+'Bear Case Debt schedule '!D8 -> -83.75 | H62: =-SUM('Bear Case Debt schedule '!E4:E6)+'Bear Case Debt schedule '!E8 -> -13.75 | I62: =-SUM('Bear Case Debt schedule '!F4:F6)+'Bear Case Debt schedule '!F8 -> -13.75 | K62: =SUM(F62:I62) -> -89.25 | L62: =-SUM('Bear Case Debt schedule '!I4:I6)+'Bear Case Debt schedule '!I8 -> -969.75 | M62: =-SUM('Bear Case Debt schedule '!J4:J6)+'Bear Case Debt schedule '!J8 -> 0
B63: Change in Equity | C63: ='Financial One Pager'!J52 -> 0 | D63: ='Financial One Pager'!K52 -> 0 | E63: ='Financial One Pager'!L52 -> 0 | F63: 0 | G63: ='Financial One Pager'!M52 -> 0 | H63: =G63 -> 0 | I63: =H63 -> 0 | K63: ='Financial One Pager'!L52 -> 0 | L63: =K63 -> 0 | M63: =L63 -> 0
B64: Share Repurchase | C64: ='Financial One Pager'!J53 -> -274 | D64: ='Financial One Pager'!K53 -> -6 | E64: ='Financial One Pager'!L53 -> -136 | F64: -22 | G64: ='Base Case Assumptions'!G47 -> 0 | H64: ='Base Case Assumptions'!H47 -> 0 | I64: ='Base Case Assumptions'!I47 -> 0 | K64: ='Bear Case Assumptions'!J45 -> -22 | L64: ='Bear Case Assumptions'!K45 -> 0 | M64: ='Bear Case Assumptions'!L45 -> 0
B65: M&A | C65: ='Financial One Pager'!J54 -> 0 | D65: ='Financial One Pager'!K54 -> 0 | E65: ='Financial One Pager'!L54 -> 0 | F65: 0 | G65: ='Financial One Pager'!L54 -> 0 | H65: =G65 -> 0 | I65: =H65 -> 0 | K65: =I65 -> 0 | L65: =J65 -> 0 | M65: =K65 -> 0
B66: Proceeds from sale leaseback | C66: ='Financial One Pager'!J55 -> 0 | D66: ='Financial One Pager'!K55 -> 0 | E66: ='Financial One Pager'!L55 -> 0 | F66: 0 | G66: ='Financial One Pager'!L55 -> 0 | H66: =G66 -> 0 | I66: =H66 -> 0 | K66: =I66 -> 0 | L66: =J66 -> 0 | M66: =K66 -> 0
B67: Dividends | C67: ='Financial One Pager'!J56 -> -65 | D67: ='Financial One Pager'!K56 -> -143 | E67: ='Financial One Pager'!L56 -> -365 | F67: -91 | G67: =-'Bear Case Assumptions'!G46*'Bear Case Assumptions'!G47 -> -91.26 | H67: =-'Bear Case Assumptions'!H46*'Bear Case Assumptions'!H47 -> -91.26 | I67: =-'Bear Case Assumptions'!I46*'Bear Case Assumptions'!I47 -> -91.26 | K67: =-'Bear Case Assumptions'!J46*'Bear Case Assumptions'!J47 -> -365.04 | L67: =-'Bear Case Assumptions'!K46*'Bear Case Assumptions'!K47 -> -365.04 | M67: =-'Bear Case Assumptions'!L46*'Bear Case Assumptions'!L47 -> -365.04
B68: Proceeds from NCI | C68: ='Financial One Pager'!J57 -> 0 | D68: ='Financial One Pager'!K57 -> 0 | E68: ='Financial One Pager'!L57 -> 0 | F68: 0 | G68: =F68 -> 0 | H68: =G68 -> 0 | I68: =H68 -> 0 | K68: =I68 -> 0 | L68: =J68 -> 0 | M68: =K68 -> 0
B69: Proceeds from prepaid variable forward | C69: ='Financial One Pager'!J58 -> 0 | D69: ='Financial One Pager'!K58 -> 0 | E69: ='Financial One Pager'!L58 -> 0 | F69: 0 | G69: ='Financial One Pager'!M58 -> 0 | H69: =G69 -> 0 | I69: =H69 -> 0 | K69: =I69 -> 0 | L69: =J69 -> 0 | M69: =K69 -> 0
B70: Settlement of intergroup interests | C70: ='Financial One Pager'!J59 -> 273 | D70: ='Financial One Pager'!K59 -> 0 | E70: ='Financial One Pager'!L59 -> 0 | F70: 0 | G70: ='Financial One Pager'!M59 -> 0 | H70: =G70 -> 0 | I70: =H70 -> 0 | K70: =I70 -> 0 | L70: =J70 -> 0 | M70: =K70 -> 0
B71: Other changes in cash flow | C71: ='Financial One Pager'!J60 -> -433 | D71: ='Financial One Pager'!K60 -> -721 | E71: ='Financial One Pager'!L60 -> -421 | G71: =SUM(G61:G70)-G72 -> -79.32225 | H71: =SUM(H61:H70)-H72 -> -9.3684658 | I71: =SUM(I61:I70)-I72 -> -10.049284 | K71: 0 | L71: 0 | M71: 0
B72: Net change in cash | C72: ='Financial One Pager'!J61 -> -55 | D72: ='Financial One Pager'!K61 -> -145 | E72: ='Financial One Pager'!L61 -> -68 | F72: =-19 -> -19 | G72: =($K$72-$F$72)/3 -> 180.90333 | H72: =($K$72-$F$72)/3 -> 180.90333 | I72: =($K$72-$F$72)/3 -> 180.90333 | K72: =SUM(K61:K71) -> 523.71 | L72: =SUM(L61:L71) -> -297.87177 | M72: =SUM(M61:M71) -> 789.52931
B73: Beginning cash | C73: 370 | D73: =C74 -> 315 | E73: =D74 -> 170 | F73: =E74 -> 102 | G73: =F49 -> 75 | H73: =G74 -> 255.90333 | I73: =H74 -> 436.80667 | K73: ='Financial One Pager'!L68 -> 94 | L73: =K74 -> 617.71 | M73: =L74 -> 319.83823
B74: Ending cash | C74: =C73+C72 -> 315 | D74: =D73+D72 -> 170 | E74: =E73+E72 -> 102 | F74: =F73+F72 -> 83 | G74: =G73+G72 -> 255.90333 | H74: =H73+H72 -> 436.80667 | I74: =I73+I72 -> 617.71 | K74: =K73+K72 -> 617.71 | L74: =L73+L72 -> 319.83823 | M74: =M73+M72 -> 1109.3675

Sheet Bear Case Debt schedule 
B2: Debt schedule ($mm) | C2: Q1 2026A | D2: Q2 2026E | E2: Q3 2026E | F2: Q4 2026E | H2: 2026E | I2: 2027E | J2: 2028E | L2: Source/Notes | N2: # | O2: Debt repayment Schedule | Q2: Calculation | R2: Final Answer | T2: Source/Notes
B3: Opening total debt | C3: N/A | D3: =C9 -> 9747 | E3: =D9 -> 9663.25 | F3: =E9 -> 9649.5 | H3: ='Financial One Pager'!L67 -> 9706 | I3: =H9 -> 9635.75 | J3: =I9 -> 8666 | N3: 1 | O3: Delayed-draw TL | P3: The delayed-draw term-loan agreement requires SiriusXM to repay 1.25% of the original principal every quarter. The original facility drawn was $1.1bn. | Q3: = $1.1mm x 1.25% = $13.75mm | R3: =1100*1.25% -> 13.75
B4: Debt issued repayment | D4: 0 | E4: 0 | F4: 0 | H4: 0 | I4: 1250 | J4: =2000+575 -> 2575 | L4: (See below table)
B5: Scheduled term-loan repayment | D5: =R3 -> 13.75 | E5: =D5 -> 13.75 | F5: =E5 -> 13.75 | H5: =SUM(D5:F5) -> 41.25 | I5: 344.75 | J5: 0 | L5: • The Delayed Draw Incremental Term Loan originally had $1.1 billion of principal commitments. The agreement requires repayment on the last business day of every March, June, September and December equal to 1.25% of the original principal borrowed. (Source: 10-Q Q1 2026)
B6: Revolver repayment | D6: =70 -> 70 | E6: 0 | F6: 0 | H6: =SUM(D6:F6) -> 70 | I6: 0 | J6: 0 | L6: • At March 31, 2026, SiriusXM had $70 million outstanding under the revolving Credit Facility. So, we assume that Sirius pays off $70mm in Q2 2026E and makes no drawdown forward.
B7: Debt issued coupon payments | D7: =0 -> 0 | E7: =M28+M29+M30+M31 -> 273.125 | F7: =M32 -> 58.125 | H7: =SUM(D7:F7) -> 331.25 | I7: =N34 -> 268.75 | J7: =N35 -> 188.75 | L7: See adjacent table
B8: Debt issuance / refinancing | D8: 0 | E8: 0 | F8: 0 | H8: =SUM(C8:F8) -> 0 | I8: =50%*I4 -> 625 | J8: =J4 -> 2575 | L8: • The bear case refinances $625m in 2027 and the full $2,575mm in 2028E
B9: Ending total debt | C9: ='Financial One Pager'!M67 -> 9747 | D9: =D3-D4-D5-D6+D8 -> 9663.25 | E9: =E3-E4-E5-E6+E8 -> 9649.5 | F9: =F3-F4-F5-F6+F8 -> 9635.75 | H9: =F9 -> 9635.75 | I9: =I3-I4-I5-I6+I8 -> 8666 | J9: =J3-J4-J5-J6+J8 -> 8666 | L9: • Opening debt - (Debt issued repayment + Scheduled Term Loan payment + Revolver payment + Debt issued coupon payments) + Debt issuance / refinancing = Ending debt
B10: Cash and cash equivalents | C10: ='Financial One Pager'!M68 -> 75 | D10: ='Bear Case Forecast'!G49 -> 255.90333 | E10: ='Bear Case Forecast'!H49 -> 436.80667 | F10: ='Bear Case Forecast'!I49 -> 617.71 | H10: ='Bear Case Forecast'!K49 -> 617.71 | I10: ='Bear Case Forecast'!L49 -> 319.83823 | J10: ='Bear Case Forecast'!M49 -> 1109.3675 | L10: From Bear Case Forecast
B11: Long-term debt | C11: =C9-C12 -> 9688 | D11: =D9-D12 -> 9604.25 | E11: =E9-E12 -> 9590.5 | F11: =F9-F12 -> 9576.75 | H11: =F11 -> 9576.75 | I11: =I9-I12 -> 8607 | J11: =J9-J12 -> 8607
B12: Less: current maturities | C12: =59 -> 59 | D12: =$C$12 -> 59 | E12: =$C$12 -> 59 | F12: =$C$12 -> 59 | H12: =F12 -> 59 | I12: =H12 -> 59 | J12: =I12 -> 59 | L12: Long term debt = Ending debt - current maturities
B13: Net debt | C13: =C9-C10 -> 9672 | D13: =D9-D10 -> 9407.3467 | E13: =E9-E10 -> 9212.6933 | F13: =F9-F10 -> 9018.04 | H13: =H9-H10 -> 9018.04 | I13: =I9-I10 -> 8346.1618 | J13: =J9-J10 -> 7556.6325 | L13: • At March 31, 2026, current maturities were $59mm, consisting principally of: (i) $55 million current portion of the Delayed Draw Term Loan + (ii) c. $4mm of finance leases (SiriusXM explicitly disclosed that $55 million of the $386 million term-loan balance was current.)
B14: Net debt / Adjusted EBITDA | C14: =3.6 -> 3.6 | D14: N/A | E14: N/A | F14: =F13/'Bear Case Forecast'!K43 -> 3.8677079 | H14: =F14 -> 3.8677079 | I14: =I13/'Bear Case Forecast'!L43 -> 3.7131506 | J14: =J13/'Bear Case Forecast'!M43 -> 3.4198142 | L14: • SiriusXM ended Q1 at 3.6x net debt/Adjusted EBITDA and stated that it expects to reach its long-term leverage range of the low-to-mid 3x range by Q4 2026. The company also reaffirmed approximately $2.6 billion of 2026 Adjusted EBITDA guidance.
B16: 10-Q Q1 2026
L23: Q1: Jan to Mar Q2: Apr to Jun Q3: Jul to Sept Q4: Oct to Dec
L27: Debt issued coupon payments
L28: Sirius XM 5.00% Senior Notes due 2027:$1.25bn | M28: =5%*1250 -> 62.5
L29: Sirius XM 4.00% Senior Notes due 2028: $2bn | M29: =4%*2000 -> 80
L30: Sirius XM 5.50% Senior Notes due 2029: $1.25bn | M30: =5.5%*1250 -> 68.75
L31: Sirius XM 4.125% Senior Notes due 2030: $1.5bn | M31: =4.125%*1500 -> 61.875
L32: Sirius XM 3.875% Senior Notes due 2031: $1.5bn | M32: =3.875%*1500 -> 58.125
L33: Debt issued coupon payments in 2026 | M33: -> | N33: =SUM(M28:M32) -> 331.25
L34: Debt issued coupon payments in 2027 | M34: -> | N34: =SUM(M29:M32) -> 268.75
L35: Debt issued coupon payments in 2028 | M35: -> | N35: =SUM(M30:M32) -> 188.75

Sheet Sheet18
B2: $m, except ratios | C2: 2026E | D2: 2027E | E2: 2028E
B3: Adjusted EBITDA | C3: 2600 | D3: 2661 | E3: 2741
B4: Cash flow from operations | C4: 1873 | D4: 1958 | E4: 1953
B5: Free cash flow | C5: 1350 | D5: 1500 | E5: 1545
B6: Total debt | C6: 9636 | D6: 8041 | E6: 6466
B7: Gross debt / EBITDA | C7: 3.71x | D7: 3.02x | E7: 2.36x
B8: EBITDA / cash interest | C8: 6.12x | D8: 6.89x | E8: 9.58x
B9: Dividends | C9: 365 | D9: 365 | E9: 365
B10: Share repurchases | C10: 22 | D10: — | E10: —

Sheet Sheet3
B2: Q1 2026 | C2: Adjusted EBITDA grew 6% to $666 million in the first quarter, driven by higher subscriber and advertising revenue as well as lower customer service, product and technology and general and administrative expenses.
C3: As we navigate a more dynamic macroeconomic backdrop our priorities remain clear: achieving our target leverage range of low-to-mid 3x and driving continued free cash flow growth toward our $1.5 billion2 2027 objective.
B7: Self-pay subscriber - A self-pay subscriber is a user that, as of the date of determination, was party to a customer agreement with SiriusXM or Pandora, and (i) has paid or
B8: agreed to pay a subscription fee, including at a promotional price, or (ii) the subscription fee has been paid by an automaker for a period of three years or greater. Lifetime
B9: subscribers to the SiriusXM service are counted as self-pay subscribers because they are party to a customer agreement with SiriusXM and have paid a subscription fee,
B10: although in almost all cases the revenue from such subscriptions have been fully recognized in prior periods. Certain users that are party to a customer agreement with
B11: Sirius XM or Pandora and have paid or agreed to pay a small promotional price for a trial subscription are not counted as self-pay subscribers because the promotional
B12: price is considered to be de minimis and, in management's view, the payment is not indicative of the user's intent to subscribe to the service in the near-term.
B13: Paid promotional subscriber - A paid promotional subscriber is a user that, as of the date of determination, has their subscription fee paid for by a third party, for a fixed
B14: trial subscription period, which typically range from one to twelve months but is less than three years. We count prepaid shipped but not activated vehicles as paid
B15: promotional subscribers.
B16: Monthly active users - the number of distinct registered users on the Pandora services, including subscribers, which have consumed content within the trailing 30 days to
B17: the end of the final calendar month of the period. The number of monthly active users on the Pandora services may overstate the number of unique individuals who actively
B18: use our Pandora service, as one individual may use multiple accounts. To become a registered user on the Pandora services, a person must sign-up using an email address
... B21: number of self-pay subscribers for the period.
B23: Pandora and Off-platform | C23: The majority of revenue from Pandora is generated from advertising on Pandora's ad-supported radio service. Pandora also derives subscription revenue from its Pandora
C24: Plus and Pandora Premium subscribers. Our Pandora and Off-platform business also sells advertising on other audio platforms and in widely distributed podcasts, which we
C25: consider to be off-platform services.
